Workbook

Sheet CONSOLIDADO HABILITADOS 
A1: CONSOLIDADO TÉCNICO | B1: 2. U COPERATIVA DE COLOMBIA | D1: 3. CONSORCIO BI COLOMBIA | F1: 4. UMERANI | H1: 5. CIDOR | J1: 6. UT SUPERSALUD POLCOLAN | L1: 7. U EAN | N1: 8. U CHICAMOCHA | P1: 9. U POLITECNICO | R1: 10. U SANTIAGO DE CALI | T1: 11. ESUMER | V1: 12. REMINGTON | X1: 13. U COMPENSAR | Z1: 14. CUN | AB1: 15. UT PIC 2024 | AD1: 16. SOCOLDES
B4: ESTADO | C4: OBSERVACIÓN | D4: ESTADO | E4: OBSERVACIÓN | F4: ESTADO | G4: OBSERVACIÓN | H4: ESTADO | I4: OBSERVACIÓN | J4: ESTADO | K4: OBSERVACIÓN | L4: ESTADO | M4: OBSERVACIÓN | N4: ESTADO | O4: OBSERVACIÓN | P4: ESTADO | Q4: OBSERVACIÓN | R4: ESTADO | S4: OBSERVACIÓN | T4: ESTADO | U4: OBSERVACIÓN | V4: ESTADO | W4: OBSERVACIÓN | X4: ESTADO | Y4: OBSERVACIÓN | Z4: ESTADO | AA4: OBSERVACIÓN | AB4: ESTADO | AC4: OBSERVACIÓN | AD4: ESTADO | AE4: OBSERVACIÓN
A5: EXPERIENCIA DEL PROPONENTE | B5: =+'2. COOPERATIVA'!BG21 -> NO CUMPLE | C5: NO HABILITADO | D5: =+'3. CONSORCIO BI'!BG23 -> SI CUMPLE | E5: HABILITADO | F5: =+'4. UMERANI'!BG20 -> SI CUMPLE | G5: HABILITADO | H5: =+'5. CIDOR'!BG22 -> NO CUMPLE | I5: NO HABILITADO | J5: =+'6. UT POLCOLAN'!BJ23 -> NO CUMPLE | K5: NO HABILITADO | L5: =+'7. EAN'!BG21 -> NO CUMPLE | M5: NO HABILITADO | N5: =+'8. CHICAMOCHA'!BG21 -> NO CUMPLE | O5: NO HABILITADO | P5: =+'9. POLITECNICO'!BG21 -> NO CUMPLE | Q5: NO HABILITADO | R5: =+'10. SANTIAGO CALI'!BG21 -> NO CUMPLE | S5: NO HABILITADO | T5: =+'11. ESUMER'!BG20 -> NO CUMPLE | U5: NO HABILITADO | V5: =+'12. REMINGTON'!BG20 -> NO CUMPLE | W5: NO HABILITADO | X5: =+'13. COMPENSAR'!BG19 -> SI CUMPLE | Y5: NO HABILITADO | Z5: =+'14. CUN'!BG21 -> NO CUMPLE | AA5: NO HABILITADO | AB5: =+'15. UTP PIC'!BJ22 -> NO CUMPLE | AC5: NO HABILITADO | AD5: =+'16. SOCOLDES'!BG19 -> NO CUMPLE | AE5: NO HABILITADO
A6: PERSONAL MÍMIMO REQUERIDO | B6: =+'2. COOPERATIVA'!BO31 -> NO CUMPLE | D6: =+'3. CONSORCIO BI'!BO37 -> SI CUMPLE | F6: =+'4. UMERANI'!BO28 -> SI CUMPLE | H6: =+'5. CIDOR'!BO29 -> SI CUMPLE | J6: =+'6. UT POLCOLAN'!BO41 -> SI CUMPLE | L6: =+'7. EAN'!BO39 -> NO CUMPLE | N6: =+'8. CHICAMOCHA'!BO28 -> NO CUMPLE | P6: =+'9. POLITECNICO'!BO30 -> SI CUMPLE | R6: =+'10. SANTIAGO CALI'!BO28 -> SI CUMPLE | T6: =+'11. ESUMER'!BL38 -> NO CUMPLE | V6: =+'12. REMINGTON'!BL28 -> NO CUMPLE | X6: =+'13. COMPENSAR'!BL27 -> NO CUMPLE | Z6: =+'14. CUN'!BL31 -> NO CUMPLE | AB6: =+'15. UTP PIC'!BO30 -> SI CUMPLE | AD6: =+'16. SOCOLDES'!BO29 -> NO CUMPLE
A7: SEDE | B7: =+'2. COOPERATIVA'!AE43 -> SI CUMPLE | D7: =+'3. CONSORCIO BI'!AE45 -> SI CUMPLE | F7: =+'4. UMERANI'!AE39 -> SI CUMPLE | H7: =+'5. CIDOR'!AE36 -> SI CUMPLE | J7: =+'6. UT POLCOLAN'!AE49 -> SI CUMPLE | L7: =+'7. EAN'!AE46 -> SI CUMPLE | N7: =+'8. CHICAMOCHA'!AE35 -> SI CUMPLE | P7: =+'9. POLITECNICO'!AE37 -> SI CUMPLE | R7: =+'10. SANTIAGO CALI'!AE35 -> NO CUMPLE | T7: =+'11. ESUMER'!AE46 -> NO CUMPLE | V7: =+'12. REMINGTON'!AE35 -> SI CUMPLE | X7: =+'13. COMPENSAR'!AE34 -> SI CUMPLE | Z7: =+'14. CUN'!AE38 -> NO CUMPLE | AB7: =+'15. UTP PIC'!AE34 -> NO CUMPLE | AD7: =+'16. SOCOLDES'!AE36 -> NO CUMPLE
A8: PROPUESTA TÉCNICA | B8: =+'2. COOPERATIVA'!J50 -> SI CUMPLE | D8: =+'3. CONSORCIO BI'!J52 -> SI CUMPLE | F8: =+'4. UMERANI'!J45 -> SI CUMPLE | H8: =+'5. CIDOR'!J43 -> SI CUMPLE | J8: =+'6. UT POLCOLAN'!J56 -> SI CUMPLE | L8: =+'7. EAN'!J53 -> SI CUMPLE | N8: =+'8. CHICAMOCHA'!J42 -> SI CUMPLE | P8: =+'9. POLITECNICO'!J44 -> SI CUMPLE | R8: =+'10. SANTIAGO CALI'!J42 -> SI CUMPLE | T8: =+'11. ESUMER'!J53 -> SI CUMPLE | V8: =+'12. REMINGTON'!J42 -> SI CUMPLE | X8: =+'13. COMPENSAR'!J41 -> SI CUMPLE | Z8: =+'14. CUN'!J45 -> SI CUMPLE | AB8: =+'15. UTP PIC'!J41 -> SI CUMPLE | AD8: =+'16. SOCOLDES'!J43 -> SI CUMPLE
A13: Nota.
A15: La presente evaluación se suscribe por el comité técnico designado por el ordenador del gasto
A27: Lorena Velasquez Grajales | C27: Camila Andrea Jaime de la Rosa
A28: Directora Talento Humano | C28: Coordinadora Grupo Desarrollo
A35: Yina Pattricia Mejia Rodriguez | C35: Alejandro Bojaca Barreto
A36: Profesional Especializado | C36: Profesional Especializado

Sheet GRUPO 1
A2: OBJETO | C2: Prestar los servicios de formación y capacitación a los funcionarios de la Superintendencia Nacional de Salud para fortalecer sus competencias, de acuerdo con lo identificado en el Plan Institucional de Capacitación para la vigencia 2024.
A3: GRUPO 1 | C3: Capacitaciones que son de carácter normativo:
A4: TEMATICAS | C4: 1. Actualización en Seguridad Social en salud. | L4: 4. Normatividad sobre gestores farmacéuticos. | W4: 7. Diplomado auditoria forense.
C5: 2. Gestión Financiera en el sector público. | L5: 5. Actualización normativa cobros persuasivos y coactivos. | W5: 8. Sistema Obligatorio de Garantía de la Calidad en Salud.
C6: 3. Actualización Normativa en la función Pública. | L6: 6. Derecho fundamental al debido proceso. | W6: 9. Manejo de recursos en el sector salud.
A8: NOMBRE DEL PROPONENTE
A9: NOMBRE DEL REPRESENTANTE LEGAL
A10: NIT
A11: MIPYME | G11: NO
A12: PRESUPUESTO OFICIAL | G12: 226.89
A14: 4.3.1. EXPERIENCIA DEL PROPONENTE
A16: E X P E R I E N C I A
A17: NUMERO CONTRATO | D17: CODIGO UNSPC | G17: ENTIDAD CONTRATANTE | Q17: FECHA INICIO | T17: FECHA FIN | W17: OBJETO CONTRACTUAL ("Prestar los servicios de formación y/o capacitación en cualquiera de las tematicas del grupo 1.") | AI17: CAPACITACION RELACIONADA | AL17: APORTA CERTIFICACION | AO17: EJECUTADA EN CONSORCIO O UNION TEMPORAL | AR17: PORCENTAJE DE PARTICIPACION | AU17: VALOR DEL CONTRATO (ser igual o superior a 226,89 SMMLV) | AX17: FOLIO INSCRIPCIÓN DEL CONTRATO EN EL RUP | BA17: RUP VIGENTE Y EN FIRME | BD17: FORMATO RELACIONES DE CERTIFICACIONES SI/ NO | BG17: CUMPLE SI/ NO | BJ17: OBSERVACIONES
D18: 80111500 86101600 86101700 86101800 86111500 86111600 86132000 86141500 86141700 | AU18: 0 | BG18: =+IF(AU21>=G12,"SI CUMPLE","NO CUMPLE") -> NO CUMPLE
D19: 80111500 86101600 86101700 86101800 86111500 86111600 86132000 86141500 86141700 | AU19: 0
D20: 80111500 86101600 86101700 86101800 86111500 86111600 86132000 86141500 86141700 | AU20: 0
AR21: SUMATORIA | AU21: =SUM(AU18:AW20) -> 0
A23: 4.3.2. PERSONAL MÍNIMO REQUERIDO:
A25: P E R S O N A L M I N I M O R E Q U R I D O .
A26: NOMBRES Y APELLIDOS | G26: HOJA DE VIDA SI /NO | J26: CEDULA CIUDADANIA | M26: TITULO PROFESIONAL | Q26: FECHA GRADO | T26: Copia de la Tarjeta o matricula profesional vigente | Y26: Certificado de vigencia de la tarjeta profesional | AD26: APORTA TITULO PROFESIONAL | AI26: NOMBRE O RAZON SOCIAL DEL CONTRATANTE | AN26: CERTIFICADO CUMPLE (cargo y/o rol específico y/o objeto, funciones y/o obligaciones y/o actividades desempeñadas relacionadas con el perfil, y el tiempo laborado y/o de ejecución | AS26: CERTIFICA MISMO PROPONENTE | AV26: APORTA CONTRATO | AY26: APORTA FORMATO EQUIPO DE TRABAJO | BA26: FECHA INICIO | BD26: FECHA FIN | BG26: AÑO | BH26: MES | BI26: DIA | BJ26: TOTAL TIEMPO EXPERIENCIA | BL26: CUMPLE SI/ NO | BO26: OBSERVACIONES
G27: NO | J27: NO | Y27: SI | AD27: SI | BA27: 44927 | BD27: 45366 | BG27: =DATEDIF(BA27,BD27,"Y") -> 1 | BH27: =DATEDIF(BA27,BD27,"YM") -> 2 | BI27: =DATEDIF(BA27,BD27,"MD") -> 14 | BL27: =+IF(BH31>=24,"SI CUMPLE","NO CUMPLE") -> SI CUMPLE
BE31: TOTAL MESES | BH31: 24
A33: 4.3.3. SEDES
A35: S E D E S
A36: SEDE | G36: DOCUMENTO SOPORTE | M36: EXPEDIDO | Q36: FECHA EXPEDICION | U36: ÚBICACIÓN DEL INMUEBLE | Y36: BOGOTA | AB36: CUMPLE | AE36: CUMPLE SI/ NO | AH36: OBSERVACIONES
A37: PROPIA | Y37: SI | AB37: SI | AE37: =+IF(AB37="SI","SI CUMPLE","NO CUMPLE") -> SI CUMPLE
A40: 4.3.4. PROPUESTA TÉCNICA
A42: P R O P U E S T A T E C N I C A
A43: ANEXO TÉCNICO – FICHA DE ESPECIFICACIONES TÉCNICAS MÍNIMAS. | G43: CUMPLE | J43: CUMPLE SI/ NO | M43: OBSERVACIONES
A44: El proponente con la suscripción de la Carta de Presentación manifiesta que ha leído entiende, acepta y cumplirá todos los requerimientos establecidos en el Anexo No. 1 Especificaciones Técnicas Mínimas, para realizar todas las actividades y entregables descritos en el citado documento. | G44: NO | J44: =+IF(G44="SI","SI CUMPLE","NO CUMPLE") -> NO CUMPLE | M44: El proponente aporta FORMATO N° 1 DE CARTA DE PRESENTACION DE LA OFERTA en el cual en el literal D "Manifiesta que he leído entiendo, acepto y cumpliré todos los requerimientos establecidos en el ANEXO 1 - FICHA TÉCNICA, para realizar todas las actividades y entregables descritos en el citado documento"

Sheet 2. COOPERATIVA
A1: CONSOLIDADO
A2: OBJETO | C2: Prestar los servicios de formación y capacitación a los funcionarios de la Superintendencia Nacional de Salud para fortalecer sus competencias, de acuerdo con lo identificado en el Plan Institucional de Capacitación para la vigencia 2024.
A3: GRUPO 1 | C3: Capacitaciones que son de carácter normativo:
A4: TEMATICAS | C4: 1. Actualización en Seguridad Social en salud. | L4: 4. Normatividad sobre gestores farmacéuticos. | W4: 7. Diplomado auditoria forense.
C5: 2. Gestión Financiera en el sector público. | L5: 5. Actualización normativa cobros persuasivos y coactivos. | W5: 8. Sistema Obligatorio de Garantía de la Calidad en Salud.
C6: 3. Actualización Normativa en la función Pública. | L6: 6. Derecho fundamental al debido proceso. | W6: 9. Manejo de recursos en el sector salud.
A8: NOMBRE DEL PROPONENTE | G8: UNIVERSIDAD COOPERATIVA DE COLOMBIA
A9: NOMBRE DEL REPRESENTANTE LEGAL | G9: MARITZA RONDON
A10: NIT | G10: 860.029.924-7
A11: MIPYME | G11: NO APLICA
A12: PRESUPUESTO OFICIAL | G12: 226.89
A14: 4.3.1. EXPERIENCIA DEL PROPONENTE
A16: E X P E R I E N C I A
A17: NUMERO CONTRATO | D17: CODIGO UNSPC | G17: ENTIDAD CONTRATANTE | Q17: FECHA INICIO | T17: FECHA FIN | W17: OBJETO CONTRACTUAL ("Prestar los servicios de formación y/o capacitación en cualquiera de las tematicas del grupo 1.") | AI17: CAPACITACION RELACIONADA | AL17: APORTA CERTIFICACION | AO17: EJECUTADA EN CONSORCIO O UNION TEMPORAL | AR17: PORCENTAJE DE PARTICIPACION | AU17: VALOR DEL CONTRATO (ser igual o superior a 226,89 SMMLV) | AX17: FOLIO INSCRIPCIÓN DEL CONTRATO EN EL RUP | BA17: RUP VIGENTE Y EN FIRME | BD17: FORMATO RELACIONES DE CERTIFICACIONES SI/ NO | BG17: CUMPLE SI/ NO | BJ17: OBSERVACIONES
A18: 209 | D18: 80111500 86101600 86101700 86101800 86111500 86111600 86132000 86141500 86141700 | G18: ASOCIACION COLOMBIANA DE COOPERATIVAS SIGLAS ASCOOP | Q18: 43665 | T18: 43798 | W18: El Contratista, Se Obliga Para Con El Contratante A Ejecutar Un Programa De Formación Continua Especializada, Identificada Para El Personal Vinculado A Las Organizaciones Asociadas A Ascoop, Y Su Cadena Productiva En Los Niveles Alta Dirección, Medio Y Operativo En La Siguiente Acción De Formación: • Diplomado Virtual: Herramientas Pedagógicas Para El Aprovechamiento De Las Tic En El Aula. • Diplomado Virtual: Fortalecimiento De Organizaciones De Economía Social Y Solidaria En Colombia Entorno A Las Tic. • Curso Presencial: Gestión De Proyectos De Impacto Local, Regional Y Nacional Con Énfasis En Los Focos CTE”. | AI18: NO CUMPLE | AL18: SI | AO18: NO | AR18: NO APLICA | AU18: 1031.96 | AX18: 129 | BA18: SI | BD18: SI | BG18: =+IF(AU21>=G12,"SI CUMPLE","NO CUMPLE") -> NO CUMPLE | BJ18: El proponente aportó Certificado de experiencia que NO Cumple con las temáticas del Grupo. SUBSANANCIÓN: Deberá aportar el Certificado de Experiencia y acreditar la experiencia conforme a lo establecido en el pliego de condiciones, numeral 4.3.1 EXPERIENCIA.
A19: 903-2023 | D19: 80111500 86101600 86101700 86101800 86111500 86111600 86132000 86141500 86141700 | G19: SECRETARIA DE SALUD DE CUNDINAMARCA DEPARTAMENTO DE CUNDINAMARCA | Q19: 45152 | T19: 45275 | W19: “Realizar Un Diplomado En Verificación De Condiciones De Habilitación, Como Componente Del Sistema Obligatorio De Garantías De La Calidad En Salud Para Los Funcionarios De La Secretaria De Salud | AI19: SI CUMPLE | AL19: NO | AO19: NO | AR19: NO APLICA | AU19: 81.46 | AX19: 226 | BA19: SI | BD19: SI | BG19: NO CUMPLE | BJ19: El proponente no aportó Certificado de experiencia y por el contrario aportó un contrato con un acta de liquidación de la Secretaría de Salud de Cundinamarca, con la cual NO CUMPLE con el requisito, toda vez que se debe aportar es el Certificado de Experiencia donde se evidencie la información de la Nota 2, del numeral 4.3.1 Experiencia. SUBSANANCIÓN: Deberá aportar el Certificado de Experiencia conforme a lo establecido en el pliego de condiciones, numeral 4.3.1 EXPERIENCIA. NOTA: Así mismo debe tener en cuenta que para el presente caso, se está acreditando la misma experiencia para los dos grupos. Por lo tanto, la suma de las certificaciones aportadas debe ser el valor total de presupuesto oficial en Salarios Mínimos Legales Mensuales Vigentes, es decir 479,60. Lo anterior, en cumplimiento a la NOTA 3: Para acreditar la experiencia el proponente podrá aportar mínimo uno (1) y máximo tres (3) contratos para cada uno de los grupos o lotes, o podrá aportar los mismos para todos los grupos o lotes siempre y cuando cumplan con todas las condiciones establecidas para cada grupo. En la verificación del número de contratos frente al presupuesto oficial, el valor a certificar debe ser con relación al valor del presupuesto oficial del respectivo grupo o lote expresado en SMMLV, si se presenta para los dos grupos, será la sumatoria de los dos grupos a presentarse.
A20: 418 DE 2022 | D20: 80111500 86101600 86101700 86101800 86111500 86111600 86132000 86141500 86141700 | G20: ESCUELA DE FORMACION DEL INPEC | Q20: NO SE EVIDENCIA PORQUE ES UN ACTA DE RECIBO PARCIAL | T20: NO SE EVIDENCIA PORQUE ES UN ACTA DE RECIBO PARCIAL | W20: Contratar La Capacitación Para Los Servidores Públicos Penitenciarios Del INPEC, Mediante La Modalidad De Diplomado, Conforme La Necesidad Presentada En El Plan Institucional De Capacitación Para La Vigencia 2022 | AI20: SI CUMPLE | AL20: NO | AO20: NO | AR20: NO APLICA | AU20: 285 | AX20: 195 | BA20: SI | BD20: SI | BG20: NO CUMPLE | BJ20: El proponente no aportó Certificado de experiencia y por el contrario aportó el contrato con un acta de recibo parcial de la Escuela de Formación del INPEC, con la cual NO CUMPLE con el requisito, toda vez que se debe aportar es el Certificado de Experiencia donde se evidencie la información de la Nota 2, del numeral 4.3.1 Experiencia. Por lo tanto, no se puede tener en cuenta esta experiencia. SUBSANANCIÓN: Deberá aportar el Certificado de Experiencia conforme a lo establecido en el pliego de condiciones, numeral 4.3.1 EXPERIENCIA. NOTA: Así mismo debe tener en cuenta que para el presente caso, se está acreditando la misma experiencia para los dos grupos. Por lo tanto, la suma de las certificaciones aportadas debe ser el valor total de presupuesto oficial en Salarios Mínimos Legales Mensuales Vigentes, es decir 479,60. Lo anterior, en cumplimiento a la NOTA 3: Para acreditar la experiencia el proponente podrá aportar mínimo uno (1) y máximo tres (3) contratos para cada uno de los grupos o lotes, o podrá aportar los mismos para todos los grupos o lotes siempre y cuando cumplan con todas las condiciones establecidas para cada grupo. En la verificación del número de contratos frente al presupuesto oficial, el valor a certificar debe ser con relación al valor del presupuesto oficial del respectivo grupo o lote expresado en SMMLV, si se presenta para los dos grupos, será la sumatoria de los dos grupos a presentarse.
AR21: SUMATORIA | AU21: 0 | BG21: NO CUMPLE
A23: 4.3.2. PERSONAL MÍNIMO REQUERIDO:
A25: P E R S O N A L M I N I M O R E Q U R I D O .
A26: NOMBRES Y APELLIDOS | G26: HOJA DE VIDA SI /NO | J26: CEDULA CIUDADANIA | M26: TITULO PROFESIONAL | Q26: FECHA GRADO | T26: Copia de la Tarjeta o matricula profesional vigente | Y26: Certificado de vigencia de la tarjeta profesional | AD26: APORTA TITULO PROFESIONAL | AI26: NOMBRE O RAZON SOCIAL DEL CONTRATANTE | AN26: CERTIFICADO CUMPLE (cargo y/o rol específico y/o objeto, funciones y/o obligaciones y/o actividades desempeñadas relacionadas con el perfil, y el tiempo laborado y/o de ejecución | AS26: EXPERIENCIA RELACIONADA COMO COORDINADOR | AV26: CERTIFICA MISMO PROPONENTE | AY26: APORTA CONTRATO | BB26: APORTA FORMATO EQUIPO DE TRABAJO | BD26: FECHA INICIO | BG26: FECHA FIN | BJ26: AÑO | BK26: MES | BL26: DIA | BM26: TOTAL TIEMPO EXPERIENCIA | BO26: CUMPLE SI/ NO | BR26: OBSERVACIONES
A27: RUBEN DARIO GIRALDO GOMEZ | G27: SI | J27: SI | M27: Ingeniero Industrial | Q27: 38693 | T27: SI | Y27: NO | AD27: SI | AI27: Universidad Autonóma Latinoamericana | AN27: NO | AS27: NO | AV27: NO | AY27: NO APLICA | BB27: SI | BD27: 43252 | BG27: 43982 | BJ27: =DATEDIF(BD27,BG27,"Y") -> 1 | BK27: =DATEDIF(BD27,BG27,"YM") -> 11 | BL27: =DATEDIF(BD27,BG27,"MD") -> 30 | BO27: =+IF(BH29>=24,"SI CUMPLE","NO CUMPLE") -> NO CUMPLE | BR27: Para el coordinador propuesto: No se aportó el certificado de vigencia de la tarjeta profesional, El certificado de experiencia de Universidad Autónoma Latinoamericana, no tiene funciones, obligaciones o actividades, que puedan permitir verificar experiencia relacionada exigida. SUBSANACIÓN: Deberá aportar: Certificado de vigencia de la tarjeta profesional. Acreditar la experiencia del coordinador de acuerdo con lo establecido en la observación anterior y cumpliendo con 4.3.2 EQUIPO DE TRABAJO MÍNIMO HABILITANTE.
AI28: Universidad Cooperativa de Colombia | AN28: NO | AS28: NO | AV28: SI | AY28: NO | BB28: SI | BD28: 44823 | BG28: 45449 | BJ28: =DATEDIF(BD28,BG28,"Y") -> 1 | BK28: =DATEDIF(BD28,BG28,"YM") -> 8 | BL28: =DATEDIF(BD28,BG28,"MD") -> 18 | BO28: =+IF(BH30>=24,"SI CUMPLE","NO CUMPLE") -> NO CUMPLE | BR28: Para el coordinador propuesto: No se aportó el certificado de vigencia de la tarjeta profesional, El certificado de experiencia de la Universidad Cooperativa de Colombia, no tiene funciones, obligaciones o actividades, que puedan permitir verificar experiencia relacionada exigida. Así mismo, al ser certificado por el mismo proponente deberá adjuntarse adicionalmente copia del respectivo contrato celebrado con el profesional propuesto y/o el contrato del proyecto en el cual el profesional ejecutó su actividad. SUBSANACIÓN: Deberá aportar: Certificado de vigencia de la tarjeta profesional Acreditar la experiencia del coordinador de acuerdo con lo establecido en la observación anterior y cumpliendo con 4.3.2 EQUIPO DE TRABAJO MÍNIMO HABILITANTE.
BJ29: =SUM(BJ23:BJ28) -> 2 | BK29: =SUM(BK23:BK28) -> 19 | BL29: =SUM(BL23:BL28) -> 48
BJ30: =+BJ29*12 -> 24 | BK30: =+BK29 -> 19 | BL30: =+BL29/30 -> 1.6
A31: 4.3.3. SEDES | BH31: TOTAL | BJ31: =+BJ30+BK30+BL30 -> 44.6 | BK31: MESES | BO31: NO CUMPLE
A33: S E D E S
A34: SEDE | G34: DOCUMENTO SOPORTE | M34: EXPEDIDO | Q34: FECHA EXPEDICION | U34: ÚBICACIÓN DEL INMUEBLE | Y34: BOGOTA | AB34: CUMPLE | AE34: CUMPLE SI/ NO | AH34: OBSERVACIONES
A35: PROPIA | G35: CERTIFICADO DE TRADICION Y LIBERTAD | M35: OFICINA DE REGISTRO E INTRUMENTOS PUBLICOS ZONA CENTRO | Q35: 45497 | U35: BOGOTA | Y35: SI | AB35: SI | AE35: =+IF(AB35="SI","SI CUMPLE","NO CUMPLE") -> SI CUMPLE | AH35: 50 C - 1470770
A36: PROPIA | G36: CERTIFICADO DE TRADICION Y LIBERTAD | M36: OFICINA DE REGISTRO E INTRUMENTOS PUBLICOS ZONA CENTRO | Q36: 45497 | U36: BOGOTA | Y36: SI | AB36: SI | AE36: =+IF(AB36="SI","SI CUMPLE","NO CUMPLE") -> SI CUMPLE | AH36: 50 C - 37952
A37: PROPIA | G37: CERTIFICADO DE TRADICION Y LIBERTAD | M37: OFICINA DE REGISTRO E INTRUMENTOS PUBLICOS ZONA CENTRO | Q37: 45497 | U37: BOGOTA | Y37: SI | AB37: SI | AE37: =+IF(AB37="SI","SI CUMPLE","NO CUMPLE") -> SI CUMPLE | AH37: 50 C - 37954
A38: PROPIA | G38: CERTIFICADO DE TRADICION Y LIBERTAD | M38: OFICINA DE REGISTRO E INTRUMENTOS PUBLICOS ZONA CENTRO | Q38: 45497 | U38: BOGOTA | Y38: SI | AB38: SI | AE38: =+IF(AB38="SI","SI CUMPLE","NO CUMPLE") -> SI CUMPLE | AH38: 50 C - 37956
A39: PROPIA | G39: CERTIFICADO DE TRADICION Y LIBERTAD | M39: OFICINA DE REGISTRO E INTRUMENTOS PUBLICOS ZONA CENTRO | Q39: 45497 | U39: BOGOTA | Y39: SI | AB39: SI | AE39: =+IF(AB39="SI","SI CUMPLE","NO CUMPLE") -> SI CUMPLE | AH39: 50 C - 37958
A40: PROPIA | G40: CERTIFICADO DE TRADICION Y LIBERTAD | M40: OFICINA DE REGISTRO E INTRUMENTOS PUBLICOS ZONA CENTRO | Q40: 45497 | U40: BOGOTA | Y40: SI | AB40: SI | AE40: =+IF(AB40="SI","SI CUMPLE","NO CUMPLE") -> SI CUMPLE | AH40: 50 C - 151554
A41: PROPIA | G41: CERTIFICADO DE TRADICION Y LIBERTAD | M41: OFICINA DE REGISTRO E INTRUMENTOS PUBLICOS ZONA CENTRO | Q41: 45497 | U41: BOGOTA | Y41: SI | AB41: SI | AE41: =+IF(AB41="SI","SI CUMPLE","NO CUMPLE") -> SI CUMPLE | AH41: 50 C - 1526522
A42: PROPIA | G42: CERTIFICADO DE TRADICION Y LIBERTAD | M42: OFICINA DE REGISTRO E INTRUMENTOS PUBLICOS ZONA CENTRO | Q42: 45497 | U42: BOGOTA | Y42: SI | AB42: SI | AE42: =+IF(AB42="SI","SI CUMPLE","NO CUMPLE") -> SI CUMPLE | AH42: 50 C - 1526521
AE43: SI CUMPLE
A45: 4.3.4. PROPUESTA TÉCNICA
A47: P R O P U E S T A T E C N I C A
A48: ANEXO TÉCNICO – FICHA DE ESPECIFICACIONES TÉCNICAS MÍNIMAS. | G48: CUMPLE | J48: CUMPLE SI/ NO | M48: OBSERVACIONES
A49: El proponente con la suscripción de la Carta de Presentación manifiesta que ha leído entiende, acepta y cumplirá todos los requerimientos establecidos en el Anexo No. 1 Especificaciones Técnicas Mínimas, para realizar todas las actividades y entregables descritos en el citado documento. | G49: SI | J49: =+IF(G49="SI","SI CUMPLE","NO CUMPLE") -> SI CUMPLE | M49: El proponente aporta FORMATO N° 1 DE CARTA DE PRESENTACION DE LA OFERTA en el cual en el literal D "Manifiesta que he leído entiendo, acepto y cumpliré todos los requerimientos establecidos en el ANEXO 1 - FICHA TÉCNICA, para realizar todas las actividades y entregables descritos en el citado documento"
J50: SI CUMPLE

Sheet 3. CONSORCIO BI
A1: CONSOLIDADO
A2: OBJETO | C2: Prestar los servicios de formación y capacitación a los funcionarios de la Superintendencia Nacional de Salud para fortalecer sus competencias, de acuerdo con lo identificado en el Plan Institucional de Capacitación para la vigencia 2024.
A3: GRUPO 1 | C3: Capacitaciones que son de carácter normativo:
A4: TEMATICAS | C4: 1. Actualización en Seguridad Social en salud. | L4: 4. Normatividad sobre gestores farmacéuticos. | W4: 7. Diplomado auditoria forense.
C5: 2. Gestión Financiera en el sector público. | L5: 5. Actualización normativa cobros persuasivos y coactivos. | W5: 8. Sistema Obligatorio de Garantía de la Calidad en Salud.
C6: 3. Actualización Normativa en la función Pública. | L6: 6. Derecho fundamental al debido proceso. | W6: 9. Manejo de recursos en el sector salud.
A8: NOMBRE DEL PROPONENTE | G8: CONSORCIO BI COLOMBIA
A9: NOMBRE DEL REPRESENTANTE LEGAL | G9: ROBERTO GARCIA BETANCUR | U9: BETA GROUP COLOMBIA SAS (50%) | AF9: INSTITUTO COLOMBIANO DE APRENDIZAJE INCAP SAS (50%)
A10: NIT | U10: 901.660.147-3 | AF10: 800.216.673-7
A11: MIPYME | U11: PEQUEÑA EMPRESA | AF11: MEDIANA EMPRESA
A12: PRESUPUESTO OFICIAL | G12: 226.89
A14: 4.3.1. EXPERIENCIA DEL PROPONENTE
A16: E X P E R I E N C I A
A17: NUMERO CONTRATO | D17: CODIGO UNSPC | G17: ENTIDAD CONTRATANTE | Q17: FECHA INICIO | T17: FECHA FIN | W17: OBJETO CONTRACTUAL ("Prestar los servicios de formación y/o capacitación en cualquiera de las tematicas del grupo 1.") | AI17: CAPACITACION RELACIONADA | AL17: APORTA CERTIFICACION | AO17: EJECUTADA EN CONSORCIO O UNION TEMPORAL | AR17: PORCENTAJE DE PARTICIPACION | AU17: VALOR DEL CONTRATO EJECUTADO | AX17: VALOR DEL CONTRATO (ser igual o superior a 226,89 SMMLV) | BA17: NUMERO DE INSCRIPCION EN EL RUP | BD17: RUP VIGENTE Y EN FIRME | BG17: FORMATO RELACIONES DE CERTIFICACIONES SI/ NO | BJ17: CUMPLE SI/ NO | BM17: OBSERVACIONES
A18: EXPERIENCIA APORTADA POR: BETA GROUP COLOMBIA SAS (50%)
A19: SC 0349-18 | D19: 80111500 86101600 86101700 86101800 86111500 86111600 86132000 86141500 86141700 | G19: AGENCIA DE RENOVACIÓN DEL TERRITORIO ART | Q19: 43241 | T19: 43465 | W19: Diseñar, implementar y validar la metodología y herramientas para fortalecer las capacidades de instituciones públicas y organizaciones sociales, comunitarias y productivas rurales con enfoque territorial que sean estratégicas para el desarrollo del PDET. | AI19: SI CUMPLE | AL19: SI | AO19: NO | AR19: NO APLICA | AU19: 2466.82 | AX19: =AU19*50/100 -> 1233.41 | BA19: 7 | BD19: SI | BG19: SI CUMPLE | BJ19: SI
A20: EXPERIENCIA APORTADA POR: INSTITUTO COLOMBIANO DE APRENDIZAJE INCAP SAS (50%)
A21: 098-2015 | D21: 80111500 86101600 86101700 86101800 86111500 86111600 86132000 86141500 86141700 | G21: SERVICIO NACIONAL DE APRENDIZAJE SENA | Q21: 42171 | T21: 42536 | W21: Realizar acciones de formación aunando esfuerzos, capacidades y conocimientos para el desarrollo de programas de formación profesional integral, en el marco del Programa Ampliación de Cobertura, con el fin de formar un mayor número de colombianos. | AI21: SI CUMPLE | AL21: SI | AO21: NO | AR21: NO APLICA | AU21: 1747.66 | AX21: =AU21*50/100 -> 873.83 | BA21: 4 | BD21: SI | BG21: SI CUMPLE | BJ21: NO
A22: 034-2009 | D22: 80111500 86101600 86101700 86101800 86111500 86111600 86132000 86141500 86141700 | G22: SERVICIO NACIONAL DE APRENDIZAJE SENA | Q22: 40168 | T22: 40502 | W22: Articulación de acciones, esfuerzos, capacidades y conocimientos para el desarrollo conjunto de programas de formación en los niveles de técnico y tecnólogo con programas innovadores en torno a la formación de jóvenes desempleados en la ciudad de Manizales, de tal forma que se actualicen y refuercen las competencias laborales de los beneficiarios, anticipándose a las necesidades del sector productivo y del país para su desarrollo competitivo. | AI22: SI CUMPLE | AL22: SI | AO22: NO | AR22: NO APLICA | AU22: 137.46 | AX22: =AU22*50/100 -> 68.73 | BA22: 6 | BD22: SI | BG22: SI CUMPLE | BJ22: NO
AR23: SUMATORIA | AU23: =SUM(AX19:AZ22) -> 2175.97 | BG23: SI CUMPLE
A25: 4.3.2. PERSONAL MÍNIMO REQUERIDO:
A27: P E R S O N A L M I N I M O R E Q U R I D O .
A28: NOMBRES Y APELLIDOS | G28: HOJA DE VIDA SI /NO | J28: CEDULA CIUDADANIA | M28: TITULO PROFESIONAL | Q28: FECHA GRADO | T28: Copia de la Tarjeta o matricula profesional vigente | Y28: Certificado de vigencia de la tarjeta profesional | AD28: APORTA TITULO PROFESIONAL | AI28: NOMBRE O RAZON SOCIAL DEL CONTRATANTE | AN28: CERTIFICADO CUMPLE (cargo y/o rol específico y/o objeto, funciones y/o obligaciones y/o actividades desempeñadas relacionadas con el perfil, y el tiempo laborado y/o de ejecución | AS28: EXPERIENCIA RELACIONADA COMO COORDINADOR | AV28: CERTIFICA MISMO PROPONENTE | AY28: APORTA CONTRATO | BB28: APORTA FORMATO EQUIPO DE TRABAJO | BD28: FECHA INICIO | BG28: FECHA FIN | BJ28: AÑO | BK28: MES | BL28: DIA | BM28: TOTAL TIEMPO EXPERIENCIA | BO28: CUMPLE SI/ NO | BR28: OBSERVACIONES
A29: María Lourdes Martínez Sarmiento | G29: SI | J29: SI | M29: Licenciada en comercio y contaduria | Q29: 35860 | T29: N/A | Y29: NO APLICA | AD29: SI | AI29: Centro Comercial de Educación Media Margarita Bosco | AN29: SI | AS29: SI | AV29: NO | AY29: NO APLICA | BB29: SI | BD29: 34366 | BG29: 34668 | BJ29: =DATEDIF(BD29,BG29,"Y") -> 0 | BK29: =DATEDIF(BD29,BG29,"YM") -> 9 | BL29: =DATEDIF(BD29,BG29,"MD") -> 29 | BO29: SI CUMPLE
BD30: 34731 | BG30: 35033 | BJ30: =DATEDIF(BD30,BG30,"Y") -> 0 | BK30: =DATEDIF(BD30,BG30,"YM") -> 9 | BL30: =DATEDIF(BD30,BG30,"MD") -> 29 | BO30: SI CUMPLE
BD31: 35827 | BG31: 36129 | BJ31: =DATEDIF(BD31,BG31,"Y") -> 0 | BK31: =DATEDIF(BD31,BG31,"YM") -> 9 | BL31: =DATEDIF(BD31,BG31,"MD") -> 29 | BO31: SI CUMPLE
BD32: 36192 | BG32: 36494 | BJ32: =DATEDIF(BD32,BG32,"Y") -> 0 | BK32: =DATEDIF(BD32,BG32,"YM") -> 9 | BL32: =DATEDIF(BD32,BG32,"MD") -> 29 | BO32: SI CUMPLE
BD33: 36557 | BG33: 36860 | BJ33: =DATEDIF(BD33,BG33,"Y") -> 0 | BK33: =DATEDIF(BD33,BG33,"YM") -> 9 | BL33: =DATEDIF(BD33,BG33,"MD") -> 29 | BO33: SI CUMPLE
BD34: 36923 | BG34: 37225 | BJ34: =DATEDIF(BD34,BG34,"Y") -> 0 | BK34: =DATEDIF(BD34,BG34,"YM") -> 9 | BL34: =DATEDIF(BD34,BG34,"MD") -> 29 | BO34: SI CUMPLE
BD35: 37288 | BG35: 37590 | BJ35: =DATEDIF(BD35,BG35,"Y") -> 0 | BK35: =DATEDIF(BD35,BG35,"YM") -> 9 | BL35: =DATEDIF(BD35,BG35,"MD") -> 29 | BO35: SI CUMPLE
BD36: 37653 | BG36: 37955 | BJ36: =DATEDIF(BD36,BG36,"Y") -> 0 | BK36: =DATEDIF(BD36,BG36,"YM") -> 9 | BL36: =DATEDIF(BD36,BG36,"MD") -> 29 | BO36: SI CUMPLE
BO37: SI CUMPLE
A39: 4.3.3. SEDES
A41: S E D E S
A42: SEDE | G42: DOCUMENTO SOPORTE | M42: EXPEDIDO | Q42: FECHA EXPEDICION | U42: ÚBICACIÓN DEL INMUEBLE | Y42: BOGOTA | AB42: CUMPLE | AE42: CUMPLE SI/ NO | AH42: OBSERVACIONES
A43: PROPIA | G43: CERTIFICADO DE TRADICION Y LIBERTAD | M43: BOGOTA | Q43: 45490 | U43: BOGOTA | Y43: SI | AB43: SI | AE43: SI CUMPLE
A44: PROPIA | G44: CERTIFICADO DE TRADICION Y LIBERTAD | M44: BOGOTA | Y44: SI | AB44: SI | AE44: =+IF(AB44="SI","SI CUMPLE","NO CUMPLE") -> SI CUMPLE
AE45: SI CUMPLE
A47: 4.3.4. PROPUESTA TÉCNICA
A49: P R O P U E S T A T E C N I C A
A50: ANEXO TÉCNICO – FICHA DE ESPECIFICACIONES TÉCNICAS MÍNIMAS. | G50: CUMPLE | J50: CUMPLE SI/ NO | M50: OBSERVACIONES
A51: El proponente con la suscripción de la Carta de Presentación manifiesta que ha leído entiende, acepta y cumplirá todos los requerimientos establecidos en el Anexo No. 1 Especificaciones Técnicas Mínimas, para realizar todas las actividades y entregables descritos en el citado documento. | G51: SI | J51: =+IF(G51="SI","SI CUMPLE","NO CUMPLE") -> SI CUMPLE | M51: El proponente aporta FORMATO N° 1 DE CARTA DE PRESENTACION DE LA OFERTA en el cual en el literal D "Manifiesta que he leído entiendo, acepto y cumpliré todos los requerimientos establecidos en el ANEXO 1 - FICHA TÉCNICA, para realizar todas las actividades y entregables descritos en el citado documento"
J52: SI CUMPLE

Sheet 4. UMERANI
A1: CONSOLIDADO
A2: OBJETO | C2: Prestar los servicios de formación y capacitación a los funcionarios de la Superintendencia Nacional de Salud para fortalecer sus competencias, de acuerdo con lo identificado en el Plan Institucional de Capacitación para la vigencia 2024.
A3: GRUPO 1 | C3: Capacitaciones que son de carácter normativo:
A4: TEMATICAS | C4: 1. Actualización en Seguridad Social en salud. | L4: 4. Normatividad sobre gestores farmacéuticos. | W4: 7. Diplomado auditoria forense.
C5: 2. Gestión Financiera en el sector público. | L5: 5. Actualización normativa cobros persuasivos y coactivos. | W5: 8. Sistema Obligatorio de Garantía de la Calidad en Salud.
C6: 3. Actualización Normativa en la función Pública. | L6: 6. Derecho fundamental al debido proceso. | W6: 9. Manejo de recursos en el sector salud.
A8: NOMBRE DEL PROPONENTE | G8: FUNDACIÓN DE EDUCACIÓN SUPERIOR ALBERTO MERANI
A9: NOMBRE DEL REPRESENTANTE LEGAL | G9: JUAN SEBASTIAN DE ZUBIRIA RAGO
A10: NIT | G10: 900.019.885-1
A11: MIPYME | G11: NO APLICA
A12: PRESUPUESTO OFICIAL | G12: 226.89
A14: 4.3.1. EXPERIENCIA DEL PROPONENTE
A16: E X P E R I E N C I A
A17: NUMERO CONTRATO | D17: CODIGO UNSPC | G17: ENTIDAD CONTRATANTE | Q17: FECHA INICIO | T17: FECHA FIN | W17: OBJETO CONTRACTUAL ("Prestar los servicios de formación y/o capacitación en cualquiera de las tematicas del grupo 1.") | AI17: CAPACITACION RELACIONADA | AL17: APORTA CERTIFICACION | AO17: EJECUTADA EN CONSORCIO O UNION TEMPORAL | AR17: PORCENTAJE DE PARTICIPACION | AU17: VALOR DEL CONTRATO (ser igual o superior a 226,89 SMMLV) | AX17: NÚMERO DE CONSECUTIVO EN EL RUP | BA17: RUP VIGENTE Y EN FIRME | BD17: FORMATO RELACIONES DE CERTIFICACIONES SI/ NO | BG17: CUMPLE SI/ NO | BJ17: OBSERVACIONES
A18: 2021-10980 | D18: 80111500 86101600 86101700 86101800 86111500 86111600 86132000 86141500 86141700 | G18: SECRETARIA DISTRITAL DE INTEGRACIÓN SOCIAL | Q18: 44239 | T18: 44772 | W18: Prestación de servicios de capacitación a los servidores de la Secretaria Distrital de Integración Social, en pro del fortalecimiento institucional. | AI18: SI CUMPLE | AL18: SI | AO18: NO | AR18: NO APLICA | AU18: 378.15 | AX18: 30 | BA18: SI | BD18: SI | BG18: =+IF(AU20>=G12,"SI CUMPLE","NO CUMPLE") -> SI CUMPLE
A19: 2019-8342 | D19: 80111500 86101600 86101700 86101800 86111500 86111600 86132000 86141500 86141700 | G19: SECRETARÍA DISTRITAL DE INTEGRACIÓN SOCIAL | Q19: 43668 | T19: 43851 | W19: PRESTACIÓN DE SERVICIOS DE CAPACITACIÓN A LOS SERVIDORES DE LA SECRETARÍA DISTRITAL DE INTEGRACIÓN SOCIAL, A TRAVÉS DE DIPLOMADOS DE ACTUALIZACIÓN VIRTUALES Y PRESENCIALES EN PRO DEL FORTALECIMIENTO INSTITUCIONAL | AI19: SI CUMPLE | AL19: SI | AO19: NO | AR19: NO APLICA | AU19: 284.31 | AX19: 25 | BA19: SI | BD19: SI | BG19: =+IF(AU21>=G13,"SI CUMPLE","NO CUMPLE") -> SI CUMPLE
AR20: SUMATORIA | AU20: =SUM(AU18:AW19) -> 662.46 | BG20: SI CUMPLE
A22: 4.3.2. PERSONAL MÍNIMO REQUERIDO:
A24: P E R S O N A L M I N I M O R E Q U R I D O .
A25: NOMBRES Y APELLIDOS | G25: HOJA DE VIDA SI /NO | J25: CEDULA CIUDADANIA | M25: TITULO PROFESIONAL | Q25: FECHA GRADO | T25: Copia de la Tarjeta o matricula profesional vigente | Y25: Certificado de vigencia de la tarjeta profesional | AD25: APORTA TITULO PROFESIONAL | AI25: NOMBRE O RAZON SOCIAL DEL CONTRATANTE | AN25: CERTIFICADO CUMPLE (cargo y/o rol específico y/o objeto, funciones y/o obligaciones y/o actividades desempeñadas relacionadas con el perfil, y el tiempo laborado y/o de ejecución | AS25: EXPERIENCIA RELACIONADA COMO COORDINADOR | AV25: CERTIFICA MISMO PROPONENTE | AY25: APORTA CONTRATO | BB25: APORTA FORMATO EQUIPO DE TRABAJO | BD25: FECHA INICIO | BG25: FECHA FIN | BJ25: AÑO | BK25: MES | BL25: DIA | BM25: TOTAL TIEMPO EXPERIENCIA | BO25: CUMPLE SI/ NO | BR25: OBSERVACIONES
A26: ROMULO PINZON GAMA | G26: SI | J26: SI | M26: LICENCIATURA EN DANZA Y TEATRO | Q26: 39038 | T26: NO APLICA | Y26: NO APLICA | AD26: SI | AI26: INCAP | AN26: SI | AS26: SI | AV26: NO | AY26: NO APLICA | BB26: SI | BD26: 41165 | BG26: 43146 | BJ26: =DATEDIF(BD26,BG26,"Y") -> 5 | BK26: =DATEDIF(BD26,BG26,"YM") -> 5 | BL26: =DATEDIF(BD26,BG26,"MD") -> 2 | BO26: SI CUMPLE
AI27: INCAP | AN27: SI | AS27: SI | AV27: NO | AY27: NO APLICA | BB27: SI | BD27: 43147 | BG27: 45168 | BJ27: =DATEDIF(BD27,BG27,"Y") -> 5 | BK27: =DATEDIF(BD27,BG27,"YM") -> 6 | BL27: =DATEDIF(BD27,BG27,"MD") -> 14 | BO27: SI CUMPLE
BH28: TOTAL MESES | BJ28: =SUM(BJ20:BJ27) -> 10 | BK28: =SUM(BK20:BK27) -> 11 | BL28: =SUM(BL20:BL27) -> 16 | BO28: SI CUMPLE
BJ29: =+BJ28*12 -> 120 | BK29: =+BK28 -> 11 | BL29: =+BL28/30 -> 0.53333333
A30: 4.3.3. SEDES | BI30: TOTAL | BJ30: =+BJ29+BK29+BL29 -> 131.53333 | BK30: MESES
A32: S E D E S
A33: SEDE | G33: DOCUMENTO SOPORTE | M33: EXPEDIDO | Q33: FECHA EXPEDICION | U33: ÚBICACIÓN DEL INMUEBLE | Y33: BOGOTA | AB33: CUMPLE | AE33: CUMPLE SI/ NO | AH33: OBSERVACIONES
A34: PROPIA | G34: CERTIFICADO DE TRADICION Y LIBERTAD | M34: OFICINA DE REGISTRO E INSTRUMENTOS PUBLICOS ZONA CENTRO | Q34: 45497 | U34: BOGOTA | Y34: SI | AB34: SI | AE34: =+IF(AB34="SI","SI CUMPLE","NO CUMPLE") -> SI CUMPLE | AH34: 50C-80672
A35: PROPIA | G35: CERTIFICADO DE TRADICION Y LIBERTAD | M35: OFICINA DE REGISTRO E INSTRUMENTOS PUBLICOS ZONA CENTRO | Q35: 45497 | U35: BOGOTA | Y35: SI | AB35: SI | AE35: =+IF(AB35="SI","SI CUMPLE","NO CUMPLE") -> SI CUMPLE | AH35: 50C-106788
A36: PROPIA | G36: CERTIFICADO DE TRADICION Y LIBERTAD | M36: OFICINA DE REGISTRO E INSTRUMENTOS PUBLICOS ZONA CENTRO | Q36: 45497 | U36: BOGOTA | Y36: SI | AB36: SI | AE36: =+IF(AB36="SI","SI CUMPLE","NO CUMPLE") -> SI CUMPLE | AH36: 50C-136206
A37: PROPIA | G37: CERTIFICADO DE TRADICION Y LIBERTAD | M37: OFICINA DE REGISTRO E INSTRUMENTOS PUBLICOS ZONA CENTRO | Q37: 45497 | U37: BOGOTA | Y37: SI | AB37: SI | AE37: =+IF(AB37="SI","SI CUMPLE","NO CUMPLE") -> SI CUMPLE | AH37: 50C-312486
A38: PROPIA | G38: CERTIFICADO DE TRADICION Y LIBERTAD | M38: OFICINA DE REGISTRO E INSTRUMENTOS PUBLICOS ZONA CENTRO | Q38: 45497 | U38: BOGOTA | Y38: SI | AB38: SI | AE38: =+IF(AB38="SI","SI CUMPLE","NO CUMPLE") -> SI CUMPLE | AH38: 50C-499292
AE39: SI CUMPLE
A40: 4.3.4. PROPUESTA TÉCNICA
A42: P R O P U E S T A T E C N I C A
A43: ANEXO TÉCNICO – FICHA DE ESPECIFICACIONES TÉCNICAS MÍNIMAS. | G43: CUMPLE | J43: CUMPLE SI/ NO | M43: OBSERVACIONES
A44: El proponente con la suscripción de la Carta de Presentación manifiesta que ha leído entiende, acepta y cumplirá todos los requerimientos establecidos en el Anexo No. 1 Especificaciones Técnicas Mínimas, para realizar todas las actividades y entregables descritos en el citado documento. | G44: SI | J44: =+IF(G44="SI","SI CUMPLE","NO CUMPLE") -> SI CUMPLE | M44: El proponente aporta FORMATO N° 1 DE CARTA DE PRESENTACION DE LA OFERTA en el cual en el literal D "Manifiesta que he leído entiendo, acepto y cumpliré todos los requerimientos establecidos en el ANEXO 1 - FICHA TÉCNICA, para realizar todas las actividades y entregables descritos en el citado documento"
J45: SI CUMPLE

Sheet 5. CIDOR
A1: CONSOLIDADO
A2: OBJETO | C2: Prestar los servicios de formación y capacitación a los funcionarios de la Superintendencia Nacional de Salud para fortalecer sus competencias, de acuerdo con lo identificado en el Plan Institucional de Capacitación para la vigencia 2024.
A3: GRUPO 1 | C3: Capacitaciones que son de carácter normativo:
A4: TEMATICAS | C4: 1. Actualización en Seguridad Social en salud. | L4: 4. Normatividad sobre gestores farmacéuticos. | W4: 7. Diplomado auditoria forense.
C5: 2. Gestión Financiera en el sector público. | L5: 5. Actualización normativa cobros persuasivos y coactivos. | W5: 8. Sistema Obligatorio de Garantía de la Calidad en Salud.
C6: 3. Actualización Normativa en la función Pública. | L6: 6. Derecho fundamental al debido proceso. | W6: 9. Manejo de recursos en el sector salud.
A8: NOMBRE DEL PROPONENTE | G8: CIDOR CONSULTING ALLIANCE SAS
A9: NOMBRE DEL REPRESENTANTE LEGAL | G9: ANA PAOLA CORREA GONZALEZ
A10: NIT | G10: 830.144.794-9
A11: MIPYME | G11: SI
A12: PRESUPUESTO OFICIAL | G12: 226.89
A14: 4.3.1. EXPERIENCIA DEL PROPONENTE
A16: E X P E R I E N C I A
A17: NUMERO CONTRATO | D17: CODIGO UNSPC | G17: ENTIDAD CONTRATANTE | Q17: FECHA INICIO | T17: FECHA FIN | W17: OBJETO CONTRACTUAL ("Prestar los servicios de formación y/o capacitación en cualquiera de las tematicas del grupo 1.") | AI17: CAPACITACION RELACIONADA | AL17: APORTA CERTIFICACION | AO17: EJECUTADA EN CONSORCIO O UNION TEMPORAL | AR17: PORCENTAJE DE PARTICIPACION | AU17: VALOR DEL CONTRATO (ser igual o superior a 226,89 SMMLV) | AX17: NUMERO DE INSCRIPCIÓN EN EL RUP | BA17: RUP VIGENTE Y EN FIRME | BD17: FORMATO RELACIONES DE CERTIFICACIONES SI/ NO | BG17: CUMPLE SI/ NO | BJ17: OBSERVACIONES
A18: 418-2023 | D18: NO SE PUEDE VERIFICAR | G18: COMISIÓN NACIONAL DEL SERVICIO CIVIL | Q18: NO SE PUEDE EVIDENCIAR | T18: NO SE PUEDE EVIDENCIAR | W18: Prestar el servicio de capacitación a los servidores de la entidad, para apoyar la ejecución del plan institucional de capacitación de la Comisión, vigencia 2023 | AI18: NO CUMPLE | AL18: NO | AO18: NO APLICA | AR18: NO APLICA | AU18: NO SE PUEDE EVIDENCIAR | AX18: NO SE PUEDE EVIDENCIAR | BA18: NO | BD18: NO | BG18: =+IF(AU22>=G12,"SI CUMPLE","NO CUMPLE") -> NO CUMPLE | BJ18: El proponente no aportó Certificado de Experiencia y por el contrario aportó un contrato de la Comisión Nacional del Servicio Civil, con la cual NO CUMPLE con el requisito, toda vez que se debe aportar es el Certificado de Experiencia donde se evidencie la información de la Nota 2, del numeral 4.3.1 Experiencia. Por lo tanto, no se puede tener en cuenta esta experiencia porque no permite verificar toda la información requerida. SUBSANACIÓN: Deberá aportar el Certificado de Experiencia conforme a lo establecido en el pliego de condiciones, numeral 4.3.1 EXPERIENCIA.
A19: 1104333-2019 | D19: 80111500 86101600 86101700 86101800 86111500 86111600 86132000 86141500 86141700 | G19: FONDO FINANCIERO DISTRITAL DE SALUD | Q19: NO SE PUEDE EVIDENCIAR POQUE ES UN INFORME DE SUPERVISIÓN | T19: NO SE PUEDE EVIDENCIAR POQUE ES UN INFORME DE SUPERVISIÓN | W19: NO SE PUEDE EVIDENCIAR PORQUE EL INFORME TIENE UN OBJETO DIFERENTE AL DEL FORMATO N°3 | AI19: NO CUMPLE | AL19: NO | AO19: NO APLICA | AR19: NO APLICA | AU19: 267.74 | AX19: 54 | BA19: SI | BD19: SI | BG19: NO CUMPLE | BJ19: El proponente no aportó Certificado de Experiencia y por el contrario aportó un contrato con un informe final de supervisión del Fondo Financiero Distrital de Salud, con la cual NO CUMPLE con el requisito, toda vez que se debe aportar es el Certificado de Experiencia donde se evidencie la información de la Nota 2, del numeral 4.3.1 Experiencia. Por lo tanto, no se puede tener en cuenta esta experiencia porque no permite verificar toda la información requerida y cumplida. SUBSANACIÓN: Deberá aportar el Certificado de Experiencia conforme a lo establecido en el pliego de condiciones, numeral 4.3.1 EXPERIENCIA.
A20: 792 - 2018 | D20: 80111500 86101600 86101700 86101800 86111500 86111600 86132000 86141500 86141700 | G20: FONDO ÚNICO DE LAS TECNOLOGIAS DE LA INFORMACION Y LAS COMUNICACIONES | Q20: 43346 | T20: 43449 | W20: Capacitar a un grupo de servidores del Ministerio de Técnologias de la información y las Comunicaciones en temáticas aprobadas en el plan institucional de capacitación 2018 , para el fortalecimiento de sus competencias. | AI20: NO CUMPLE | AL20: NO | AO20: NO APLICA | AR20: NO APLICA | AU20: 413.3 | AX20: 35 | BA20: SI | BD20: SI | BG20: NO CUMPLE | BJ20: El proponente no aportó Certificado de Experiencia y por el contrario aportó un contrato con un informe final de supervisión del FONDO ÚNICO DE LAS TENOLOGIAS DE LA INFORMACIÓN Y LAS COMUNICACIONES, con la cual NO CUMPLE con el requisito. Adicional, que las temáticas del Grupo 1, no son cumplidas con este certificado y por lo tanto no cumple con la experiencia del numeral 4.3.1 Experiencia. Por lo tanto, no se puede tener en cuenta esta experiencia porque no cumple con las temáticas propuestas. SUBSANACIÓN: Deberá aportar el Certificado de Experiencia conforme a lo establecido en el pliego de condiciones, numeral 4.3.1 EXPERIENCIA
A21: 2017-1872 | D21: 80111500 86101600 86101700 86101800 86111500 86111600 86132000 86141500 86141700 | G21: SECRETARIA DISTRITAL DE MOVILIDAD | Q21: NO SE PUEDE EVIDENCIAR | T21: NO SE PUEDE EVIDENCIAR | W21: Desarrollar actividades de capacitación dirigidas a los servidores públicos de la Secretaria Distrital de Movilidad y SETRAB-PONAL | AI21: NO CUMPLE | AL21: NO | AO21: NO APLICA | AR21: NO APLICA | AU21: 341.01 | AX21: 39 | BA21: SI | BD21: SI | BG21: NO CUMPLE | BJ21: El proponente no aportó Certificado de Experiencia y por el contrario aportó un contrato con acta sin las firmas completas con la Secretaría de Movilidad, con la cual NO CUMPLE con el requisito, toda vez que se debe aportar es el Certificado de Experiencia donde se evidencie la información de la Nota 2, del numeral 4.3.1 Experiencia. Por lo tanto, no se puede tener en cuenta esta experiencia porque no permite verificar toda la información requerida y cumplida. SUBSANACIÓN: Deberá aportar el Certificado de Experiencia conforme a lo establecido en el pliego de condiciones, numeral 4.3.1 EXPERIENCIA.
AR22: SUMATORIA | AU22: 0 | BG22: NO CUMPLE
A24: 4.3.2. PERSONAL MÍNIMO REQUERIDO:
A26: P E R S O N A L M I N I M O R E Q U R I D O .
A27: NOMBRES Y APELLIDOS | G27: HOJA DE VIDA SI /NO | J27: CEDULA CIUDADANIA | M27: TITULO PROFESIONAL | Q27: FECHA GRADO | T27: Copia de la Tarjeta o matricula profesional vigente | Y27: Certificado de vigencia de la tarjeta profesional | AD27: APORTA TITULO PROFESIONAL | AI27: NOMBRE O RAZON SOCIAL DEL CONTRATANTE | AN27: CERTIFICADO CUMPLE (cargo y/o rol específico y/o objeto, funciones y/o obligaciones y/o actividades desempeñadas relacionadas con el perfil, y el tiempo laborado y/o de ejecución | AS27: EXPERIENCIA RELACIONADA COMO COORDINADOR | AV27: CERTIFICA MISMO PROPONENTE | AY27: APORTA CONTRATO | BB27: APORTA FORMATO EQUIPO DE TRABAJO | BD27: FECHA INICIO | BG27: FECHA FIN | BJ27: AÑO | BK27: MES | BL27: DIA | BM27: TOTAL TIEMPO EXPERIENCIA | BO27: CUMPLE SI/ NO | BR27: OBSERVACIONES
A28: ALEJANDRO RAMIREZ AYALA | G28: SI | J28: SI | M28: INGENIERO INDUSTRIAL | Q28: 35643 | T28: SI | Y28: SI | AD28: SI | AI28: GEOSIGMA LTDA. | AN28: SI | AS28: SI | AV28: NO | AY28: NO APLICA | BB28: SI | BD28: 42781 | BG28: 43889 | BJ28: =DATEDIF(BD28,BG28,"Y") -> 3 | BK28: =DATEDIF(BD28,BG28,"YM") -> 0 | BL28: =DATEDIF(BD28,BG28,"MD") -> 13 | BO28: SI CUMPLE
BO29: SI CUMPLE
A31: 4.3.3. SEDES
A33: S E D E S
A34: SEDE | G34: DOCUMENTO SOPORTE | M34: EXPEDIDO | Q34: FECHA EXPEDICION | U34: ÚBICACIÓN DEL INMUEBLE | Y34: BOGOTA | AB34: CUMPLE | AE34: CUMPLE SI/ NO | AH34: OBSERVACIONES
A35: ARRENDADA | G35: CONTRATO DE ARRIENDO | M35: CENTRO DE EVENTOS Y EXPOSICIONES LAS AMERICAS | Q35: 45124 | U35: BOGOTA | Y35: SI | AB35: SI | AE35: =+IF(AB35="SI","SI CUMPLE","NO CUMPLE") -> SI CUMPLE
AE36: SI CUMPLE
A38: 4.3.4. PROPUESTA TÉCNICA
A40: P R O P U E S T A T E C N I C A
A41: ANEXO TÉCNICO – FICHA DE ESPECIFICACIONES TÉCNICAS MÍNIMAS. | G41: CUMPLE | J41: CUMPLE SI/ NO | M41: OBSERVACIONES
A42: El proponente con la suscripción de la Carta de Presentación manifiesta que ha leído entiende, acepta y cumplirá todos los requerimientos establecidos en el Anexo No. 1 Especificaciones Técnicas Mínimas, para realizar todas las actividades y entregables descritos en el citado documento. | G42: SI | J42: =+IF(G42="SI","SI CUMPLE","NO CUMPLE") -> SI CUMPLE | M42: El proponente aporta FORMATO N° 1 DE CARTA DE PRESENTACION DE LA OFERTA en el cual en el literal D "Manifiesta que he leído entiendo, acepto y cumpliré todos los requerimientos establecidos en el ANEXO 1 - FICHA TÉCNICA, para realizar todas las actividades y entregables descritos en el citado documento"
J43: SI CUMPLE

Sheet 6. UT POLCOLAN
A1: CONSOLIDADO
A2: OBJETO | C2: Prestar los servicios de formación y capacitación a los funcionarios de la Superintendencia Nacional de Salud para fortalecer sus competencias, de acuerdo con lo identificado en el Plan Institucional de Capacitación para la vigencia 2024.
A3: GRUPO 1 | C3: Capacitaciones que son de carácter normativo:
A4: TEMATICAS | C4: 1. Actualización en Seguridad Social en salud. | L4: 4. Normatividad sobre gestores farmacéuticos. | W4: 7. Diplomado auditoria forense.
C5: 2. Gestión Financiera en el sector público. | L5: 5. Actualización normativa cobros persuasivos y coactivos. | W5: 8. Sistema Obligatorio de Garantía de la Calidad en Salud.
C6: 3. Actualización Normativa en la función Pública. | L6: 6. Derecho fundamental al debido proceso. | W6: 9. Manejo de recursos en el sector salud.
A8: NOMBRE DEL PROPONENTE | G8: UNIÓN TEMPORAL SUPERSALUD 24-018 BS-POLCOLAN | U8: BUSINESS SUPPORT S.A.S (90%) | AI8: CORPORACIÓN POLITÉCNICO COLOMBO ANDINO-POLCOLAN (10%)
A9: NOMBRE DEL REPRESENTANTE LEGAL | G9: DIONISIA ELIZABETH HERNÁNDEZ AGUILERA
A10: NIT | U10: 900.006.572-3 | AI10: 860.508.517-8
A11: MIPYME | U11: MEDIANA EMPRESA | AI11: NO APLICA
A12: PRESUPUESTO OFICIAL | G12: 226.89
A14: 4.3.1. EXPERIENCIA DEL PROPONENTE
A16: E X P E R I E N C I A
A17: NUMERO CONTRATO | D17: CODIGO UNSPC | G17: ENTIDAD CONTRATANTE | Q17: FECHA INICIO | T17: FECHA FIN | W17: OBJETO CONTRACTUAL ("Prestar los servicios de formación y/o capacitación en cualquiera de las tematicas del grupo 1.") | AI17: CAPACITACION RELACIONADA | AL17: APORTA CERTIFICACION | AO17: EJECUTADA EN CONSORCIO O UNION TEMPORAL | AR17: PORCENTAJE DE PARTICIPACION | AU17: VALOR DEL CONTRATO EJECUTADO | AX17: VALOR DEL CONTRATO (ser igual o superior a 226,89 SMMLV) | BA17: NUMERO DE INSCRIPCIÓN EN EL RUP | BD17: RUP VIGENTE Y EN FIRME | BG17: FORMATO RELACIONES DE CERTIFICACIONES SI/ NO | BJ17: CUMPLE SI/ NO | BM17: OBSERVACIONES
A18: EXPERIENCIA ACREDITADA POR: BUSINESS SUPPORT S.A.S (90%)
A19: 4150985 | D19: 80111500 86101600 86101700 86101800 86111500 86111600 86132000 86141500 86141700 | G19: FONDO FINANCIERO DISTRITAL DE SALUD | Q19: 44875 | T19: 45116 | W19: Prestar servicios en el fortalecimiento de las competencias laborales de los servidores públicos de la secretaría distrital de salud mediante la implementación del plan institucional de capacitación | AI19: SI CUMPLE | AL19: SI | AO19: NO | AR19: NO APLICA | AU19: 177.98 | AX19: =AU19*90/100 -> 160.182 | BA19: 133 | BD19: SI | BG19: SI | BJ19: SI CUMPLE | BM19: El proponente aportó certificado de experiencia con el cual cumple, sin embargo, de acuerdo con lo establecido en el pliego de condiciones, en el numeral 4.3.1 EXPERIENCIA - Nota 1: La experiencia del oferente plural (unión temporal-consorcio) corresponde a la suma de la experiencia que acredite cada uno de sus integrantes de conformidad con su porcentaje de participación. En todo caso, cada uno de sus integrantes deberá allegar el correspondiente Certificado del Registro Único de Proponentes (RUP) VIGENTE y EN FIRME. De la misma manera, en respuesta a la observación presentada durante el proyecto de pliego de condiciones a uno de los integrantes de la presente Unión Temporal (BUSINESS SUPPORT) se indicó que: OBSERVACIÓN No 31: “Confirmar si el valor de la experiencia aportada por cada integrante del oferente plural será considerado en proporción al porcentaje de participación de dicho integrante en la estructura plural, o si el valor de la experiencia que aporte será considerado al 100% independientemente de su porcentaje de participación en la estructura plural.” RESPUESTA No 31 (SUPERINTENDENCIA NACIONAL DE SALUD): Se le aclara al observante lo siguiente: “En primera medida la experiencia del oferente plural (unión temporal-consorcio) corresponde a la suma de la experiencia que acredite cada uno de sus integrantes de conformidad con su porcentaje de participación. En todo caso, cada uno de sus integrantes deberá allegar el correspondiente Certificado del Registro Único de Proponentes (RUP) VIGENTE y EN FIRME. Sin embargo, en segunda medida puede darse el caso que con una (1) sola certificación aportada se cumpla con el 100% del presupuesto oficial por parte de uno de los proponentes plurales, en este caso se da aplicación a lo establecido en la nota 3 de la experiencia, donde el proponente podrá aportar mínimo uno (1) y máximo tres (3) contratos.” Igualmente, en las mismas respuestas a las observaciones se aclaró que: OBSERVACIÓN No 12: En caso de presentarse en consorcio, entendemos que la experiencia habilitante del proponente pueda ser aportada por uno de los miembros que integran el proponente plural. ¿Es correcto nuestro entendimiento? RESPUESTA No 12 (SUPERINTENDENCIA NACIONAL DE SALUD): Su entendimiento es correcto únicamente en el caso que con una (1) sola certificación aportada se cumpla con el 100% del presupuesto oficial. Así las cosas, la Entidad fue clara al establecer que ÚNICAMENTE en el caso que con una (1) sola certificación aportada por uno de los integrantes de la figura asociativa se cumpla con el 100% del presupuesto oficial, es válida para demostrar la experiencia, sin que el otro integrante deba hacerlo. En razón a lo anterior, y toda vez ninguno de los dos contratos aportados y ejecutados por Business Support SAS supera el 100% del presupuesto en salarios mínimos para el grupo 1, deberá aportarse la experiencia por parte del otro integrante de la Unión Temporal, es decir de CORPORACIÓN POLITÉCNICO COLOMBO ANDINO-POLCOLAN (10%), de acuerdo a su porcentaje de participación. SUBSANACIÓN: Deberá acreditar la Experiencia conforme a lo establecido en el pliego de condiciones, numeral 4.3.1 EXPERIENCIA.
A20: 407 DE 2019 | D20: 80111500 86101600 86101700 86101800 86111500 86111600 86132000 86141500 86141700 | G20: SECRETARIA DISTRITAL DE LA MUJER | Q20: 43703 | T20: 43830 | W20: FORTALECER LAS COMPETENCIAS DE LAS SERVIDORAS Y SERVIDORES PÚBLICOS DE LA SECRETARÍA DISTRITAL DE LA MUJER, A TRAVÉS DE PROCESOS DE FORMACIÓN, ENTRENAMIENTO Y CAPACITACIÓN, DE ACUERDO CON EL PLAN INSTITUCIONAL DE FORMACIÓN Y CAPACITACIÓN 2019 | AI20: SI CUMPLE | AL20: SI | AO20: NO | AR20: NO APLICA | AU20: 104.11 | AX20: =AU20*90/100 -> 93.699 | BA20: 84 | BD20: SI | BG20: SI | BJ20: =+IF(AU24>=G13,"SI CUMPLE","NO CUMPLE") -> SI CUMPLE
A21: 4600015568 | D21: 80111500 86101600 86101700 86101800 86111500 86111600 86132000 86141500 86141700 | G21: COMUNICACION CELULAR S A COMCEL S A | Q21: 44304 | T21: 45340 | W21: Prestar servicios de formación a través de un programa integral, estructurado y modular que permita fortalecer y apalancar habilidades blandas y los conocimientos técnicos necesarios para la operación de TMK. Generar un plan de trabajo que incluya etapas de diagnóstico, diseño, ejecución, puesta en marcha, evaluación y presentación de resultados que apalanquen el uso de metodologías innovadoras de educación virtual y presencial con los estándares de oportunidad y calidad que se fijen en los acuerdos de niveles de servicio, en respuesta a la contribución y movilización de las metas estratégicas de la compañía | AI21: NO CUMPLE | AL21: SI | AO21: NO | AR21: NO APLICA | AU21: 3583.03 | AX21: 0 | BA21: 134 | BD21: SI | BG21: SI | BJ21: NO CUMPLE | BM21: El proponente aportó certificado de experiencia, pero NO CUMPLE con las temáticas del Grupo 1. Por lo tanto, no se puede tener en cuenta esta experiencia porque no cumple con las temáticas propuestas. SUBSANACIÓN: Deberá acreditar la Experiencia conforme a lo establecido en el pliego de condiciones, numeral 4.3.1 EXPERIENCIA.
A22: 855 | D22: 80111500 86101600 86101700 86101800 86111500 86111600 86132000 86141500 86141701 | G22: FONDO ÚNICO DE TECNOLOGÍAS DE LA INFORMACIÓN Y LAS COMUNICACIONES-FONTIC | Q22: 44371 | T22: 44561 | W22: PRESTAR SERVICIOS PARA APOYAR EN EL FORTALECIMIENTO DE GESTIÓN MEDIANTE LA EVOLUCIÓN DE LAS ESTRATEGIAS DE GESTIÓN DEL CONOCIMIENTO, QUE PROMUEVAN EL APRENDIZAJE INSTITUCIONAL Y LA TRANSFORMACIÓN DE LAS PRÁCTICAS INSTITUCIONALES AL INTERIOR DE LA ENTIDAD (...) REALIZAR, DESARROLLAR Y PRODUCIR LA ADAPTACIÓN VIRTUAL DE LOS CONTENIDOS Y EL EMPAQUETAMIENTO PARA MONTAJE EN UN SISTEMA DE APRENDIZAJE LMS-GNU DE 11 MÓDULOS EDUCATIVOS VIRTUALES U OBJETOS VIRTUALES DE APRENDIZAJE (OVA) EN FORMATO SCORM DE 48 HORAS DE ESTUDIO, ASÍ COMO LA ADAPTACIÓN VIRTUAL DE LOS CONTENIDOS Y EL EMPAQUETAMIENTO PARA SER IMPLEMENTADOS EN EL SISTEMA DE APRENDIZAJE LMS MOODLE CON LA QUE CUENTA EL MINISTERIO TIC, CON UN BANCO DE CIENTO CINCUENTA (150) PREGUNTAS PARA SER INCLUIDAS EN LA EVALUACIÓN FINAL DEL MÓDULO | AI22: NO CUMPLE | AL22: SI | AO22: NO | AR22: NO APLICA | AU22: 822.56 | AX22: 0 | BA22: 100 | BD22: SI | BG22: SI | BJ22: NO CUMPLE | BM22: El proponente aportó certificado de experiencia, pero NO CUMPLE con las temáticas del Grupo 1. Por lo tanto, no se puede tener en cuenta esta experiencia porque no cumple con las temáticas propuestas. SUBSANACIÓN: Deberá acreditar la Experiencia conforme a lo establecido en el pliego de condiciones, numeral 4.3.1 EXPERIENCIA.
AR23: SUMATORIA | AU23: =AX19+AX20+AX21+AX22 -> 253.881 | BJ23: NO CUMPLE
A25: 4.3.2. PERSONAL MÍNIMO REQUERIDO:
A27: P E R S O N A L M I N I M O R E Q U ER I D O .
A28: NOMBRES Y APELLIDOS | G28: HOJA DE VIDA SI /NO | J28: CEDULA CIUDADANIA | M28: TITULO PROFESIONAL | Q28: FECHA GRADO | T28: Copia de la Tarjeta o matricula profesional vigente | Y28: Certificado de vigencia de la tarjeta profesional | AD28: APORTA TITULO PROFESIONAL | AI28: NOMBRE O RAZON SOCIAL DEL CONTRATANTE | AN28: CERTIFICADO CUMPLE (cargo y/o rol específico y/o objeto, funciones y/o obligaciones y/o actividades desempeñadas relacionadas con el perfil, y el tiempo laborado y/o de ejecución | AS28: EXPERIENCIA RELACIONADA COMO COORDINADOR | AV28: CERTIFICA MISMO PROPONENTE | AY28: APORTA CONTRATO | BB28: APORTA FORMATO EQUIPO DE TRABAJO | BD28: FECHA INICIO | BG28: FECHA FIN | BJ28: AÑO | BK28: MES | BL28: DIA | BM28: TOTAL TIEMPO EXPERIENCIA | BO28: CUMPLE SI/ NO | BR28: OBSERVACIONES
A29: DIANA PAOLA HERRERA GONZALEZ | G29: SI | J29: SI | M29: PSICOLOGA | Q29: 38076 | T29: SI | Y29: NO APLICA No aplica vigencia de la tarjeta profesional de acuerdo con la Ley 1090 de 2006 | AD29: SI | AI29: RENOVAR FINANCIERA SAS | AN29: SI | AS29: NO | AV29: NO | AY29: NO APLICA | BB29: SI | BD29: 44459 | BG29: 44514 | BJ29: =DATEDIF(BD29,BG29,"Y") -> 0 | BK29: 0 | BL29: 0 | BO29: NO CUMPLE | BR29: No se tiene en cuenta esta experiencia, toda vez que no se ajusta a lo requerido en el perfil
AI30: HOLDING CONSULTANTS DE COLOMBIA | AN30: NO | AS30: NO | AV30: NO | AY30: NO APLICA | BB30: SI | BD30: NO TIENE | BG30: NO TIENE | BJ30: =DATEDIF(BD30,BG30,"Y") -> #VALUE! | BK30: =DATEDIF(BD30,BG30,"YM") -> #VALUE! | BL30: =DATEDIF(BD30,BG30,"MD") -> #VALUE! | BO30: =+IF(BH40>=24,"SI CUMPLE","NO CUMPLE") -> NO CUMPLE | BR30: No se tiene en cuenta esta experiencia, toda vez que no se ajusta a lo requerido en el perfil
AI31: SU TEMPORAL SA | AN31: SI | AS31: NO | AV31: NO | AY31: NO APLICA | BB31: SI | BD31: 38761 | BG31: 39293 | BJ31: 0 | BK31: 0 | BL31: 0 | BO31: =+IF(BH43>=24,"SI CUMPLE","NO CUMPLE") -> NO CUMPLE | BR31: No se tiene en cuenta esta experiencia, toda vez que no se ajusta a lo requerido en el perfil
AI32: MINISTERIO DE SALUD Y PROTECCIÓN SOCIAL (CONTRATOS 758 - 2105, 446 - 2015, 854 - 2014, 279 - 2014) | AN32: SI | AS32: NO | AV32: NO | AY32: NO APLICA | BB32: SI | BJ32: =DATEDIF(BD32,BG32,"Y") -> 0 | BK32: =DATEDIF(BD32,BG32,"YM") -> 0 | BL32: =DATEDIF(BD32,BG32,"MD") -> 0 | BO32: =+IF(BH44>=24,"SI CUMPLE","NO CUMPLE") -> NO CUMPLE | BR32: No se tiene en cuenta esta experiencia, toda vez que no se ajusta a lo requerido en el perfil
AI33: MINISTERIO DE SALUD Y PROTECCIÓN SOCIAL (CONTRATOS 663 - 2013) | AN33: SI | AS33: SI | AV33: NO | AY33: NO APLICA | BB33: SI | BD33: 41583 | BG33: 41851 | BJ33: =DATEDIF(BD33,BG33,"Y") -> 0 | BK33: =DATEDIF(BD33,BG33,"YM") -> 8 | BL33: =DATEDIF(BD33,BG33,"MD") -> 26 | BO33: SI CUMPLE
AI34: MINISTERIO DE SALUD Y PROTECCIÓN SOCIAL (CONTRATOS 394 - 2013) | AN34: SI | AS34: SI | AV34: NO | AY34: NO APLICA | BB34: SI | BD34: 41458 | BG34: 41578 | BJ34: =DATEDIF(BD34,BG34,"Y") -> 0 | BK34: =DATEDIF(BD34,BG34,"YM") -> 3 | BL34: =DATEDIF(BD34,BG34,"MD") -> 28 | BO34: SI CUMPLE
AI35: MINISTERIO DE SALUD Y PROTECCIÓN SOCIAL (CONTRATOS 815-2012) | AN35: SI | AS35: SI | AV35: NO | AY35: NO APLICA | BB35: SI | BD35: 41262 | BG35: 41455 | BJ35: =DATEDIF(BD35,BG35,"Y") -> 0 | BK35: =DATEDIF(BD35,BG35,"YM") -> 6 | BL35: =DATEDIF(BD35,BG35,"MD") -> 11 | BO35: SI CUMPLE
AI36: MINISTERIO DE SALUD Y PROTECCIÓN SOCIAL (CONTRATOS 667-2012) | AN36: SI | AS36: SI | AV36: NO | AY36: NO APLICA | BB36: SI | BD36: 41194 | BG36: 41258 | BJ36: =DATEDIF(BD36,BG36,"Y") -> 0 | BK36: =DATEDIF(BD36,BG36,"YM") -> 2 | BL36: =DATEDIF(BD36,BG36,"MD") -> 3 | BO36: SI CUMPLE
AI37: MINISTERIO DE SALUD Y PROTECCIÓN SOCIAL (CONTRATOS 277-2012) | AN37: SI | AS37: SI | AV37: NO | AY37: NO APLICA | BB37: SI | BD37: 41040 | BG37: 41192 | BJ37: =DATEDIF(BD37,BG37,"Y") -> 0 | BK37: =DATEDIF(BD37,BG37,"YM") -> 4 | BL37: =DATEDIF(BD37,BG37,"MD") -> 29 | BO37: SI CUMPLE
AI38: AQM SAS | AN38: SI | AS38: SI | AV38: NO | AY38: NO APLICA | BB38: SI | BD38: 39786 | BG38: 40710 | BJ38: =DATEDIF(BD38,BG38,"Y") -> 2 | BK38: =DATEDIF(BD38,BG38,"YM") -> 6 | BL38: =DATEDIF(BD38,BG38,"MD") -> 12 | BO38: SI CUMPLE
BD39: TOTAL MESES | BJ39: =SUM(BJ31:BJ38) -> 2 | BK39: =SUM(BK31:BK38) -> 29 | BL39: =SUM(BL31:BL38) -> 109
BJ40: =+BJ39*12 -> 24 | BK40: =+BK39 -> 29 | BL40: =+BL39/30 -> 3.6333333
BD41: TOTAL | BJ41: =+BJ40+BK40+BL40 -> 56.633333 | BK41: MESES | BO41: SI CUMPLE
A43: 4.3.3. SEDES
A45: S E D E S
A46: SEDE | G46: DOCUMENTO SOPORTE | M46: EXPEDIDO | Q46: FECHA EXPEDICION | U46: ÚBICACIÓN DEL INMUEBLE | Y46: BOGOTA | AB46: CUMPLE | AE46: CUMPLE SI/ NO | AH46: OBSERVACIONES
A47: ARRENDADA | G47: CONTRATO DE ARRIENDO | M47: BYH BARON HERNANDEZ Y CIA EN C.S *LIGIA YAZMIN ROBAYO *HENRY PEREZ CARVAJAL GLOBAL TECHNOLOGY SERVICES DTS SA *ROGELIO VELEZ TOBON | Q47: 39797 | U47: BOGOTÁ | Y47: SI | AB47: SI | AE47: =+IF(AB47="SI","SI CUMPLE","NO CUMPLE") -> SI CUMPLE
A48: ARRENDADA | G48: SIMILARES ARRIENDO | M48: CORPORACION POLITECNICO COLOMBO ANDINO | U48: BOGOTÁ | Y48: SI | AB48: SI | AE48: =+IF(AB48="SI","SI CUMPLE","NO CUMPLE") -> SI CUMPLE
AE49: SI CUMPLE
A51: 4.3.4. PROPUESTA TÉCNICA
A53: P R O P U E S T A T E C N I C A
A54: ANEXO TÉCNICO – FICHA DE ESPECIFICACIONES TÉCNICAS MÍNIMAS. | G54: CUMPLE | J54: CUMPLE SI/ NO | M54: OBSERVACIONES
A55: El proponente con la suscripción de la Carta de Presentación manifiesta que ha leído entiende, acepta y cumplirá todos los requerimientos establecidos en el Anexo No. 1 Especificaciones Técnicas Mínimas, para realizar todas las actividades y entregables descritos en el citado documento. | G55: SI | J55: =+IF(G55="SI","SI CUMPLE","NO CUMPLE") -> SI CUMPLE | M55: El proponente aporta FORMATO N° 1 DE CARTA DE PRESENTACION DE LA OFERTA en el cual en el literal D "Manifiesta que he leído entiendo, acepto y cumpliré todos los requerimientos establecidos en el ANEXO 1 - FICHA TÉCNICA, para realizar todas las actividades y entregables descritos en el citado documento"
J56: SI CUMPLE

Sheet 7. EAN
A1: CONSOLIDADO
A2: OBJETO | C2: Prestar los servicios de formación y capacitación a los funcionarios de la Superintendencia Nacional de Salud para fortalecer sus competencias, de acuerdo con lo identificado en el Plan Institucional de Capacitación para la vigencia 2024.
A3: GRUPO 1 | C3: Capacitaciones que son de carácter normativo:
A4: TEMATICAS | C4: 1. Actualización en Seguridad Social en salud. | L4: 4. Normatividad sobre gestores farmacéuticos. | W4: 7. Diplomado auditoria forense.
C5: 2. Gestión Financiera en el sector público. | L5: 5. Actualización normativa cobros persuasivos y coactivos. | W5: 8. Sistema Obligatorio de Garantía de la Calidad en Salud.
C6: 3. Actualización Normativa en la función Pública. | L6: 6. Derecho fundamental al debido proceso. | W6: 9. Manejo de recursos en el sector salud.
A8: NOMBRE DEL PROPONENTE | G8: UNIVERSIDAD EAN
A9: NOMBRE DEL REPRESENTANTE LEGAL | G9: BRIGITTTE LUIS GUILLERMO BAPTISTE BALLERA
A10: NIT | G10: 860.026.058-1
A11: MIPYME | G11: NO APLICA
A12: PRESUPUESTO OFICIAL | G12: 226.89
A14: 4.3.1. EXPERIENCIA DEL PROPONENTE
A16: E X P E R I E N C I A
A17: NUMERO CONTRATO | D17: CODIGO UNSPC | G17: ENTIDAD CONTRATANTE | Q17: FECHA INICIO | T17: FECHA FIN | W17: OBJETO CONTRACTUAL ("Prestar los servicios de formación y/o capacitación en cualquiera de las tematicas del grupo 1.") | AI17: CAPACITACION RELACIONADA | AL17: APORTA CERTIFICACION | AO17: EJECUTADA EN CONSORCIO O UNION TEMPORAL | AR17: PORCENTAJE DE PARTICIPACION | AU17: VALOR DEL CONTRATO (ser igual o superior a 226,89 SMMLV) | AX17: N° INSCRIPCIÓN DEL CONTRATO EN EL RUP | BA17: RUP VIGENTE Y EN FIRME | BD17: FORMATO RELACIONES DE CERTIFICACIONES SI/ NO | BG17: CUMPLE SI/ NO | BJ17: OBSERVACIONES
A18: 100206214- 190-2015 | D18: 80111500 86101600 86101700 86101800 86111500 86111600 86132000 86141500 86141700 | G18: DIAN | Q18: 42286 | T18: 42369 | W18: Prestar el servicio de capacitación en contenidos propios de las finanzas pública en modalidad virtual bajo el esquema de diplomado a los funcionarios de la Dirección de Impuestos y Aduanas Nacionales que forman parte de la Subdirección de Gestión de Recursos Financiero y de las Divisiones Administrativas y Financieras a Nivel Nacional Seleccionados. | AI18: SI CUMPLE | AL18: SI | AO18: NO APLICA | AR18: NO APLICA | AU18: 201.75 | AX18: 89 | BA18: NO | BD18: NO | BG18: NO CUMPLE | BJ18: El proponente no aportó Formato No. 3 - FORMATO CERTIFICADO DE ACREDITACIÓN DE EXPERIENCIA DEL PROPONENTE para el contrato de la DIAN, con lo cual NO CUMPLE con el requisito, toda vez que para demostrar el cumplimiento del requisito habilitante el proponente debe diligenciar el Formato respectivo por cada grupo al que se presente. Por lo tanto, no se puede tener en cuenta esta experiencia hasta tanto no se aporte diligenciado. SUBSANACIÓN: Deberá aportar el Formato No. 3 - FORMATO CERTIFICADO DE ACREDITACIÓN DE EXPERIENCIA DEL PROPONENTE, para el contrato suscrito con la DIAN, conforme a lo establecido en el pliego de condiciones, numeral 4.3.1 EXPERIENCIA. Así mismo debe tener en cuenta que para el presente caso, se está acreditando la misma experiencia (FONDO ÚNICO DE TECNOLOGÍAS DE LA INFORMACIÓN Y LAS COMUNICACIONES) para los dos grupos. Por lo tanto, deberá subsanar la experiencia de la DIAN, con el fin que la misma cumpla con lo establecidos en el pliego de condiciones, ya que la suma de las certificaciones aportadas debe ser el valor total de presupuesto oficial en Salarios Mínimos Legales Mensuales Vigentes, es decir 479,60. Lo anterior, en cumplimiento a la NOTA 3: Para acreditar la experiencia el proponente podrá aportar mínimo uno (1) y máximo tres (3) contratos para cada uno de los grupos o lotes, o podrá aportar los mismos para todos los grupos o lotes siempre y cuando cumplan con todas las condiciones establecidas para cada grupo. En la verificación del número de contratos frente al presupuesto oficial, el valor a certificar debe ser con relación al valor del presupuesto oficial del respectivo grupo o lote expresado en SMMLV, si se presenta para los dos grupos, será la sumatoria de los dos grupos a presentarse.
A19: NO TIENE | D19: 80111500 86101600 86101700 86101800 86111500 86111600 86132000 86141500 86141700 | G19: COLSANITAS | Q19: 44074 | T19: 44196 | W19: Servicios de desarrollo y ejecución de los siguientes programas educativos, incluida la logística y actividades administrativas requeridas para la correcta ejecución del Proyecto, así como el diligenciamiento de los formatos exigidos por el SENA, la generación de informes periódicos, el acompañamiento en la interventoría y demás actividades asociadas al Convenio | AI19: NO CUMPLE | AL19: SI | AO19: NO APLICA | AR19: NO APLICA | AU19: 266.79 | AX19: 170 | BA19: SI | BD19: SI | BG19: NO CUMPLE | BJ19: El proponente aportó certificado de experiencia, pero no cumple con las temáticas del Grupo 1. Por lo tanto, no se puede tener en cuenta esta experiencia porque no cumple con las temáticas propuestas. SUBSANACIÓN: Deberá aportar el Certificado de Experiencia conforme a lo establecido en el pliego de condiciones, numeral 4.3.1 EXPERIENCIA.
A20: 768-2019 | D20: 80111500 86101600 86101700 86101800 86111500 86111600 86132000 86141500 86141700 | G20: FONDO ÚNICO DE TECNOLOGIAS DE LA INFORMACIÓN Y LAS TELECOMUNICACIONES | Q20: 43762 | T20: 43830 | W20: Capacitar a un grupo de servidores del Ministerio de Tecnologías de la Información y las Comunicaciones en diversas temáticas con el propósito de mejorar sus competencias laborales; lo anterior como parte de la implementación de la ruta del crecimiento, que busca fortalecer la apropiación del modelo de gestión institucional. | AI20: SI CUMPLE | AL20: SI | AO20: NO APLICA | AR20: NO APLICA | AU20: 309.99 | AX20: 156 | BA20: SI | BD20: SI | BG20: NO CUMPLE | BJ20: La experiencia acreditada con el FONDO ÚNICO DE TECNOLOGÍAS DE LA INFORMACIÓN Y LAS COMUNICACIONES, es insuficiente, toda vez que se esta acreditando la misma para los dos grupos. El pliego de condiciones establece en su numeral 4.3.1, Nota 3 que “para acreditar la experiencia el proponente podrá aportar mínimo uno (1) y máximo tres (3) contratos para cada uno de los grupos o lotes, o podrá aportar los mismos para todos los grupos o lotes siempre y cuando cumplan con todas las condiciones establecidas para cada grupo. En la verificación del número de contratos frente al presupuesto oficial, el valor a certificar debe ser con relación al valor del presupuesto oficial del respectivo grupo o lote expresado en SMMLV, si se presenta para los dos grupos, será la sumatoria de los dos grupos a presentarse.” SUBSANACIÓN: Deberá aportar el Formato No. 3 - FORMATO CERTIFICADO DE ACREDITACIÓN DE EXPERIENCIA DEL PROPONENTE, para el contrato suscrito con la DIAN, conforme a lo establecido en el pliego de condiciones, numeral 4.3.1 EXPERIENCIA, con el fin de cumplir con el valor de la experiencia solicitada. Por lo tanto, deberá subsanar la experiencia de la DIAN, con el fin que la misma cumpla con lo establecidos en el pliego de condiciones, ya que la suma de las certificaciones aportadas debe ser el valor total de presupuesto oficial en Salarios Mínimos Legales Mensuales Vigentes, es decir 479,60. Lo anterior, en cumplimiento a la NOTA 3: Para acreditar la experiencia el proponente podrá aportar mínimo uno (1) y máximo tres (3) contratos para cada uno de los grupos o lotes, o podrá aportar los mismos para todos los grupos o lotes siempre y cuando cumplan con todas las condiciones establecidas para cada grupo. En la verificación del número de contratos frente al presupuesto oficial, el valor a certificar debe ser con relación al valor del presupuesto oficial del respectivo grupo o lote expresado en SMMLV, si se presenta para los dos grupos, será la sumatoria de los dos grupos a presentarse.
AR21: SUMATORIA | BG21: NO CUMPLE
A23: 4.3.2. PERSONAL MÍNIMO REQUERIDO:
A25: P E R S O N A L M I N I M O R E Q U R I D O .
A26: NOMBRES Y APELLIDOS | G26: HOJA DE VIDA SI /NO | J26: CEDULA CIUDADANIA | M26: TITULO PROFESIONAL | Q26: FECHA GRADO | T26: Copia de la Tarjeta o matricula profesional vigente | Y26: Certificado de vigencia de la tarjeta profesional | AD26: APORTA TITULO PROFESIONAL | AI26: NOMBRE O RAZON SOCIAL DEL CONTRATANTE | AN26: CERTIFICADO CUMPLE (cargo y/o rol específico y/o objeto, funciones y/o obligaciones y/o actividades desempeñadas relacionadas con el perfil, y el tiempo laborado y/o de ejecución | AS26: EXPERIENCIA RELACIONADA COMO COORDINADOR | AV26: CERTIFICA MISMO PROPONENTE | AY26: APORTA CONTRATO | BB26: APORTA FORMATO EQUIPO DE TRABAJO | BD26: FECHA INICIO | BG26: FECHA FIN | BJ26: AÑO | BK26: MES | BL26: DIA | BM26: TOTAL TIEMPO EXPERIENCIA | BO26: CUMPLE SI/ NO | BR26: OBSERVACIONES
A27: JUAN CARLOS PLAZAS GIL | G27: SI | J27: SI | M27: INGENIERO DE SISTEMAS | Q27: 37693 | T27: SI | Y27: SI | AD27: SI | AI27: UNIVERSIDAD EAN | AN27: NO | AS27: SI | AV27: SI | AY27: NO | BB27: SI | BD27: 41474 | BG27: 41524 | BJ27: =DATEDIF(BD27,BG27,"Y") -> 0 | BK27: =DATEDIF(BD27,BG27,"YM") -> 1 | BL27: =DATEDIF(BD27,BG27,"MD") -> 19 | BO27: =+IF(BH39>=24,"SI CUMPLE","NO CUMPLE") -> NO CUMPLE | BR27: El certificado de experiencia de la Universidad EAN, no tiene funciones, obligaciones o actividades, que puedan permitir verificar experiencia relacionada exigida. Así mismo, al ser certificado por el mismo proponente deberá adjuntarse adicionalmente copia del respectivo contrato celebrado con el profesional propuesto y/o el contrato del proyecto en el cual el profesional ejecutó su actividad. SUBSANACIÓN: Deberá acreditar la experiencia del coordinador de acuerdo con lo establecido en la observación anterior y cumpliendo con 4.3.2 EQUIPO DE TRABAJO MÍNIMO HABILITANTE.
BD28: 41525 | BG28: 41620 | BJ28: =DATEDIF(BD28,BG28,"Y") -> 0 | BK28: =DATEDIF(BD28,BG28,"YM") -> 3 | BL28: =DATEDIF(BD28,BG28,"MD") -> 4
BD29: 41761 | BG29: 41820 | BJ29: =DATEDIF(BD29,BG29,"Y") -> 0 | BK29: =DATEDIF(BD29,BG29,"YM") -> 1 | BL29: =DATEDIF(BD29,BG29,"MD") -> 28
BD30: 42156 | BG30: 42201 | BJ30: =DATEDIF(BD30,BG30,"Y") -> 0 | BK30: =DATEDIF(BD30,BG30,"YM") -> 1 | BL30: =DATEDIF(BD30,BG30,"MD") -> 15
BD31: 42283 | BG31: 42334 | BJ31: =DATEDIF(BD31,BG31,"Y") -> 0 | BK31: =DATEDIF(BD31,BG31,"YM") -> 1 | BL31: =DATEDIF(BD31,BG31,"MD") -> 20
BD32: 42492 | BG32: 42507 | BJ32: =DATEDIF(BD32,BG32,"Y") -> 0 | BK32: =DATEDIF(BD32,BG32,"YM") -> 0 | BL32: =DATEDIF(BD32,BG32,"MD") -> 15
BD33: 42508 | BG33: 42545 | BJ33: =DATEDIF(BD33,BG33,"Y") -> 0 | BK33: =DATEDIF(BD33,BG33,"YM") -> 1 | BL33: =DATEDIF(BD33,BG33,"MD") -> 6 | BM33: TRASLAPA
BD34: 42572 | BG34: 42686 | BJ34: =DATEDIF(BD34,BG34,"Y") -> 0 | BK34: =DATEDIF(BD34,BG34,"YM") -> 3 | BL34: =DATEDIF(BD34,BG34,"MD") -> 22
BD35: 42687 | BG35: 42716 | BJ35: =DATEDIF(BD35,BG35,"Y") -> 0 | BK35: =DATEDIF(BD35,BG35,"YM") -> 0 | BL35: =DATEDIF(BD35,BG35,"MD") -> 29 | BM35: TRASLAPA
BD36: 42976 | BG36: 43080 | BJ36: =DATEDIF(BD36,BG36,"Y") -> 0 | BK36: =DATEDIF(BD36,BG36,"YM") -> 3 | BL36: =DATEDIF(BD36,BG36,"MD") -> 12
BD37: 43165 | BG37: 43251 | BJ37: =DATEDIF(BD37,BG37,"Y") -> 0 | BK37: =DATEDIF(BD37,BG37,"YM") -> 2 | BL37: =DATEDIF(BD37,BG37,"MD") -> 25
BD38: 43319 | BG38: 43434 | BJ38: =DATEDIF(BD38,BG38,"Y") -> 0 | BK38: =DATEDIF(BD38,BG38,"YM") -> 3 | BL38: =DATEDIF(BD38,BG38,"MD") -> 23
BE39: TOTAL MESES | BJ39: =SUM(BJ27:BJ38) -> 0 | BK39: =SUM(BK27:BK38) -> 19 | BL39: =SUM(BL27:BL38) -> 218 | BO39: NO CUMPLE
BJ40: =+BJ39*12 -> 0 | BK40: =+BK39 -> 19 | BL40: =+BL39/30 -> 7.2666667
A41: 4.3.3. SEDES | BJ41: =+BJ40+BK40+BL40 -> 26.266667 | BK41: MESES
A43: S E D E S
A44: SEDE | G44: DOCUMENTO SOPORTE | M44: EXPEDIDO | Q44: FECHA EXPEDICION | U44: ÚBICACIÓN DEL INMUEBLE | Y44: BOGOTA | AB44: CUMPLE | AE44: CUMPLE SI/ NO | AH44: OBSERVACIONES
A45: PROPIA | G45: CERTIFICADO DE TRADICION Y LIBERTAD | M45: OFICINA DE REGISTRO E INSTRUMENTOS PUBLICOS ZONA CENTRO | Q45: 45471 | U45: BOGOTA | Y45: SI | AB45: SI | AE45: =+IF(AB45="SI","SI CUMPLE","NO CUMPLE") -> SI CUMPLE
AE46: SI CUMPLE
A48: 4.3.4. PROPUESTA TÉCNICA
A50: P R O P U E S T A T E C N I C A
A51: ANEXO TÉCNICO – FICHA DE ESPECIFICACIONES TÉCNICAS MÍNIMAS. | G51: CUMPLE | J51: CUMPLE SI/ NO | M51: OBSERVACIONES
A52: El proponente con la suscripción de la Carta de Presentación manifiesta que ha leído entiende, acepta y cumplirá todos los requerimientos establecidos en el Anexo No. 1 Especificaciones Técnicas Mínimas, para realizar todas las actividades y entregables descritos en el citado documento. | G52: SI | J52: =+IF(G52="SI","SI CUMPLE","NO CUMPLE") -> SI CUMPLE | M52: El proponente aporta FORMATO N° 1 DE CARTA DE PRESENTACION DE LA OFERTA en el cual en el literal D "Manifiesta que he leído entiendo, acepto y cumpliré todos los requerimientos establecidos en el ANEXO 1 - FICHA TÉCNICA, para realizar todas las actividades y entregables descritos en el citado documento"
J53: SI CUMPLE

Sheet 8. CHICAMOCHA
A1: CONSOLIDADO
A2: OBJETO | C2: Prestar los servicios de formación y capacitación a los funcionarios de la Superintendencia Nacional de Salud para fortalecer sus competencias, de acuerdo con lo identificado en el Plan Institucional de Capacitación para la vigencia 2024.
A3: GRUPO 1 | C3: Capacitaciones que son de carácter normativo:
A4: TEMATICAS | C4: 1. Actualización en Seguridad Social en salud. | L4: 4. Normatividad sobre gestores farmacéuticos. | W4: 7. Diplomado auditoria forense.
C5: 2. Gestión Financiera en el sector público. | L5: 5. Actualización normativa cobros persuasivos y coactivos. | W5: 8. Sistema Obligatorio de Garantía de la Calidad en Salud.
C6: 3. Actualización Normativa en la función Pública. | L6: 6. Derecho fundamental al debido proceso. | W6: 9. Manejo de recursos en el sector salud.
A8: NOMBRE DEL PROPONENTE | G8: UNIVERSITARIA DEL CHICAMOCHA
A9: NOMBRE DEL REPRESENTANTE LEGAL | G9: CLAUDIA MILENA HERNANDEZ NARANJO
A10: NIT | G10: 901575686-8
A11: MIPYME | G11: NO APLICA
A12: PRESUPUESTO OFICIAL | G12: 226.89
A14: 4.3.1. EXPERIENCIA DEL PROPONENTE
A16: E X P E R I E N C I A
A17: NUMERO CONTRATO | D17: CODIGO UNSPC | G17: ENTIDAD CONTRATANTE | Q17: FECHA INICIO | T17: FECHA FIN | W17: OBJETO CONTRACTUAL ("Prestar los servicios de formación y/o capacitación en cualquiera de las tematicas del grupo 1.") | AI17: CAPACITACION RELACIONADA | AL17: APORTA CERTIFICACION | AO17: EJECUTADA EN CONSORCIO O UNION TEMPORAL | AR17: PORCENTAJE DE PARTICIPACION | AU17: VALOR DEL CONTRATO (ser igual o superior a 226,89 SMMLV) | AX17: INSCRIPCIÓN DEL CONTRATO EN EL RUP | BA17: RUP VIGENTE Y EN FIRME | BD17: FORMATO RELACIONES DE CERTIFICACIONES SI/ NO | BG17: CUMPLE SI/ NO | BJ17: OBSERVACIONES
A18: NO TIENE N° DE CONTRATO | D18: 80111500 86101600 86101700 86101800 86111500 86111600 86132000 86141500 86141700 | G18: FUNDACION COLOMBIA COLLEGE | Q18: 44774 | T18: 45260 | W18: El objeto del presente convenio es desarrollar una estrategia entre las partes a fin de realizar conjuntamente actividades para fortalecer los conocimientos de la salud sexual y reproductiva de los adolescentes, sus familias y comunidades para la prevención del embarazo precoz, embarazo consecutivo, matrimonio infantil; Programas de prevención para el acoso escolar o bullying, programas de acoso sexual y laboral Programas de promoción en la salud emocional y bienestar el programa incluye la promoción de la salud mental y el bienestar. | AI18: NO CUMPLE | AL18: SI | AO18: NO APLICA | AR18: NO APLICA | AU18: 100.21 | AX18: 35 | BA18: SI | BD18: SI | BG18: NO CUMPLE | BJ18: El proponente si bien aportó certificado de experiencia, este NO CUMPLE con las temáticas del Grupo 1. Por lo tanto, no se puede tener en cuenta esta experiencia para el presente grupo. SUBSANACIÓN: Deberá acreditar la Experiencia conforme a lo establecido en el pliego de condiciones, numeral 4.3.1 EXPERIENCIA. El proponente deberá tener en cuenta que debe tener en cuenta que el pliego de condiciones establece en su numeral 4.3.1, Nota 3 que “para acreditar la experiencia el proponente podrá aportar mínimo uno (1) y máximo tres (3) contratos para cada uno de los grupos o lotes, o podrá aportar los mismos para todos los grupos o lotes siempre y cuando cumplan con todas las condiciones establecidas para cada grupo. En la verificación del número de contratos frente al presupuesto oficial, el valor a certificar debe ser con relación al valor del presupuesto oficial del respectivo grupo o lote expresado en SMMLV, si se presenta para los dos grupos, será la sumatoria de los dos grupos a presentarse.” Razón por la cual, al quererse acreditar esta experiencia para los dos grupos (1 y2), la misma en sumatoria es insuficiente para los dos grupos.
A19: NO TIENE N° DE CONTRATO | D19: 80111500 86101600 86101700 86101800 86111500 86111600 86132000 86141500 86141700 | G19: SERVICIOS EMPRESARIALES MAEC SAS | Q19: NO SE PUEDE EVIDENCIAR | T19: NO SE PUEDE EVIDENCIAR | W19: El objeto del presente convenio es desarrollar una estrategia entre las partes a fin de realizar conjuntamente actividades para fortalecer los conocimientos del personal asistencial del sector de la salud. | AI19: NO CUMPLE | AL19: SI | AO19: NO APLICA | AR19: NO APLICA | AU19: 50 | AX19: 28 | BA19: SI | BD19: SI | BG19: NO CUMPLE | BJ19: El proponente aportó certificado de experiencia, sin embargo el Cerrtificado aportado NO CUMPLE por las siguientes razones: * No se puede evidenciar la fecha de inicio y de finalización de la ejecución del contrato * No se pueden observar las temáticas y de acuerdo con el objeto certificado este NO CUMPLE con las temáticas del Grupo 1. Por lo tanto, no se puede tener en cuenta esta experiencia para el presente grupo. SUBSANACIÓN: Deberá acreditar la Experiencia conforme a lo establecido en el pliego de condiciones, numeral 4.3.1 EXPERIENCIA. El proponente deberá tener en cuenta que debe tener en cuenta que el pliego de condiciones establece en su numeral 4.3.1, Nota 3 que “para acreditar la experiencia el proponente podrá aportar mínimo uno (1) y máximo tres (3) contratos para cada uno de los grupos o lotes, o podrá aportar los mismos para todos los grupos o lotes siempre y cuando cumplan con todas las condiciones establecidas para cada grupo. En la verificación del número de contratos frente al presupuesto oficial, el valor a certificar debe ser con relación al valor del presupuesto oficial del respectivo grupo o lote expresado en SMMLV, si se presenta para los dos grupos, será la sumatoria de los dos grupos a presentarse.” Razón por la cual, al quererse acreditar esta experiencia para los dos grupos (1 y2), la misma en sumatoria es insuficiente para los dos grupos.
A20: NO TIENE N° DE CONTRATO | D20: 80111500 86101600 86101700 86101800 86111500 86111600 86132000 86141500 86141700 | G20: SERVICIOS EMPRESARIALES MAEC SAS | Q20: NO SE PUEDE EVIDENCIAR | T20: NO SE PUEDE EVIDENCIAR | W20: El objeto del presente contrato es prestación de servicios profesionales para desarrollar procesos formativos en capacitaciones como talleres, cursos y diplomados en metodología virtual y presencial, teniendo en cuenta las requisiciones solicitadas por el contratante como: diseño de cursos y talleres a la medida en los periodos programados según el plan de trabajo de la SERVICIOS EMPRESARIALES MAEC S.A.S. | AI20: SI CUMPLE | AL20: SI | AO20: NO APLICA | AR20: NO APLICA | AU20: 280.17 | AX20: 29 | BA20: SI | BD20: SI | BG20: NO CUMPLE | BJ20: El proponente aportó certificado de experiencia, sin embargo el Cerrtificado aportado NO CUMPLE por las siguientes razones: * No se puede evidenciar la fecha de inicio y de finalización de la ejecución del contrato SUBSANACIÓN: Deberá presentar el certificado con la Experiencia conforme a lo establecido en el pliego de condiciones, numeral 4.3.1 EXPERIENCIA. El proponente deberá tener en cuenta que debe tener en cuenta que el pliego de condiciones establece en su numeral 4.3.1, Nota 3 que “para acreditar la experiencia el proponente podrá aportar mínimo uno (1) y máximo tres (3) contratos para cada uno de los grupos o lotes, o podrá aportar los mismos para todos los grupos o lotes siempre y cuando cumplan con todas las condiciones establecidas para cada grupo. En la verificación del número de contratos frente al presupuesto oficial, el valor a certificar debe ser con relación al valor del presupuesto oficial del respectivo grupo o lote expresado en SMMLV, si se presenta para los dos grupos, será la sumatoria de los dos grupos a presentarse.” Razón por la cual, al quererse acreditar esta experiencia para los dos grupos (1 y2), la misma en sumatoria es insuficiente para los dos grupos.
AR21: SUMATORIA | AU21: 0 | BG21: NO CUMPLE
A23: 4.3.2. PERSONAL MÍNIMO REQUERIDO:
A25: P E R S O N A L M I N I M O R E Q U R I D O .
A26: NOMBRES Y APELLIDOS | G26: HOJA DE VIDA SI /NO | J26: CEDULA CIUDADANIA | M26: TITULO PROFESIONAL | Q26: FECHA GRADO | T26: Copia de la Tarjeta o matricula profesional vigente | Y26: Certificado de vigencia de la tarjeta profesional | AD26: APORTA TITULO PROFESIONAL | AI26: NOMBRE O RAZON SOCIAL DEL CONTRATANTE | AN26: CERTIFICADO CUMPLE (cargo y/o rol específico y/o objeto, funciones y/o obligaciones y/o actividades desempeñadas relacionadas con el perfil, y el tiempo laborado y/o de ejecución | AS26: EXPERIENCIA RELACIONADA COMO COORDINADOR | AV26: CERTIFICA MISMO PROPONENTE | AY26: APORTA CONTRATO | BB26: APORTA FORMATO EQUIPO DE TRABAJO | BD26: FECHA INICIO | BG26: FECHA FIN | BJ26: AÑO | BK26: MES | BL26: DIA | BM26: TOTAL TIEMPO EXPERIENCIA | BO26: CUMPLE SI/ NO | BR26: OBSERVACIONES
A27: OLGA AMANDA GUERRON GUERRERO | G27: SI | J27: SI | M27: INGENIERA DE SISTEMAS | Q27: 37955 | T27: SI | Y27: SI | AD27: SI | AI27: UNIVERSIDAD DEL CHICAMOCHA | AN27: NO | AS27: SI | AV27: SI | AY27: NO | BB27: SI | BD27: 44713 | BG27: 45496 | BJ27: =DATEDIF(BD27,BG27,"Y") -> 2 | BK27: =DATEDIF(BD27,BG27,"YM") -> 1 | BL27: =DATEDIF(BD27,BG27,"MD") -> 22 | BO27: NO CUMPLE | BR27: El certificado de experiencia de la Universitaria Chicamocha, no tiene funciones, obligaciones o actividades, que puedan permitir verificar experiencia relacionada exigida. Así mismo, al ser certificado por el mismo proponente deberá adjuntarse adicionalmente copia del respectivo contrato celebrado con el profesional propuesto y/o el contrato del proyecto en el cual el profesional ejecutó su actividad. SUBSANACIÓN: Deberá: Acreditar la experiencia del coordinador de acuerdo con lo establecido en la observación anterior y cumpliendo con 4.3.2 EQUIPO DE TRABAJO MÍNIMO HABILITANTE.
BG28: TOTAL DE MESES | BJ28: =SUM(BJ20:BJ27) -> 2 | BK28: =SUM(BK20:BK27) -> 1 | BL28: =SUM(BL20:BL27) -> 22 | BO28: NO CUMPLE
BJ29: =+BJ28*12 -> 24 | BK29: =+BK28 -> 1 | BL29: =+BL28/30 -> 0.73333333
A30: 4.3.3. SEDES | BJ30: =+BJ29+BK29+BL29 -> 25.733333 | BK30: MESES
A32: S E D E S
A33: SEDE | G33: DOCUMENTO SOPORTE | M33: EXPEDIDO | Q33: FECHA EXPEDICION | U33: ÚBICACIÓN DEL INMUEBLE | Y33: BOGOTA | AB33: CUMPLE | AE33: CUMPLE SI/ NO | AH33: OBSERVACIONES
A34: ARRENDADA | G34: CONTRATO DE ARRIENDO | M34: INSTITUTO COLOMBIANO DE APRENDIZAJE SAS INCAP SAS | Q34: 45497 | U34: BOGOTA | Y34: SI | AB34: SI | AE34: =+IF(AB34="SI","SI CUMPLE","NO CUMPLE") -> SI CUMPLE
AE35: SI CUMPLE
A37: 4.3.4. PROPUESTA TÉCNICA
A39: P R O P U E S T A T E C N I C A
A40: ANEXO TÉCNICO – FICHA DE ESPECIFICACIONES TÉCNICAS MÍNIMAS. | G40: CUMPLE | J40: CUMPLE SI/ NO | M40: OBSERVACIONES
A41: El proponente con la suscripción de la Carta de Presentación manifiesta que ha leído entiende, acepta y cumplirá todos los requerimientos establecidos en el Anexo No. 1 Especificaciones Técnicas Mínimas, para realizar todas las actividades y entregables descritos en el citado documento. | G41: SI | J41: =+IF(G41="SI","SI CUMPLE","NO CUMPLE") -> SI CUMPLE | M41: El proponente aporta FORMATO N° 1 DE CARTA DE PRESENTACION DE LA OFERTA en el cual en el literal D "Manifiesta que he leído entiendo, acepto y cumpliré todos los requerimientos establecidos en el ANEXO 1 - FICHA TÉCNICA, para realizar todas las actividades y entregables descritos en el citado documento"
J42: SI CUMPLE

Sheet 9. POLITECNICO
A1: CONSOLIDADO
A2: OBJETO | C2: Prestar los servicios de formación y capacitación a los funcionarios de la Superintendencia Nacional de Salud para fortalecer sus competencias, de acuerdo con lo identificado en el Plan Institucional de Capacitación para la vigencia 2024.
A3: GRUPO 1 | C3: Capacitaciones que son de carácter normativo:
A4: TEMATICAS | C4: 1. Actualización en Seguridad Social en salud. | L4: 4. Normatividad sobre gestores farmacéuticos. | W4: 7. Diplomado auditoria forense.
C5: 2. Gestión Financiera en el sector público. | L5: 5. Actualización normativa cobros persuasivos y coactivos. | W5: 8. Sistema Obligatorio de Garantía de la Calidad en Salud.
C6: 3. Actualización Normativa en la función Pública. | L6: 6. Derecho fundamental al debido proceso. | W6: 9. Manejo de recursos en el sector salud.
A8: NOMBRE DEL PROPONENTE | G8: POLITECNICO GRANCOLOMBIANO
A9: NOMBRE DEL REPRESENTANTE LEGAL | G9: Jaime Alberto Sarmiento Martinez
A10: NIT | G10: 860.078.643 - 1
A11: MIPYME | G11: NO APLICA
A12: PRESUPUESTO OFICIAL | G12: 226.89
A14: 4.3.1. EXPERIENCIA DEL PROPONENTE
A16: E X P E R I E N C I A
A17: NUMERO CONTRATO | D17: CODIGO UNSPC | G17: ENTIDAD CONTRATANTE | Q17: FECHA INICIO | T17: FECHA FIN | W17: OBJETO CONTRACTUAL ("Prestar los servicios de formación y/o capacitación en cualquiera de las tematicas del grupo 1.") | AI17: CAPACITACION RELACIONADA | AL17: APORTA CERTIFICACION | AO17: EJECUTADA EN CONSORCIO O UNION TEMPORAL | AR17: PORCENTAJE DE PARTICIPACION | AU17: VALOR DEL CONTRATO (ser igual o superior a 226,89 SMMLV) | AX17: INSCRIPCIÓN DEL CONTRATO EN EL RUP | BA17: RUP VIGENTE Y EN FIRME | BD17: FORMATO RELACIONES DE CERTIFICACIONES SI/ NO | BG17: CUMPLE SI/ NO | BJ17: OBSERVACIONES
A18: 9702021 | D18: 80111500 86101600 86101700 86101800 86111500 86111600 86132000 86141500 86141700 | G18: AGENCIA DE DESARROLLO RURAL | Q18: 44452 | T18: 44548 | W18: Prestar los servicios de formación y capacitación para el desarrollo de competencias de conformidad con el plan institucional de formación y capacitación-PIFC 2021. | AI18: SI CUMPLE | AL18: SI | AO18: NO APLICA | AR18: NO APLICA | AU18: 186.58 | AX18: 152 | BA18: SI | BD18: SI | BG18: SI CUMPLE
A19: 4600094894 de 2022 | D19: 80111500 86101600 86101700 86101800 86111500 86111600 86132000 86141500 86141700 | G19: ALCALDIA DE MEDELLIN | Q19: 44790 | T19: 44926 | W19: Prestar servicios educativos a través de la realización de programas de aprendizaje para mejoramiento de la cultura organizacional y el fortalecimiento del buen servicio | AI19: SI CUMPLE | AL19: SI | AO19: NO APLICA | AR19: NO APLICA | AU19: 284.28 | AX19: 174 | BA19: SI | BD19: SI | BG19: SI CUMPLE
A20: 1-9000-027-2022 | D20: 80111500 86101600 86101700 86101800 86111500 86111600 86132000 86141500 86141700 | G20: FIDUPREVISORA | Q20: 44659 | T20: NO SE EVIDENCIA | W20: El CONTRATISTA con autonomía técnica y administrativa, se obliga con el CONTRATANTE a prestar el servicio de capacitaciones y cursos de formación online a la medida de las necesidades del CONTRATANTE y en cumplimiento al Plan Institucional de Capacitación establecido para el 2022, mediante plataformas y aulas virtuales, que permitan escenarios de aprendizaje compartido, interactivos y dinámicos y a la vez, espacios de autoaprendizajes, con el fin de desarrollar competencias y conocimientos que aporten al mejoramiento de la gestión organizacional del CONTRATANTE. Lo anterior, de conformidad con lo establecido en la invitación cerrada No. 002 de 2022 y conforme a la propuesta presentada por el CONTRATISTA, la cual hace parte integral del contrato, en lo que no lo contravenga | AI20: SI CUMPLE | AL20: NO | AO20: NO APLICA | AR20: NO APLICA | AU20: 142.16 | AX20: 179 | BA20: SI | BD20: SI | BG20: NO CUMPLE | BJ20: El proponente no aportó Certificación de experiencia para el contrato con la FIDUPREVISORA y por el contrario aportó el contrato, acta de liquidación, evaluación de proveedores, otro sí y términos preliminares de la invitación, con los cuales NO CUMPLE con el requisito, toda vez que se debe aportar es el Certificado de Experiencia donde se evidencie la información de la Nota 2, del numeral 4.3.1 Experiencia. Así mismo, del acta de liquidación no se puede extraer toda la información. correspondiente a la ejecución, en cuanto a la claridad de la fecha de terminación del contrato. Por lo tanto, no se puede tener en cuenta esta experiencia. SUBSANACIÓN: Se tiene en cuenta únicamente la sumatoria de las experiencias de la ADR y Alcaldía de Medellín. Deberá aportar el Certificado de Experiencia de la Fiduprevisora conforme a lo establecido en el pliego de condiciones, numeral 4.3.1 EXPERIENCIA. Así mismo debe tener en cuenta que para el presente caso, se está acreditando la misma experiencia para los dos grupos. Por lo tanto, la suma de las certificaciones aportadas debe ser el valor total de presupuesto oficial en Salarios Mínimos Legales Mensuales Vigentes, es decir 479,60. Lo anterior, en cumplimiento a la NOTA 3: Para acreditar la experiencia el proponente podrá aportar mínimo uno (1) y máximo tres (3) contratos para cada uno de los grupos o lotes, o podrá aportar los mismos para todos los grupos o lotes siempre y cuando cumplan con todas las condiciones establecidas para cada grupo. En la verificación del número de contratos frente al presupuesto oficial, el valor a certificar debe ser con relación al valor del presupuesto oficial del respectivo grupo o lote expresado en SMMLV, si se presenta para los dos grupos, será la sumatoria de los dos grupos a presentarse. Razón por la cual, para tener la habilitación de la oferta, debe presentar el CERTIFICADO DE EXPERIENCIA expedido por la Fiduprevisora.
AR21: SUMATORIA | AU21: =AU18+AU19 -> 470.86 | BG21: NO CUMPLE
A23: 4.3.2. PERSONAL MÍNIMO REQUERIDO:
A25: P E R S O N A L M I N I M O R E Q U R I D O .
A26: NOMBRES Y APELLIDOS | G26: HOJA DE VIDA SI /NO | J26: CEDULA CIUDADANIA | M26: TITULO PROFESIONAL | Q26: FECHA GRADO | T26: Copia de la Tarjeta o matricula profesional vigente | Y26: Certificado de vigencia de la tarjeta profesional | AD26: APORTA TITULO PROFESIONAL | AI26: NOMBRE O RAZON SOCIAL DEL CONTRATANTE | AN26: CERTIFICADO CUMPLE (cargo y/o rol específico y/o objeto, funciones y/o obligaciones y/o actividades desempeñadas relacionadas con el perfil, y el tiempo laborado y/o de ejecución | AS26: EXPERIENCIA RELACIONADA COMO COORDINADOR | AV26: CERTIFICA MISMO PROPONENTE | AY26: APORTA CONTRATO | BB26: APORTA FORMATO EQUIPO DE TRABAJO | BD26: FECHA INICIO | BG26: FECHA FIN | BJ26: AÑO | BK26: MES | BL26: DIA | BM26: TOTAL TIEMPO EXPERIENCIA | BO26: CUMPLE SI/ NO | BR26: OBSERVACIONES
A27: ANGELA MADELENE HERRERA GOMEZ | G27: SI | J27: SI | M27: Licenciado en Educación Básica con Énfasis en Lengua Castellana | Q27: 41431 | T27: N/A | Y27: NO APLICA | AD27: SI | AI27: Project Manager Colombia | AN27: SI | AS27: SI | AV27: NO | AY27: NO APLICA | BB27: SI | BD27: 44635 | BG27: 45229 | BJ27: =DATEDIF(BD27,BG27,"Y") -> 1 | BK27: =DATEDIF(BD27,BG27,"YM") -> 7 | BL27: =DATEDIF(BD27,BG27,"MD") -> 15 | BO27: =+IF(BE30>=24,"SI CUMPLE","NO CUMPLE") -> SI CUMPLE
AI28: Corporacion Kaizen | AN28: SI | AS28: SI | AV28: NO | AY28: NO APLICA | BB28: SI | BD28: 42529 | BG28: 43070 | BJ28: =DATEDIF(BD28,BG28,"Y") -> 1 | BK28: =DATEDIF(BD28,BG28,"YM") -> 5 | BL28: =DATEDIF(BD28,BG28,"MD") -> 23 | BO28: SI CUMPLE
AI29: Instituto Universitario Politecnico Gran Colombiano | AN29: NO | AS29: SI | AV29: SI | AY29: NO | BB29: SI | BD29: 43290 | BG29: 43373 | BJ29: =DATEDIF(BD29,BG29,"Y") -> 0 | BK29: =DATEDIF(BD29,BG29,"YM") -> 2 | BL29: =DATEDIF(BD29,BG29,"MD") -> 21 | BO29: =+IF(BH32>=24,"SI CUMPLE","NO CUMPLE") -> NO CUMPLE | BR29: A pesar de que no cumple la certificación porque no se aporta el contrato no se tiene en cuenta porque con las dos anteriores CUMPLE con el requisito
BE30: TOTAL MESES | BJ30: =SUM(BJ23:BJ29) -> 2 | BK30: =SUM(BK23:BK29) -> 14 | BL30: =SUM(BL23:BL29) -> 59 | BO30: SI CUMPLE
BJ31: =+BJ30*12 -> 24 | BK31: =+BK30 -> 14 | BL31: =+BL30/30 -> 1.9666667
A32: 4.3.3. SEDES | BJ32: =+BJ31+BK31+BL31 -> 39.966667 | BK32: MESES
A34: S E D E S
A35: SEDE | G35: DOCUMENTO SOPORTE | M35: EXPEDIDO | Q35: FECHA EXPEDICION | U35: ÚBICACIÓN DEL INMUEBLE | Y35: BOGOTA | AB35: CUMPLE | AE35: CUMPLE SI/ NO | AH35: OBSERVACIONES
A36: PROPIA | G36: CERTIFICADO DE TRADICION Y LIBERTAD | M36: OFICINA DE INSTRUMENTOS PUBLICOS DE BOGOTA ZONA CENTRO | Q36: 2/0/2024 | U36: BOGOTA | Y36: SI | AB36: SI | AE36: =+IF(AB36="SI","SI CUMPLE","NO CUMPLE") -> SI CUMPLE
AE37: SI CUMPLE
A39: 4.3.4. PROPUESTA TÉCNICA
A41: P R O P U E S T A T E C N I C A
A42: ANEXO TÉCNICO – FICHA DE ESPECIFICACIONES TÉCNICAS MÍNIMAS. | G42: CUMPLE | J42: CUMPLE SI/ NO | M42: OBSERVACIONES
A43: El proponente con la suscripción de la Carta de Presentación manifiesta que ha leído entiende, acepta y cumplirá todos los requerimientos establecidos en el Anexo No. 1 Especificaciones Técnicas Mínimas, para realizar todas las actividades y entregables descritos en el citado documento. | G43: SI | J43: =+IF(G43="SI","SI CUMPLE","NO CUMPLE") -> SI CUMPLE | M43: El proponente aporta FORMATO N° 1 DE CARTA DE PRESENTACION DE LA OFERTA en el cual en el literal D "Manifiesta que he leído entiendo, acepto y cumpliré todos los requerimientos establecidos en el ANEXO 1 - FICHA TÉCNICA, para realizar todas las actividades y entregables descritos en el citado documento"
J44: SI CUMPLE

Sheet 10. SANTIAGO CALI
A1: CONSOLIDADO
A2: OBJETO | C2: Prestar los servicios de formación y capacitación a los funcionarios de la Superintendencia Nacional de Salud para fortalecer sus competencias, de acuerdo con lo identificado en el Plan Institucional de Capacitación para la vigencia 2024.
A3: GRUPO 1 | C3: Capacitaciones que son de carácter normativo:
A4: TEMATICAS | C4: 1. Actualización en Seguridad Social en salud. | L4: 4. Normatividad sobre gestores farmacéuticos. | W4: 7. Diplomado auditoria forense.
C5: 2. Gestión Financiera en el sector público. | L5: 5. Actualización normativa cobros persuasivos y coactivos. | W5: 8. Sistema Obligatorio de Garantía de la Calidad en Salud.
C6: 3. Actualización Normativa en la función Pública. | L6: 6. Derecho fundamental al debido proceso. | W6: 9. Manejo de recursos en el sector salud.
A8: NOMBRE DEL PROPONENTE | G8: UNIVERSIDAD SANTIAGO DE CALI
A9: NOMBRE DEL REPRESENTANTE LEGAL
A10: NIT | G10: 890.303.797-1
A11: MIPYME | G11: NO
A12: PRESUPUESTO OFICIAL | G12: 226.89
A14: 4.3.1. EXPERIENCIA DEL PROPONENTE
A16: E X P E R I E N C I A
A17: NUMERO CONTRATO | D17: CODIGO UNSPC | G17: ENTIDAD CONTRATANTE | Q17: FECHA INICIO | T17: FECHA FIN | W17: OBJETO CONTRACTUAL ("Prestar los servicios de formación y/o capacitación en cualquiera de las tematicas del grupo 1.") | AI17: CAPACITACION RELACIONADA | AL17: APORTA CERTIFICACION | AO17: EJECUTADA EN CONSORCIO O UNION TEMPORAL | AR17: PORCENTAJE DE PARTICIPACION | AU17: VALOR DEL CONTRATO (ser igual o superior a 226,89 SMMLV) | AX17: FOLIO INSCRIPCIÓN DEL CONTRATO EN EL RUP | BA17: RUP VIGENTE Y EN FIRME | BD17: FORMATO RELACIONES DE CERTIFICACIONES SI/ NO | BG17: CUMPLE SI/ NO | BJ17: OBSERVACIONES
A18: 626-2020 | D18: 80111500 86101600 86101700 86101800 86111500 86111600 86132000 86141500 86141700 | G18: CORPORACIÓN AUTONOMA REGIONAL DEL VALLE DEL CAUCA | Q18: NO SE EVIDENCIA | T18: NO SE EVIDENCIA | W18: Realizar diplomado sobre régimen del empleado público y conflicto colectivo y diplomado en derecho ambiental dirigido a servidores públicos de la Corporación Autonóma Regional del Calle del Cauca CVC | AI18: SI CUMPLE | AL18: NO | AO18: NO APLICA | AR18: NO APLICA | AU18: 91.14 | AX18: 73 | BA18: SI | BD18: SI | BG18: NO CUMPLE | BJ18: El proponente no aportó Certificado de Experiencia y por el contrario aportó el acta de inicio y acta de entrega de un contrato con la Corporación Autónoma Regional del Valle del Cauca, con la cual NO CUMPLE con el requisito, toda vez que se debe aportar es el Certificado de Experiencia donde se evidencie la información de la Nota 2, del numeral 4.3.1 Experiencia. Por lo tanto, no se puede tener en cuenta esta experiencia porque no permite verificar la información requerida y cumplida. SUBSANACIÓN: Deberá aportar el Certificado de Experiencia conforme a lo establecido en el pliego de condiciones, numeral 4.3.1 EXPERIENCIA.
A19: PSA-2023/232 | D19: 80111500 86101600 86101700 86101800 86111500 86111600 86132000 86141500 86141700 | G19: CAJA DE COMPENSACIÓN FAMILIAR DEL VALLE DEL CAUCA - COMFAMILIAR ANDI - COMFANDI | Q19: NO SE EVIDENCIA | T19: NO SE EVIDENCIA | W19: servicio de educación no formal a través del desarrollo de un (01) diplomado de facturación en salud y un (01) diplomado en marketing digital, para dos (02) grupos de hasta 80 personas cada uno, para un total de 160 participantes, que se conformen con personas beneficiarias del auxilio de desempleo o programa de protección al cesante FOSFEC, en la modalidad virtual. | AI19: NO CUMPLE | AL19: NO | AO19: NO APLICA | AR19: NO APLICA | AU19: 169.23 | AX19: 111 | BA19: SI | BD19: SI | BG19: NO CUMPLE | BJ19: El proponente no aportó Certificado de Experiencia y por el contrario aportó un contrato y un otro sí con COMFANDI, con la cual NO CUMPLE con el requisito. Adicionalmente, que las temáticas del Grupo 1, no son cumplidas con este contrato y por lo tanto no cumple con la experiencia del numeral 4.3.1 Experiencia. Por lo tanto, no se puede tener en cuenta esta experiencia porque no cumple con las temáticas propuestas. La experiencia que quiere hacer valer frente a Facturación en Salud, no corresponde a las temáticas del grupo 1, ya que la temática es de Manejo de recursos en el sector salud contraria a lo indicado en los temas que determina como parte de a Facturación, que corresponde es al manejo desde el vigilado. SUBSANACIÓN: Deberá aportar el Certificado de Experiencia conforme a lo establecido en el pliego de condiciones, numeral 4.3.1 EXPERIENCIA. Se le recuerda al proponente, que puede aportar máximo 3 certificaciones de experiencia.
A20: 4137.010.26.1 440-2023 | D20: 80111500 86101600 86101700 86101800 86111500 86111600 86132000 86141500 86141700 | G20: DEPARTAMENTO ADMINISTRATIVO DE DESARROLLO E INNOVACIÓN INSTITUCIONAL DE LA ALCALDIA DE SANTIAGO DE CALI | Q20: 45162 | T20: 45275 | W20: PRESTAR SERVICIOS PROFESIONALES PARA REALIZAR CAPACITACIONES EN TEMAS DE VERIFICADORES EN LA RESOLUCIÓN 3119 DE 2019, ALCANCE Y APLICACIÓN DE LA RESOLUCIÓN 3027 DE 2010, ELABORACIÓN DE COMPARENDOS POR INFRACCIONES DE TRÁNSITO, NORMAS INTERNACIONALES DE INFORMACIÓN FINANCIERA PARA ENTIDADES DE GOBIERNO, NICSP, ATENCIÓN AL USUARIO CON ENFOQUE EN DISCAPACIDAD AUDITIVA Y CURSOS DE OFIMATICA INTERMEDIO, INCLUIDOS EN EL PIC 2023 | AI20: SI CUMPLE | AL20: SI | AO20: NO APLICA | AR20: NO APLICA | AU20: 66.81 | AX20: 112 | BA20: SI | BD20: SI | BG20: =+IF(AU23>=G14,"SI CUMPLE","NO CUMPLE") -> SI CUMPLE | BJ20: La experiencia de este certificado CUMPLE, sin embargo, no alcanza para cumplir con el presupuesto del Grupo 1.
AR21: SUMATORIA | AU21: 66.81 | BG21: NO CUMPLE
A23: 4.3.2. PERSONAL MÍNIMO REQUERIDO:
A25: P E R S O N A L M I N I M O R E Q U R I D O .
A26: NOMBRES Y APELLIDOS | G26: HOJA DE VIDA SI /NO | J26: CEDULA CIUDADANIA | M26: TITULO PROFESIONAL | Q26: FECHA GRADO | T26: Copia de la Tarjeta o matricula profesional vigente | Y26: Certificado de vigencia de la tarjeta profesional | AD26: APORTA TITULO PROFESIONAL | AI26: NOMBRE O RAZON SOCIAL DEL CONTRATANTE | AN26: CERTIFICADO CUMPLE (cargo y/o rol específico y/o objeto, funciones y/o obligaciones y/o actividades desempeñadas relacionadas con el perfil, y el tiempo laborado y/o de ejecución | AS26: EXPERIENCIA RELACIONADA COMO COORDINADOR | AV26: CERTIFICA MISMO PROPONENTE | AY26: APORTA CONTRATO | BB26: APORTA FORMATO EQUIPO DE TRABAJO | BD26: FECHA INICIO | BG26: FECHA FIN | BJ26: AÑO | BK26: MES | BL26: DIA | BM26: TOTAL TIEMPO EXPERIENCIA | BO26: CUMPLE SI/ NO | BR26: OBSERVACIONES
A27: ALFONSO ANDRES VARGAS HERRERA | G27: SI | J27: SI | M27: Profesional en mercadeo y publicidad | Q27: 41542 | T27: N/A | Y27: NO APLICA | AD27: SI | AI27: ESCUELA INTERNACIONAL DE DISEÑO Y COMERCIO LASALLE COLLEGE SAS | AN27: SI | AS27: SI | AV27: NO | AY27: NO APLICA | BB27: SI | BD27: 42248 | BG27: 43480 | BJ27: =DATEDIF(BD27,BG27,"Y") -> 3 | BK27: =DATEDIF(BD27,BG27,"YM") -> 4 | BL27: =DATEDIF(BD27,BG27,"MD") -> 14 | BO27: SI CUMPLE
BE28: TOTAL DE MESES | BJ28: =SUM(BJ24:BJ27) -> 3 | BK28: =SUM(BK24:BK27) -> 4 | BL28: =SUM(BL24:BL27) -> 14 | BO28: SI CUMPLE
BJ29: =+BJ28*12 -> 36 | BK29: =+BK28 -> 4 | BL29: =+BL28/30 -> 0.46666667
A30: 4.3.3. SEDES | BJ30: =+BJ29+BK29+BL29 -> 40.466667 | BK30: MESES
A32: S E D E S
A33: SEDE | G33: DOCUMENTO SOPORTE | M33: EXPEDIDO | Q33: FECHA EXPEDICION | U33: ÚBICACIÓN DEL INMUEBLE | Y33: BOGOTA | AB33: CUMPLE | AE33: CUMPLE SI/ NO | AH33: OBSERVACIONES
AE34: NO CUMPLE | AH34: El Proponente deberá acreditar mínimo una (1) sede administrativa propia o contratada con terceros, ubicada en la sede principal de la ciudad de Bogotá D.C. Este requisito se verificará así: • PARA SEDE PROPIA: Con certificado de tradición y libertad del inmueble con fecha de expedición no mayor a treinta (30) días calendario anterior a la fecha de cierre del proceso. • PARA SEDE ARRENDADA: Por medio del contrato de arrendamiento, vigente, leasing o similares. El proponente aportó convenio de cooperación suscrito entre la universidad Santiago de Cali y la Universidad Agustiniana, sin embargo, se mantiene en que el proponente NO CUMPLE teniendo en cuenta lo señalado en el CONSOLIDADO DE RESPUESTAS A LAS OBSERVACIONES TÉCNICAS PRESENTADAS AL PROYECTO DE PLIEGO DE CONDICIONES No. SNS-LP-2-2024, que señala frente a la observación de permitir sede bajo la modalidad PARA SEDE POR CONVENIO.”, no aceptarse la debido a que los requisitos habilitantes son establecidos teniendo en cuenta lo regulado en el artículo 2.2.1.1.1.6.2. de la ley 1082 de 2015, es decir, (a) el Riesgo del Proceso de Contratación; (b) el valor del contrato objeto del Proceso de Contratación; (c) el análisis del sector económico respectivo; y (d) el conocimiento de fondo de los posibles oferentes desde la perspectiva comercial. En consideración a esto, se estableció el requisito habilitante de contar con sede propia o arrendada al cierre del proceso de selección, toda vez que esto minimiza fallas en la planeación, logística u organización del contratista que retrasen la ejecución del contrato en el plazo establecido y el cumplimiento del objeto contractual. De la misma forma, el artículo 2.6.6.8. del decreto 1075 de 2015, determina que, para ofrecer los servicios de educación informal, que para el caso corresponden al presente proceso, se deberá cumplir con lo establecido en el artículo 47 del decreto – ley 2150 de 1995, el cual requiere de unas condiciones físicas para su operación con las que previamente deben contar los prestadores de este servicio" SUBSANACIÓN: Deberá aportar SEDE que cumpla con las condiciones del numeral 4.3.3 del pliego de condiciones.
AE35: NO CUMPLE
A37: 4.3.4. PROPUESTA TÉCNICA
A39: P R O P U E S T A T E C N I C A
A40: ANEXO TÉCNICO – FICHA DE ESPECIFICACIONES TÉCNICAS MÍNIMAS. | G40: CUMPLE | J40: CUMPLE SI/ NO | M40: OBSERVACIONES
A41: El proponente con la suscripción de la Carta de Presentación manifiesta que ha leído entiende, acepta y cumplirá todos los requerimientos establecidos en el Anexo No. 1 Especificaciones Técnicas Mínimas, para realizar todas las actividades y entregables descritos en el citado documento. | G41: SI | J41: =+IF(G41="SI","SI CUMPLE","NO CUMPLE") -> SI CUMPLE | M41: El proponente aporta FORMATO N° 1 DE CARTA DE PRESENTACION DE LA OFERTA en el cual en el literal D "Manifiesta que he leído entiendo, acepto y cumpliré todos los requerimientos establecidos en el ANEXO 1 - FICHA TÉCNICA, para realizar todas las actividades y entregables descritos en el citado documento"
J42: SI CUMPLE

Sheet 11. ESUMER
A1: CONSOLIDADO
A2: OBJETO | C2: Prestar los servicios de formación y capacitación a los funcionarios de la Superintendencia Nacional de Salud para fortalecer sus competencias, de acuerdo con lo identificado en el Plan Institucional de Capacitación para la vigencia 2024.
A3: GRUPO 1 | C3: Capacitaciones que son de carácter normativo:
A4: TEMATICAS | C4: 1. Actualización en Seguridad Social en salud. | L4: 4. Normatividad sobre gestores farmacéuticos. | W4: 7. Diplomado auditoria forense.
C5: 2. Gestión Financiera en el sector público. | L5: 5. Actualización normativa cobros persuasivos y coactivos. | W5: 8. Sistema Obligatorio de Garantía de la Calidad en Salud.
C6: 3. Actualización Normativa en la función Pública. | L6: 6. Derecho fundamental al debido proceso. | W6: 9. Manejo de recursos en el sector salud.
A8: NOMBRE DEL PROPONENTE | G8: FUNDACION UNIVERSITARIA ESUMER
A9: NOMBRE DEL REPRESENTANTE LEGAL | G9: JOHN ROMEIRO SERNA PELAEZ
A10: NIT | G10: 890981796-1
A11: MIPYME | G11: NO APLICA
A12: PRESUPUESTO OFICIAL | G12: 226.89
A14: 4.3.1. EXPERIENCIA DEL PROPONENTE
A16: E X P E R I E N C I A
A17: NUMERO CONTRATO (SI APLICA) | D17: CODIGO UNSPC | G17: ENTIDAD CONTRATANTE | Q17: FECHA INICIO | T17: FECHA FIN | W17: OBJETO CONTRACTUAL ("Prestar los servicios de formación y/o capacitación en cualquiera de las tematicas del grupo 1.") | AI17: CAPACITACION RELACIONADA | AL17: APORTA CERTIFICACION | AO17: EJECUTADA EN CONSORCIO O UNION TEMPORAL | AR17: PORCENTAJE DE PARTICIPACION | AU17: VALOR DEL CONTRATO (ser igual o superior a 226,89 SMMLV) | AX17: NUMERO INSCRIPCION RUP | BA17: RUP VIGENTE Y EN FIRME | BD17: FORMATO RELACIONES DE CERTIFICACIONES SI/ NO | BG17: CUMPLE SI/ NO | BJ17: OBSERVACIONES
A18: 2021005 | D18: 80111500 86101600 86101700 (X) 86101800 86111500 86111600 86132000 (X) 86141500 86141700 | G18: CAMARA DE COMERCIO ABURRA SUR | Q18: 44237 | T18: 44540 | W18: Realizar para la camara, el desarrollo de acciones orientadas al fortalecimiento de la base microempresarial, de los empresarios del aburra sur mediante estrategias de fortalecimiento empresarial . | AI18: NO CUMPLE | AL18: SI | AO18: NO APLICA | AR18: NO APLICA | AU18: 173.22 | AX18: 106 | BA18: SI | BD18: NO | BG18: NO CUMPLE | BJ18: El proponente: No aportó FORMATO NO. 3 FORMATO CERTIFICADO DE ACREDITACIÓN DE EXPERIENCIA DEL PROPONENTE. El certificado aportado NO CUMPLE ni con el objeto del proceso, ni con las temáticas del grupo propuesto. SUBSANACIÓN: Deberá aportar: El FORMATO NO. 3 CERTIFICADO DE ACREDITACIÓN DE EXPERIENCIA DEL PROPONENTE y acreditar la experiencia conforme a lo establecido en el pliego de condiciones, numeral 4.3.1 EXPERIENCIA. y su adenda.
A19: 2022-008 | D19: 80111500 86101600 86101700 (X) 86101800 86111500 86111600 86132000 86141500 (X) 86141700 | G19: CAMARA DE COMERCIO ABURRA SUR | Q19: 44599 | T19: 44911 | W19: Realizar para la camara, el desarrollo de acciones orientadas al fortalecimiento de la base microempresarial, de los empresarios del aburra sur mediante estrategias de fortalecimiento empresarial . | AI19: NO CUMPLE | AL19: SI | AO19: NO APLICA | AR19: NO APLICA | AU19: 196.83 | AX19: 113 | BA19: SI | BD19: NO | BG19: NO CUMPLE
AR20: SUMATORIA | BG20: NO CUMPLE
A22: 4.3.2. PERSONAL MÍNIMO REQUERIDO:
A24: P E R S O N A L M I N I M O R E Q U R I D O .
A25: NOMBRES Y APELLIDOS | G25: HOJA DE VIDA SI /NO | J25: CEDULA CIUDADANIA | M25: TITULO PROFESIONAL | Q25: FECHA GRADO | T25: Copia de la Tarjeta o matricula profesional vigente | Y25: Certificado de vigencia de la tarjeta profesional | AD25: APORTA TITULO PROFESIONAL | AI25: NOMBRE O RAZON SOCIAL DEL CONTRATANTE | AN25: CERTIFICADO CUMPLE (cargo y/o rol específico y/o objeto, funciones y/o obligaciones y/o actividades desempeñadas relacionadas con el perfil, y el tiempo laborado y/o de ejecución | AS25: EXPERIENCIA RELACIONADA COMO COORDINADOR | AV25: CERTIFICA MISMO PROPONENTE | AY25: APORTA CONTRATO | BB25: APORTA FORMATO EQUIPO DE TRABAJO | BD25: FECHA INICIO | BG25: FECHA FIN | BJ25: AÑO | BK25: MES | BL25: DIA | BM25: TOTAL TIEMPO EXPERIENCIA | BO25: CUMPLE SI/ NO | BR25: OBSERVACIONES
A26: JOSE ANGEL ARRIETA DOMINGUEZ | G26: SI | J26: NO | M26: ADMINISTRADOR DE EMPRESAS | Q26: 37583 | T26: NO APORTA | Y26: NO | AD26: SI | AI26: UNIVERSIDAD EAFIT | AN26: SI | AS26: SI | AV26: NO | AY26: NO APLICA | BB26: NO | BD26: 44936 | BG26: 45281 | BJ26: =DATEDIF(BD26,BG26,"Y") -> 0 | BK26: =DATEDIF(BD26,BG26,"YM") -> 11 | BL26: =DATEDIF(BD26,BG26,"MD") -> 11 | BM26: =+BK26 -> 11 | BO26: NO CUMPLE | BR26: El proponente no aportó para el coordinador propuesto: Cédula de ciudadanía Copia de la tarjeta o matrícula profesional vigente (requiere por ser Administrador de empresas) Certificado de vigencia de la tarjeta profesional Formato “Relación de equipo de trabajo mínimo habilitante” Nota: Se revisan las dos hojas de vida, toda vez que no se indicó el grupo para el cual presenta a cada persona. SUBSANANCIÓN: Deberá aportar: Cédula de ciudadanía Copia de la tarjeta o matrícula profesional vigente (requiere por ser Administrador de empresas) Certificado de vigencia de la tarjeta profesional Formato “Relación de equipo de trabajo mínimo habilitante”. Deberá indicar en el formato, para cual grupo presenta el perfil propuesto
BD27: 41421 | BG27: 41627 | BJ27: =DATEDIF(BD27,BG27,"Y") -> 0 | BK27: =DATEDIF(BD27,BG27,"YM") -> 6 | BL27: =DATEDIF(BD27,BG27,"MD") -> 22 | BM27: =+BK27 -> 6
BD28: 41716 | BG28: 41988 | BJ28: =DATEDIF(BD28,BG28,"Y") -> 0 | BK28: =DATEDIF(BD28,BG28,"YM") -> 8 | BL28: =DATEDIF(BD28,BG28,"MD") -> 27 | BM28: =+BK28 -> 8
BD29: 42068 | BG29: 42358 | BJ29: =DATEDIF(BD29,BG29,"Y") -> 0 | BK29: =DATEDIF(BD29,BG29,"YM") -> 9 | BL29: =DATEDIF(BD29,BG29,"MD") -> 15 | BM29: =+BK29 -> 9
BD30: 43129 | BG30: 43457 | BJ30: =DATEDIF(BD30,BG30,"Y") -> 0 | BK30: =DATEDIF(BD30,BG30,"YM") -> 10 | BL30: =DATEDIF(BD30,BG30,"MD") -> 24 | BM30: =+BK30 -> 10
BD31: 43484 | BG31: 43828 | BJ31: =DATEDIF(BD31,BG31,"Y") -> 0 | BK31: =DATEDIF(BD31,BG31,"YM") -> 11 | BL31: =DATEDIF(BD31,BG31,"MD") -> 10 | BM31: =+BK31 -> 11
A32: ALEJANDRO GONZALEZ CALLE | G32: SI | J32: SI | M32: ADMINISTRADOR DE EMPRESAS | Q32: 38995 | T32: NO APORTA | Y32: NO | AD32: SI | AI32: RED DE SERVICIOS DE LA ORINOQUIA Y EL CARIBE | AN32: NO | AS32: NO | AV32: NO | AY32: NO APLICA | BB32: NO | BD32: 42476 | BG32: 45193 | BJ32: =DATEDIF(BD32,BG32,"Y") -> 7 | BK32: =DATEDIF(BD32,BG32,"YM") -> 5 | BL32: =DATEDIF(BD32,BG32,"MD") -> 8 | BM32: =+BK32 -> 5 | BO32: NO CUMPLE | BR32: El proponente no aportó para el coordinador propuesto: Copia de la tarjeta o matrícula profesional vigente (requiere por ser Administrador de empresas) Certificado de vigencia de la tarjeta profesional Formato “Relación de equipo de trabajo mínimo habilitante” La certificación RED DE SERVICIO DE LA ORINOQUÍA Y EL CARIBE aportada NO CUMPLE, porque no tiene experiencia laboral relacionada como coordinador de programas académicos y la certificación no indica funciones, obligaciones o actividades. Fecha finalización de experiencia hasta el 24/09/2023, debido a que se traslapa con la experiencia de Esumer. La certificación SERVICIOS TRANSACCIONALES DE COLOMBIA SAS aportada NO CUMPLE, porque no tiene cargo donde se pueda evidencia la experiencia laboral relacionada como Coordinador de programas académicos y la certificación no indica funciones, obligaciones o actividades. La certificación de ESUMER no cumple porque el cargo o rol, no tiene relación con la experiencia laboral relacionada como Coordinador de programas académicos. Así mismo, Al ser certificada por el mismo proponente, deberá adjuntarse adicionalmente copia del respectivo contrato celebrado con el profesional propuesto y/o el contrato del proyecto en el cual el profesional ejecutó su actividad. Nota: Se revisan las dos hojas de vida, toda vez que no se indicó el grupo para el cual presenta a cada persona. SUBSANACIÓN: Deberá aportar: Copia de la tarjeta o matrícula profesional vigente (requiere por ser Administrador de empresas) Certificado de vigencia de la tarjeta profesional Formato “Relación de equipo de trabajo mínimo habilitante” Acreditar la experiencia del coordinador de acuerdo con lo establecido en la observación anterior y cumpliendo con 4.3.2 EQUIPO DE TRABAJO MÍNIMO HABILITANTE y la Adenda No 1.
BJ33: =DATEDIF(BD33,BG33,"Y") -> 0 | BK33: =DATEDIF(BD33,BG33,"YM") -> 0 | BL33: =DATEDIF(BD33,BG33,"MD") -> 0 | BM33: =+BK33 -> 0
AI34: SERVICIOS TRANSACCIONALES DE COLOMBIA SAS | AN34: NO | AS34: NO | AV34: NO | AY34: NO APLICA | BB34: NO | BD34: 45362 | BG34: 45365 | BJ34: =DATEDIF(BD34,BG34,"Y") -> 0 | BK34: =DATEDIF(BD34,BG34,"YM") -> 0 | BL34: =DATEDIF(BD34,BG34,"MD") -> 3 | BM34: =+BK34 -> 0 | BO34: NO CUMPLE
BJ35: =DATEDIF(BD35,BG35,"Y") -> 0 | BK35: =DATEDIF(BD35,BG35,"YM") -> 0 | BL35: =DATEDIF(BD35,BG35,"MD") -> 0 | BM35: =+BK35 -> 0
AI36: ESUMER | AN36: NO | AS36: NO | AV36: SI | AY36: NO | BB36: NO | BD36: 45194 | BG36: 45209 | BJ36: =DATEDIF(BD36,BG36,"Y") -> 0 | BK36: =DATEDIF(BD36,BG36,"YM") -> 0 | BL36: =DATEDIF(BD36,BG36,"MD") -> 15 | BM36: =+BK36 -> 0 | BO36: NO CUMPLE
BD37: 45166 | BG37: 45187 | BJ37: =DATEDIF(BD37,BG37,"Y") -> 0 | BK37: =DATEDIF(BD37,BG37,"YM") -> 0 | BL37: =DATEDIF(BD37,BG37,"MD") -> 21 | BM37: =+BK37 -> 0
BL38: NO CUMPLE
A41: 4.3.3. SEDES
A43: S E D E S
A44: SEDE | G44: DOCUMENTO SOPORTE | M44: EXPEDIDO | Q44: FECHA EXPEDICION | U44: ÚBICACIÓN DEL INMUEBLE | Y44: BOGOTA | AB44: CUMPLE | AE44: CUMPLE SI/ NO | AH44: OBSERVACIONES
Y45: NO | AB45: NO | AE45: =+IF(AB45="SI","SI CUMPLE","NO CUMPLE") -> NO CUMPLE | AH45: El proponente NO aporta No aportó los documentos solicitados en el numeral "4.3.3 SEDES” para acreditar la SEDE. SUBSANACIÓN: Deberá aportar y cumplir con los documentos solicitados en el numeral "4.3.3 SEDES”.
AE46: =+IF(AB46="SI","SI CUMPLE","NO CUMPLE") -> NO CUMPLE
A48: 4.3.4. PROPUESTA TÉCNICA
A50: P R O P U E S T A T E C N I C A
A51: ANEXO TÉCNICO – FICHA DE ESPECIFICACIONES TÉCNICAS MÍNIMAS. | G51: CUMPLE | J51: CUMPLE SI/ NO | M51: OBSERVACIONES
A52: El proponente con la suscripción de la Carta de Presentación manifiesta que ha leído entiende, acepta y cumplirá todos los requerimientos establecidos en el Anexo No. 1 Especificaciones Técnicas Mínimas, para realizar todas las actividades y entregables descritos en el citado documento. | G52: SI | J52: SI CUMPLE | M52: El proponente aporta FORMATO N° 1 DE CARTA DE PRESENTACION DE LA OFERTA en el cual en el literal D "Manifiesta que he leído entiendo, acepto y cumpliré todos los requerimientos establecidos en el ANEXO 1 - FICHA TÉCNICA, para realizar todas las actividades y entregables descritos en el citado documento"
J53: SI CUMPLE

Sheet 12. REMINGTON
A1: CONSOLIDADO
A2: OBJETO | C2: Prestar los servicios de formación y capacitación a los funcionarios de la Superintendencia Nacional de Salud para fortalecer sus competencias, de acuerdo con lo identificado en el Plan Institucional de Capacitación para la vigencia 2024.
A3: GRUPO 1 | C3: Capacitaciones que son de carácter normativo:
A4: TEMATICAS | C4: 1. Actualización en Seguridad Social en salud. | L4: 4. Normatividad sobre gestores farmacéuticos. | W4: 7. Diplomado auditoria forense.
C5: 2. Gestión Financiera en el sector público. | L5: 5. Actualización normativa cobros persuasivos y coactivos. | W5: 8. Sistema Obligatorio de Garantía de la Calidad en Salud.
C6: 3. Actualización Normativa en la función Pública. | L6: 6. Derecho fundamental al debido proceso. | W6: 9. Manejo de recursos en el sector salud.
A8: NOMBRE DEL PROPONENTE | G8: CORPORACION UNIVERSITARIA REMINGTON
A9: NOMBRE DEL REPRESENTANTE LEGAL | G9: ALEJANDRO VASQUEZ TIECK
A10: NIT | G10: 811005425-1
A11: MIPYME | G11: NO APLICA
A12: PRESUPUESTO OFICIAL | G12: 226.89
A14: 4.3.1. EXPERIENCIA DEL PROPONENTE
A16: E X P E R I E N C I A
A17: NUMERO CONTRATO (SI APLICA) | D17: CODIGO UNSPC | G17: ENTIDAD CONTRATANTE | Q17: FECHA INICIO | T17: FECHA FIN | W17: OBJETO CONTRACTUAL ("Prestar los servicios de formación y/o capacitación en cualquiera de las tematicas del grupo 1.") | AI17: CAPACITACION RELACIONADA | AL17: APORTA CERTIFICACION | AO17: EJECUTADA EN CONSORCIO O UNION TEMPORAL | AR17: PORCENTAJE DE PARTICIPACION | AU17: VALOR DEL CONTRATO (ser igual o superior a 226,89 SMMLV) | AX17: NUMERO INSCRIPCION RUP | BA17: RUP VIGENTE Y EN FIRME | BD17: FORMATO RELACIONES DE CERTIFICACIONES SI/ NO | BG17: CUMPLE SI/ NO | BJ17: OBSERVACIONES
A18: 4600071185 DE 2017 | D18: 80111500 (X) 86101600 (X) 86101700 (X) 86101800 (X) 86111500 86111600 (X) 86132000 (X) 86141500 86141700 | G18: MUNICIPIO DE MEDELLIN, SECRETARIA DE SUMINISTROS Y SERVICIOS | Q18: 42944 | T18: 43096 | W18: Impactar en forma positiva la comunidad habitante del municipio de medellin, a traves de programas de formacion tecnica para el trabajo y el desarrollo humano, de acuerdo al decreto 2020 de 2006, preparando a las personas en el sector productivo para que desarrollne competencias laborales, especificas y transversales, relacionadas con el area de desempeño contenidas en la clasificacion nacional de ocupaciones y que permite ejercer una actividad productiva en forma individual o colectiva comop empleado o emprendedor en paz y derechos humanos, impactando a 132 personas de las comunas 2, 4, 6,8, 9, 12 y 13. | AI18: NO CUMPLE | AL18: SI | AO18: NO APLICA | AR18: NO APLICA | AU18: 406.46 | AX18: 53 | BA18: SI | BD18: SI | BG18: NO CUMPLE | BJ18: El certificado aportado NO CUMPLE ni con el objeto del proceso, ni con las temáticas del grupo propuesto. SUBSANACIÓN: Deberá acreditar la experiencia conforme a lo establecido en el pliego de condiciones, numeral 4.3.1 EXPERIENCIA.
A19: 571 DE 2019 | D19: 80111500 (X) 86101600 (X) 86101700 (X) 86101800 86111500 86111600 (X) 86132000 (X) 86141500 (X) 86141700 | G19: AREA METROPOLITANA VALLE DE ABURRA | Q19: 43579 | T19: 43754 | W19: LA PROMOCIÓN, PREVENCIÓN Y DEFENSA DE LOS DDHH POR MEDIO DE LA “IMPLEMENTACIÓN DE UN PROGRAMA DE FORMACIÓN TÉCNICA LABORAL POR COMPETENCIAS EN PROMOTOR DE PAZ Y DERECHOS HUMANOS | AI19: NO CUMPLE | AL19: SI | AO19: NO APLICA | AR19: NO APLICA | AU19: 344.15 | AX19: 63 | BA19: SI | BD19: SI | BG19: NO CUMPLE
AR20: SUMATORIA | BG20: NO CUMPLE
A22: 4.3.2. PERSONAL MÍNIMO REQUERIDO:
A24: P E R S O N A L M I N I M O R E Q U R I D O .
A25: NOMBRES Y APELLIDOS | G25: HOJA DE VIDA SI /NO | J25: CEDULA CIUDADANIA | M25: TITULO PROFESIONAL | Q25: FECHA GRADO | T25: Copia de la Tarjeta o matricula profesional vigente | Y25: Certificado de vigencia de la tarjeta profesional | AD25: APORTA TITULO PROFESIONAL | AI25: NOMBRE O RAZON SOCIAL DEL CONTRATANTE | AN25: CERTIFICADO CUMPLE (cargo y/o rol específico y/o objeto, funciones y/o obligaciones y/o actividades desempeñadas relacionadas con el perfil, y el tiempo laborado y/o de ejecución | AS25: EXPERIENCIA RELACIONADA COMO COORDINADOR | AV25: CERTIFICA MISMO PROPONENTE | AY25: APORTA CONTRATO | BB25: APORTA FORMATO EQUIPO DE TRABAJO | BD25: FECHA INICIO | BG25: FECHA FIN | BJ25: AÑO | BK25: MES | BL25: DIA | BM25: TOTAL TIEMPO EXPERIENCIA | BO25: CUMPLE SI/ NO | BR25: OBSERVACIONES
A26: DIANA CAROLINA TORO OCAMPO | G26: SI | J26: SI | M26: ADMINISTRADOR DE NEGOCIOS | Q26: 42426 | T26: SI | Y26: NO | AD26: SI | AI26: REMINGTON | AN26: NO | AS26: SI | AV26: SI | AY26: NO | BB26: NO | BD26: 42786 | BG26: 43085 | BJ26: =DATEDIF(BD26,BG26,"Y") -> 0 | BK26: =DATEDIF(BD26,BG26,"YM") -> 9 | BL26: =DATEDIF(BD26,BG26,"MD") -> 26 | BO26: =+IF(BH28>=24,"SI CUMPLE","NO CUMPLE") -> NO CUMPLE | BR26: El proponente no aportó para el coordinador propuesto: Certificado de vigencia de la tarjeta profesional Formato “Relación de equipo de trabajo mínimo habilitante” La certificación de UNIREMINGTON no cumple porque no cuenta con las funciones y/o obligaciones y/o actividades desempeñadas relacionadas con el perfil. Se tiene en cuenta las dos experiencias como Coordinador, sin embargo al ser certificada por el mismo proponente, deberá adjuntarse adicionalmente copia del respectivo contrato celebrado con el profesional propuesto y/o el contrato del proyecto en el cual el profesional ejecutó su actividad. SUBSANACIÓN: Deberá aportar: Certificado de vigencia de la tarjeta profesional Formato “Relación de equipo de trabajo mínimo habilitante” Acreditar la experiencia del coordinador de acuerdo con lo establecido en la observación anterior y cumpliendo con 4.3.2 EQUIPO DE TRABAJO MÍNIMO HABILITANTE y la Adenda No 1
AI27: REMINGTON | AN27: NO | AS27: SI | AV27: SI | AY27: NO | BB27: NO | BD27: 44889 | BG27: 45497 | BJ27: =DATEDIF(BD27,BG27,"Y") -> 1 | BK27: =DATEDIF(BD27,BG27,"YM") -> 8 | BL27: =DATEDIF(BD27,BG27,"MD") -> 0 | BO27: =+IF(BH29>=24,"SI CUMPLE","NO CUMPLE") -> NO CUMPLE
BL28: =+IF(BH30>=24,"SI CUMPLE","NO CUMPLE") -> NO CUMPLE
A30: 4.3.3. SEDES
A32: S E D E S
A33: SEDE | G33: DOCUMENTO SOPORTE | M33: EXPEDIDO | Q33: FECHA EXPEDICION | U33: ÚBICACIÓN DEL INMUEBLE | Y33: BOGOTA | AB33: CUMPLE | AE33: CUMPLE SI/ NO | AH33: OBSERVACIONES
A34: ARRENDADA | G34: CONTRATO DE ARRIENDO | M34: INVERSIONES DENPO SAS | Q34: 43282 | U34: BOGOTA | Y34: SI | AB34: SI | AE34: =+IF(AB34="SI","SI CUMPLE","NO CUMPLE") -> SI CUMPLE
AE35: SI CUMPLE
A37: 4.3.4. PROPUESTA TÉCNICA
A39: P R O P U E S T A T E C N I C A
A40: ANEXO TÉCNICO – FICHA DE ESPECIFICACIONES TÉCNICAS MÍNIMAS. | G40: CUMPLE | J40: CUMPLE SI/ NO | M40: OBSERVACIONES
A41: El proponente con la suscripción de la Carta de Presentación manifiesta que ha leído entiende, acepta y cumplirá todos los requerimientos establecidos en el Anexo No. 1 Especificaciones Técnicas Mínimas, para realizar todas las actividades y entregables descritos en el citado documento. | G41: SI | J41: =+IF(G41="SI","SI CUMPLE","NO CUMPLE") -> SI CUMPLE | M41: El proponente aporta FORMATO N° 1 DE CARTA DE PRESENTACION DE LA OFERTA en el cual en el literal D "Manifiesta que he leído entiendo, acepto y cumpliré todos los requerimientos establecidos en el ANEXO 1 - FICHA TÉCNICA, para realizar todas las actividades y entregables descritos en el citado documento"
J42: SI CUMPLE

Sheet 13. COMPENSAR
A1: CONSOLIDADO
A2: OBJETO | C2: Prestar los servicios de formación y capacitación a los funcionarios de la Superintendencia Nacional de Salud para fortalecer sus competencias, de acuerdo con lo identificado en el Plan Institucional de Capacitación para la vigencia 2024.
A3: GRUPO 1 | C3: Capacitaciones que son de carácter normativo:
A4: TEMATICAS | C4: 1. Actualización en Seguridad Social en salud. | L4: 4. Normatividad sobre gestores farmacéuticos. | W4: 7. Diplomado auditoria forense.
C5: 2. Gestión Financiera en el sector público. | L5: 5. Actualización normativa cobros persuasivos y coactivos. | W5: 8. Sistema Obligatorio de Garantía de la Calidad en Salud.
C6: 3. Actualización Normativa en la función Pública. | L6: 6. Derecho fundamental al debido proceso. | W6: 9. Manejo de recursos en el sector salud.
A8: NOMBRE DEL PROPONENTE | G8: FUNDACION UNIVERSITARIA COMPERSAR
A9: NOMBRE DEL REPRESENTANTE LEGAL | G9: MARGARITA AÑEZ SANPEDRO
A10: NIT | G10: 860506140-6
A11: MIPYME | G11: NO APLICA
A12: PRESUPUESTO OFICIAL | G12: 226.89
A14: 4.3.1. EXPERIENCIA DEL PROPONENTE
A16: E X P E R I E N C I A
A17: NUMERO CONTRATO | D17: CODIGO UNSPC | G17: ENTIDAD CONTRATANTE | Q17: FECHA INICIO | T17: FECHA FIN | W17: OBJETO CONTRACTUAL ("Prestar los servicios de formación y/o capacitación en cualquiera de las tematicas del grupo 1.") | AI17: CAPACITACION RELACIONADA | AL17: APORTA CERTIFICACION | AO17: EJECUTADA EN CONSORCIO O UNION TEMPORAL | AR17: PORCENTAJE DE PARTICIPACION | AU17: VALOR DEL CONTRATO (ser igual o superior a 226,89 SMMLV) | AX17: NUMERO INSCRIPCION RUP | BA17: RUP VIGENTE Y EN FIRME | BD17: FORMATO RELACIONES DE CERTIFICACIONES SI/ NO | BG17: CUMPLE SI/ NO | BJ17: OBSERVACIONES
A18: 2022-0181-NG-15758-1 | D18: 80111500 (X) 86101600 (X) 86101700 (X) 86101800 (X) 86111500 (X) 86111600 (X) 86132000 (X) 86141500 (X) 86141700 (X) | G18: CAJA DE COMPENSACION FAMILIAR COMPENSAR | Q18: 44594 | T18: 44959 | W18: Servicios de capacitacion para la reinsercion laboral y fortalecimiento del recurso humano para la productividad. | AI18: SI CUMPLE | AL18: SI | AO18: NO APLICA | AR18: NO APLICA | AU18: 14224.13 | AX18: 110 | BA18: SI | BD18: SI | BG18: =+IF(AU19>=G12,"SI CUMPLE","NO CUMPLE") -> SI CUMPLE
AR19: SUMATORIA | AU19: =SUM(AU18:AW18) -> 14224.13 | BG19: SI CUMPLE
A21: 4.3.2. PERSONAL MÍNIMO REQUERIDO:
A23: P E R S O N A L M I N I M O R E Q U R I D O .
A24: NOMBRES Y APELLIDOS | G24: HOJA DE VIDA SI /NO | J24: CEDULA CIUDADANIA | M24: TITULO PROFESIONAL | Q24: FECHA GRADO | T24: Copia de la Tarjeta o matricula profesional vigente | Y24: Certificado de vigencia de la tarjeta profesional | AD24: APORTA TITULO PROFESIONAL | AI24: NOMBRE O RAZON SOCIAL DEL CONTRATANTE | AN24: CERTIFICADO CUMPLE (cargo y/o rol específico y/o objeto, funciones y/o obligaciones y/o actividades desempeñadas relacionadas con el perfil, y el tiempo laborado y/o de ejecución | AS24: EXPERIENCIA RELACIONADA COMO COORDINADOR | AV24: CERTIFICA MISMO PROPONENTE | AY24: APORTA CONTRATO | BB24: APORTA FORMATO EQUIPO DE TRABAJO | BD24: FECHA INICIO | BG24: FECHA FIN | BJ24: AÑO | BK24: MES | BL24: DIA | BM24: TOTAL TIEMPO EXPERIENCIA | BO24: CUMPLE SI/ NO | BR24: OBSERVACIONES
A25: SANDRA FORERO PINEDA | G25: SI | J25: SI | M25: ADMINISTRADOR DE EMPRESAS | Q25: 39927 | T25: SI | Y25: NO | AD25: SI | AI25: FUNDACION UNIVERSITARIA COMPENSAR | AN25: NO | AS25: SI | AV25: SI | AY25: SI | BB25: SI | BD25: 44930 | BG25: 45497 | BJ25: =DATEDIF(BD25,BG25,"Y") -> 1 | BK25: =DATEDIF(BD25,BG25,"YM") -> 6 | BL25: =DATEDIF(BD25,BG25,"MD") -> 20 | BO25: NO CUMPLE | BR25: El proponente no aportó para el coordinador propuesto: Certificado de vigencia de la tarjeta profesional. La certificación de FUNDACIÓN UNIVERSITARIA COMPENSAR no cumple porque no cuenta con las funciones y/o obligaciones y/o actividades desempeñadas relacionadas con el perfil. La certificación de CORPORACION UNIVERSITARIA MINUTO DE DIOS no cumple porque no cuenta con las funciones y/o obligaciones y/o actividades desempeñadas relacionadas con el perfil. SUBSANACIÓN: Deberá aportar: Certificado de vigencia de la tarjeta profesional Acreditar la experiencia del coordinador de acuerdo con lo establecido en la observación anterior y cumpliendo con 4.3.2 EQUIPO DE TRABAJO MÍNIMO HABILITANTE y la Adenda No 1.
AI26: UNIMINUTO | AN26: NO | AS26: SI | AV26: NO | AY26: NO APLICA | BB26: SI | BD26: 43479 | BG26: 44178 | BJ26: =DATEDIF(BD26,BG26,"Y") -> 1 | BK26: =DATEDIF(BD26,BG26,"YM") -> 10 | BL26: =DATEDIF(BD26,BG26,"MD") -> 29 | BO26: NO CUMPLE
BL27: NO CUMPLE
A29: 4.3.3. SEDES
A31: S E D E S
A32: SEDE | G32: DOCUMENTO SOPORTE | M32: EXPEDIDO | Q32: FECHA EXPEDICION | U32: ÚBICACIÓN DEL INMUEBLE | Y32: BOGOTA | AB32: CUMPLE | AE32: CUMPLE SI/ NO | AH32: OBSERVACIONES
A33: PROPIA | G33: CERTIFICADO DE TRADICION Y LIBERTAD | M33: OFICINA DE REGISTRO DE INSTRUMENTOS PUBLICOS DE BOGOTA ZONA CENTRO | Q33: 45496 | U33: BOGOTA | Y33: SI | AB33: SI | AE33: =+IF(AB33="SI","SI CUMPLE","NO CUMPLE") -> SI CUMPLE
AE34: =+AE33 -> SI CUMPLE
A36: 4.3.4. PROPUESTA TÉCNICA
A38: P R O P U E S T A T E C N I C A
A39: ANEXO TÉCNICO – FICHA DE ESPECIFICACIONES TÉCNICAS MÍNIMAS. | G39: CUMPLE | J39: CUMPLE SI/ NO | M39: OBSERVACIONES
A40: El proponente con la suscripción de la Carta de Presentación manifiesta que ha leído entiende, acepta y cumplirá todos los requerimientos establecidos en el Anexo No. 1 Especificaciones Técnicas Mínimas, para realizar todas las actividades y entregables descritos en el citado documento. | G40: SI | J40: =+IF(G40="SI","SI CUMPLE","NO CUMPLE") -> SI CUMPLE | M40: El proponente aporta FORMATO N° 1 DE CARTA DE PRESENTACION DE LA OFERTA en el cual en el literal D "Manifiesta que he leído entiendo, acepto y cumpliré todos los requerimientos establecidos en el ANEXO 1 - FICHA TÉCNICA, para realizar todas las actividades y entregables descritos en el citado documento"
J41: =+J40 -> SI CUMPLE

Sheet 14. CUN
A1: CONSOLIDADO
A2: OBJETO | C2: Prestar los servicios de formación y capacitación a los funcionarios de la Superintendencia Nacional de Salud para fortalecer sus competencias, de acuerdo con lo identificado en el Plan Institucional de Capacitación para la vigencia 2024.
A3: GRUPO 1 | C3: Capacitaciones que son de carácter normativo:
A4: TEMATICAS | C4: 1. Actualización en Seguridad Social en salud. | L4: 4. Normatividad sobre gestores farmacéuticos. | W4: 7. Diplomado auditoria forense.
C5: 2. Gestión Financiera en el sector público. | L5: 5. Actualización normativa cobros persuasivos y coactivos. | W5: 8. Sistema Obligatorio de Garantía de la Calidad en Salud.
C6: 3. Actualización Normativa en la función Pública. | L6: 6. Derecho fundamental al debido proceso. | W6: 9. Manejo de recursos en el sector salud.
A8: NOMBRE DEL PROPONENTE | G8: CORPORACION UNIFICADA NACIONAL DE EDUCACION SUPERIOR CUN
A9: NOMBRE DEL REPRESENTANTE LEGAL | G9: SANDRA VIVIVANA CASTILLO CASTILLO | BA9: 902.97
A10: NIT | G10: 860401734-9 | BA10: =+BA9/2 -> 451.485
A11: MIPYME | G11: NO APLICA
A12: PRESUPUESTO OFICIAL | G12: 226.89
A14: 4.3.1. EXPERIENCIA DEL PROPONENTE
A16: E X P E R I E N C I A
A17: NUMERO CONTRATO | D17: CODIGO UNSPC | G17: ENTIDAD CONTRATANTE | Q17: FECHA INICIO | T17: FECHA FIN | W17: OBJETO CONTRACTUAL ("Prestar los servicios de formación y/o capacitación en cualquiera de las tematicas del grupo 1.") | AI17: CAPACITACION RELACIONADA | AL17: APORTA CERTIFICACION | AO17: EJECUTADA EN CONSORCIO O UNION TEMPORAL | AR17: PORCENTAJE DE PARTICIPACION | AU17: VALOR DEL CONTRATO (ser igual o superior a 226,89 SMMLV) | AX17: NUMERO INSCRIPCION RUP | BA17: RUP VIGENTE Y EN FIRME | BD17: FORMATO RELACIONES DE CERTIFICACIONES SI/ NO | BG17: CUMPLE SI/ NO | BJ17: OBSERVACIONES
A18: 927 | D18: 80111500 (X) 86101600 (X) 86101700 (X) 86101800 (X) 86111500 (X) 86111600 (X) 86132000 (X) 86141500 (X) 86141700 (X) | G18: ALCADIA DE COTA | Q18: 43767 | T18: NO SE EVIDENCIA | W18: CONTRATAR LA EJECUCIÓN DE LAS ACTIVIDADES DEL PLAN INSTITUCIONAL DE CAPACITACIÓN – PIC, ADOPTADO PARA LOS FUNCIONARIOS DEL NIVEL DIRECTIVO, CARRERA ADMINISTRATIVA Y TRABAJADORES OFICIALES DE LA ALCALDÍA DE COTA CUNDINAMARCA VIGENCIA 2019 | AI18: NO CUMPLE | AL18: NO | AO18: NO APLICA | AR18: NO APLICA | AU18: 114.23 | AX18: 47 | BA18: SI | BD18: SI | BG18: NO CUMPLE | BJ18: El proponente no aportó Certificado de experiencia y por el contrario aportó Acta de liquidación de la Gobernación de Cota con la cual NO CUMPLE. En el acta de liquidación no se puede evidenciar toda la información, así como que no se puede verificar las temáticas del grupo al que se presenta para cumplir con el requisito. SUBSANACIÓN: Deberá aportar el Certificado de Experiencia y acreditar la experiencia conforme a lo establecido en el pliego de condiciones, numeral 4.3.1 EXPERIENCIA.
A19: 1303 DE 2022 | D19: 80111500 (X) 86101600 (X) 86101700 (X) 86101800 (X) 86111500 (X) 86111600 (X) 86132000 (X) 86141500 (X) 86141700 (X) | G19: SUPERINTENDENCIA DE NOTARIADO Y REGISTRO | Q19: 44767 | T19: NO SE EVIDENCIA | W19: CONTRATAR LA ESTRUCTURACIÓN, DESARROLLO Y EJECUCIÓN DE LAS JORNADAS DE CAPACITACIÓN EN LA MODALIDAD VIRTUAL, PARA EL FORTALECIMIENTO DE LAS COMPETENCIAS LABORALES DE LOS FUNCIONARIOS, DE ACUERDO CON EL PLAN NACIONAL DE FORMACIÓN Y CAPACITACIÓN, PNFC PARA LA VIGENCIA 2022 | AI19: NO CUMPLE | AL19: NO | AO19: SI | AR19: 0.5 | AU19: =+BA9*AR19 -> 451.485 | AX19: 55 | BA19: SI | BD19: SI | BG19: NO CUMPLE | BJ19: El proponente no aportó Certificado de experiencia y por el contrario aportó Acta de liquidación de la Superintendencia de Notariado y Registro con la cual NO CUMPLE. En el acta de liquidación no se puede evidenciar toda la información, así como que no se puede verificar las temáticas del grupo al que se presenta para cumplir con el requisito. SUBSANACIÓN: Deberá aportar el Certificado de Experiencia y acreditar la experiencia conforme a lo establecido en el pliego de condiciones, numeral 4.3.1 EXPERIENCIA.
A20: 509-2014 | D20: 80111500 (X) 86101600 86101700 (X) 86101800 86111500 86111600 86132000 86141500 86141700 | G20: DEPARTAMENTO DE SUCRE | Q20: NO SE EVIDENCIA | T20: NO SE EVIDENCIA | W20: PRESTACIÓN DE SERVICIOS DE APOYO PARA LA SUPERVISIÓN TÉCNICA ADMINISTRATIVA Y FINANCIERA DEL CONVENIO NO. 038 DE 2013 PARA LA EJECUCIÓN DEL " FORTALECIMIENTO DE LA CULTURA CIUDADANA EN CTEI A TRAVÉS DE LA IEP APOYADA EN TIC EN EL DEPARTAMENTO DE SUCRE, CARIBE" | AI20: NO CUMPLE | AL20: NO | AO20: NO APLICA | AR20: NO APLICA | AU20: 0 | AX20: 31 | BA20: SI | BD20: SI | BG20: NO CUMPLE | BJ20: El proponente no aportó un certificado de experiencia. A pesar de que aportó un contrato con la Gobernación de Sucre (documento que no es válido para la acreditación) no cumple ni con el objeto del proceso, ni con las temáticas del grupo propuesto. SUBSANACIÓN: Deberá acreditar la experiencia conforme a lo establecido en el pliego de condiciones, numeral 4.3.1 EXPERIENCIA.
AR21: SUMATORIA | BG21: NO CUMPLE
A23: 4.3.2. PERSONAL MÍNIMO REQUERIDO:
A25: P E R S O N A L M I N I M O R E Q U R I D O .
A26: NOMBRES Y APELLIDOS | G26: HOJA DE VIDA SI /NO | J26: CEDULA CIUDADANIA | M26: TITULO PROFESIONAL | Q26: FECHA GRADO | T26: Copia de la Tarjeta o matricula profesional vigente | Y26: Certificado de vigencia de la tarjeta profesional | AD26: APORTA TITULO PROFESIONAL | AI26: NOMBRE O RAZON SOCIAL DEL CONTRATANTE | AN26: CERTIFICADO CUMPLE (cargo y/o rol específico y/o objeto, funciones y/o obligaciones y/o actividades desempeñadas relacionadas con el perfil, y el tiempo laborado y/o de ejecución | AS26: EXPERIENCIA RELACIONADA COMO COORDINADOR | AV26: CERTIFICA MISMO PROPONENTE | AY26: APORTA CONTRATO | BB26: APORTA FORMATO EQUIPO DE TRABAJO | BD26: FECHA INICIO | BG26: FECHA FIN | BJ26: AÑO | BK26: MES | BL26: DIA | BM26: TOTAL TIEMPO EXPERIENCIA | BO26: CUMPLE SI/ NO | BR26: OBSERVACIONES
BJ27: =DATEDIF(BD27,BG27,"Y") -> 0 | BK27: =DATEDIF(BD27,BG27,"YM") -> 0 | BL27: =DATEDIF(BD27,BG27,"MD") -> 0 | BO27: =+IF(BH31>=24,"SI CUMPLE","NO CUMPLE") -> NO CUMPLE | BR27: Al verificar la carpeta adjunta denominada “Recurso humano” se presenta un error y no se pueden descargar los archivos para hacer la verificación. (imagen) SUBSANANCIÓN: Deberá aportar los documentos con el fin de acreditar las condiciones exigidas al coordinador de acuerdo con lo establecido en el numeral 4.3.2 EQUIPO DE TRABAJO MÍNIMO HABILITANTE.
BL31: =+BO27 -> NO CUMPLE
A33: 4.3.3. SEDES
A35: S E D E S
A36: SEDE | G36: DOCUMENTO SOPORTE | M36: EXPEDIDO | Q36: FECHA EXPEDICION | U36: ÚBICACIÓN DEL INMUEBLE | Y36: BOGOTA | AB36: CUMPLE | AE36: CUMPLE SI/ NO | AH36: OBSERVACIONES
A37: PROPIA | G37: CERTIFICADO DE TRADICION Y LIBERTAD | M37: OFICINA DE REGISTRO DE INSTRUMENTOS PUBLICOS DE BOGOTA ZONA CENTRO | Q37: 45320 | U37: BOGOTA | Y37: SI | AB37: NO | AE37: =+IF(AB37="SI","SI CUMPLE","NO CUMPLE") -> NO CUMPLE | AH37: El proponente no cumple porque aportó 45 certificados de libertad y tradición, de predios propios en la ciudad de Bogotá, con fecha de expedición del 29 de enero de 2024. SUBSANACIÓN: El proponente deberá aportar certificado de tradición y libertad del inmueble con fecha de expedición no mayor a treinta (30) días calendario anterior a la fecha de cierre del proceso.
AE38: =+AE37 -> NO CUMPLE
A40: 4.3.4. PROPUESTA TÉCNICA
A42: P R O P U E S T A T E C N I C A
A43: ANEXO TÉCNICO – FICHA DE ESPECIFICACIONES TÉCNICAS MÍNIMAS. | G43: CUMPLE | J43: CUMPLE SI/ NO | M43: OBSERVACIONES
A44: El proponente con la suscripción de la Carta de Presentación manifiesta que ha leído entiende, acepta y cumplirá todos los requerimientos establecidos en el Anexo No. 1 Especificaciones Técnicas Mínimas, para realizar todas las actividades y entregables descritos en el citado documento. | G44: SI | J44: =+IF(G44="SI","SI CUMPLE","NO CUMPLE") -> SI CUMPLE | M44: El proponente aporta FORMATO N° 1 DE CARTA DE PRESENTACION DE LA OFERTA en el cual en el literal D "Manifiesta que he leído entiendo, acepto y cumpliré todos los requerimientos establecidos en el ANEXO 1 - FICHA TÉCNICA, para realizar todas las actividades y entregables descritos en el citado documento"
J45: =+J44 -> SI CUMPLE

Sheet 15. UTP PIC
A1: CONSOLIDADO
A2: OBJETO | C2: Prestar los servicios de formación y capacitación a los funcionarios de la Superintendencia Nacional de Salud para fortalecer sus competencias, de acuerdo con lo identificado en el Plan Institucional de Capacitación para la vigencia 2024.
A3: GRUPO 1 | C3: Capacitaciones que son de carácter normativo:
A4: TEMATICAS | C4: 1. Actualización en Seguridad Social en salud. | L4: 4. Normatividad sobre gestores farmacéuticos. | W4: 7. Diplomado auditoria forense.
C5: 2. Gestión Financiera en el sector público. | L5: 5. Actualización normativa cobros persuasivos y coactivos. | W5: 8. Sistema Obligatorio de Garantía de la Calidad en Salud.
C6: 3. Actualización Normativa en la función Pública. | L6: 6. Derecho fundamental al debido proceso. | W6: 9. Manejo de recursos en el sector salud.
A8: NOMBRE DEL PROPONENTE | G8: UT PIC 2024
A9: NOMBRE DEL REPRESENTANTE LEGAL | G9: CIRO ANTONIO MEDINA BARRERA | U9: GRUPO EMPRESARIAL EFPE SAS NIT 901444457-6 (55%) MICRO EMPRESA | AE9: ORGANIZACIÓN Y DISEÑO ARQUITECTONICO LTDA NIT:830.109.800-7 (45%) PEQUEÑA EMPRESA
A10: NIT
A11: MIPYME | G11: SI
A12: PRESUPUESTO OFICIAL | G12: 226.89
A14: 4.3.1. EXPERIENCIA DEL PROPONENTE
A16: E X P E R I E N C I A
A17: NUMERO CONTRATO | D17: CODIGO UNSPC | G17: ENTIDAD CONTRATANTE | Q17: FECHA INICIO | T17: FECHA FIN | W17: OBJETO CONTRACTUAL ("Prestar los servicios de formación y/o capacitación en cualquiera de las tematicas del grupo 1.") | AI17: CAPACITACION RELACIONADA | AL17: APORTA CERTIFICACION | AO17: EJECUTADA EN CONSORCIO O UNION TEMPORAL | AR17: PORCENTAJE DE PARTICIPACION | AU17: VALOR DEL CONTRATO EJECUTADO | AX17: VALOR DEL CONTRATO (ser igual o superior a 226,89 SMMLV) | BA17: FOLIO INSCRIPCIÓN DEL CONTRATO EN EL RUP | BD17: RUP VIGENTE Y EN FIRME | BG17: FORMATO RELACIONES DE CERTIFICACIONES SI/ NO | BJ17: CUMPLE SI/ NO | BM17: OBSERVACIONES
A18: EXPERIENCIA ACREDITADA POR: GRUPO EMPRESARIAL EFPE SAS NIT 901444457-6 PARTICIPACIÓN (55%) MICRO EMPRESA
A19: 028-2023 | D19: 80111500 86101600 86101700 86101800 86111500 86111600 86132000 86141500 86141700 | G19: CONSORCIO SACUDETE CARMEN 2022, CONSORCIO PAVIMENTO CH-2023, CONSORCIO ALCANTARILLADO 2023 | Q19: 44941 | T19: 45274 | W19: Prestar los servicios de educación informal a petición de los contratantes en el marco del contrato con cuatro (4) partes No 028 de 2023, para dictar cursos o capacitaciones de manera virtual sincrónica, asincrónica y presencial al personal de trabajo y a los sectores sociales y comunitarios y entrega de una plataforma LMS educativa para publicar los cursos objeto de la convocatoria y contar con instalaciones para las capacitaciones presenciales | AI19: SI CUMPLE | AL19: SI | AO19: NO | AR19: NO APLICA | AU19: 172.41 | AX19: =AU19*55/100 -> 94.8255 | BA19: 16 | BD19: SI | BG19: SI | BJ19: NO CUMPLE | BM19: El proponente aportó certificado de experiencia con el cual cumple. Sin embargo, debe tener en cuenta que: * De la sumatoria de experiencia, NO CUMPLE con lo establecido en el pliego de condiciones, toda vez que la sumatoria de experiencia acreditada, da como resultado 165.62 SMMLV. * De la misma forma deberá tener en cuenta, que al pretender acreditar la experiencia para ambos grupos, con los mismos certificados, , la sumatoria debe cumplir con el presupuesto oficial de los dos grupos, es decir 479,6. Lo anterior, en aplicación al Numeral 4.3.1, Nota 3: “para acreditar la experiencia el proponente podrá aportar mínimo uno (1) y máximo tres (3) contratos para cada uno de los grupos o lotes, o podrá aportar los mismos para todos los grupos o lotes siempre y cuando cumplan con todas las condiciones establecidas para cada grupo. En la verificación del número de contratos frente al presupuesto oficial, el valor a certificar debe ser con relación al valor del presupuesto oficial del respectivo grupo o lote expresado en SMMLV, si se presenta para los dos grupos, será la sumatoria de los dos grupos a presentarse.” * La experiencia del proponente del oferente plural (unión temporal-consorcio) corresponde a la suma de la experiencia que acredite cada uno de sus integrantes de conformidad con su porcentaje de participación. En todo caso, cada uno de sus integrantes deberá allegar el correspondiente Certificado del Registro Único de Proponentes (RUP) VIGENTE y EN FIRME. Que para el presente caso, no se cumple con el porcentaje de participación. SUBSANACIÓN: Deberá acreditar la Experiencia conforme a lo establecido en el pliego de condiciones, numeral 4.3.1 EXPERIENCIA.
A20: EXPERIENCIA ACREDITADA POR: ORGANIZACIÓN Y DISEÑO ARQUITECTONICO LTDA NIT:830.109.800-7 (45%) PEQUEÑA EMPRESA
A21: 311 DE 2022 | D21: 80111500 86101600 86101700 86101800 86111500 86111600 86132000 86141500 86141700 | G21: Ministerio de Comercio, Industria y Turismo | Q21: 44768 | T21: 44926 | W21: Prestación de servicios de entrenamiento, capacitación y formación para el fortalecimiento del Talento Humano en el marco de la ejecuci6n del Plan institucional de Capacitaci6n 2022, así como apoyar en el diseño y ejecución de los programas de inducción y reinducción. | AI21: SI CUMPLE | AL21: SI | AO21: NO | AR21: NO APLICA | AU21: 157.32 | AX21: =AU21*45/100 -> 70.794 | BA21: 59 | BD21: SI | BG21: SI | BJ21: NO CUMPLE | BM21: El proponente aportó certificado de experiencia con el cual cumple. Sin embargo, debe tener en cuenta que: * De la sumatoria de experiencia, NO CUMPLE con lo establecido en el pliego de condiciones, toda vez que la sumatoria de experiencia acreditada, da como resultado 165.62 SMMLV. * De la misma forma deberá tener en cuenta, que al pretender acreditar la experiencia para ambos grupos, con los mismos certificados, , la sumatoria debe cumplir con el presupuesto oficial de los dos grupos, es decir 479,6. Lo anterior, en aplicación al Numeral 4.3.1, Nota 3: “para acreditar la experiencia el proponente podrá aportar mínimo uno (1) y máximo tres (3) contratos para cada uno de los grupos o lotes, o podrá aportar los mismos para todos los grupos o lotes siempre y cuando cumplan con todas las condiciones establecidas para cada grupo. En la verificación del número de contratos frente al presupuesto oficial, el valor a certificar debe ser con relación al valor del presupuesto oficial del respectivo grupo o lote expresado en SMMLV, si se presenta para los dos grupos, será la sumatoria de los dos grupos a presentarse.” * La experiencia del proponente del oferente plural (unión temporal-consorcio) corresponde a la suma de la experiencia que acredite cada uno de sus integrantes de conformidad con su porcentaje de participación. En todo caso, cada uno de sus integrantes deberá allegar el correspondiente Certificado del Registro Único de Proponentes (RUP) VIGENTE y EN FIRME. Que para el presente caso, no se cumple con el porcentaje de participación. SUBSANACIÓN: Deberá acreditar la Experiencia conforme a lo establecido en el pliego de condiciones, numeral 4.3.1 EXPERIENCIA.
AR22: SUMATORIA | AX22: =SUM(AX19:AZ21) -> 165.6195 | BJ22: NO CUMPLE
A24: 4.3.2. PERSONAL MÍNIMO REQUERIDO:
A26: P E R S O N A L M I N I M O R E Q U R I D O .
A27: NOMBRES Y APELLIDOS | G27: HOJA DE VIDA SI /NO | J27: CEDULA CIUDADANIA | M27: TITULO PROFESIONAL | Q27: FECHA GRADO | T27: Copia de la Tarjeta o matricula profesional vigente | Y27: Certificado de vigencia de la tarjeta profesional | AD27: APORTA TITULO PROFESIONAL | AI27: NOMBRE O RAZON SOCIAL DEL CONTRATANTE | AN27: CERTIFICADO CUMPLE (cargo y/o rol específico y/o objeto, funciones y/o obligaciones y/o actividades desempeñadas relacionadas con el perfil, y el tiempo laborado y/o de ejecución | AS27: EXPERIENCIA RELACIONADA COMO COORDINADOR | AV27: CERTIFICA MISMO PROPONENTE | AY27: APORTA CONTRATO | BB27: APORTA FORMATO EQUIPO DE TRABAJO | BD27: FECHA INICIO | BG27: FECHA FIN | BJ27: AÑO | BK27: MES | BL27: DIA | BM27: TOTAL TIEMPO EXPERIENCIA | BO27: CUMPLE SI/ NO | BR27: OBSERVACIONES
A28: JORGE ANDRÉS VERA RUIZ | G28: SI | J28: SI | M28: ABOGADO | Q28: 42650 | T28: SI | Y28: SI | AD28: SI | AI28: EDITORIAL VISION SAS | AN28: SI | AS28: SI | AV28: NO | AY28: NO APLICA | BB28: SI | BD28: 44207 | BG28: 45332 | BJ28: =DATEDIF(BD28,BG28,"Y") -> 3 | BK28: =DATEDIF(BD28,BG28,"YM") -> 0 | BL28: =DATEDIF(BD28,BG28,"MD") -> 30 | BO28: SI CUMPLE
A29: 4.3.3. SEDES
BO30: SI CUMPLE
A31: S E D E S
A32: SEDE | G32: DOCUMENTO SOPORTE | M32: EXPEDIDO | Q32: FECHA EXPEDICION | U32: ÚBICACIÓN DEL INMUEBLE | Y32: BOGOTA | AB32: CUMPLE | AE32: CUMPLE SI/ NO | AH32: OBSERVACIONES
AE33: =+IF(AB33="SI","SI CUMPLE","NO CUMPLE") -> NO CUMPLE | AH33: El proponente aporta convenios entre: el integrante GRUPO EMPRESARIAL EFPE SAS y HOTEL MACAO y por otro lado, la ORGANIZACIÓN Y DISEÑO ARQUITECTONICO LTDA y la ASOCIACIÓN CRISTIANA DE JÓVENES DE BOGOTÁ Y CUNDINAMARCA ACJ-YMCA. De acuerdo con el pliego de condiciones, las sedes propuestas NO CUMPLEN con lo establecido en el numeral 4.3.3. SEDEs, donde se determina que la sede debe ser propia o arrendada, así como que tampoco cumple con lo establecido en el numeral IV Sub numeral 10 del ANEXO No. 1 “ESPECIFICACIONES TÉCNICAS MÍNIMAS” donde el espacio físico debe ser óptimo acorde con la cantidad de funcionarios inscritos por curso, capacitación y/o diplomado y que cuente con buena iluminación y ventilación, así como los espacios comunes y de la logística (i. Computador para las proyecciones que se requieran, ii. Conectividad, iii. Video Beam, iv. Tablero acrílico o papelógrafo, v. Silla y escritorio o pupitre para cada participante, que permita la realización de los cursos y/o diplomados, vi. Para capacitaciones que así lo requieran (GRUPO 2 – Capacitación Análisis y Gestión de la Información estadística) el contratista deberá poner a disposición un (1) computador por cada participante para los eventos de capacitación a llevarse a cabo en Bogotá D.C. SUBSANACIÓN: Deberá aportar SEDE que cumpla con las condiciones del numeral 4.3.3 del pliego de condiciones.
AE34: NO CUMPLE
A36: 4.3.4. PROPUESTA TÉCNICA
A38: P R O P U E S T A T E C N I C A
A39: ANEXO TÉCNICO – FICHA DE ESPECIFICACIONES TÉCNICAS MÍNIMAS. | G39: CUMPLE | J39: CUMPLE SI/ NO | M39: OBSERVACIONES
A40: El proponente con la suscripción de la Carta de Presentación manifiesta que ha leído entiende, acepta y cumplirá todos los requerimientos establecidos en el Anexo No. 1 Especificaciones Técnicas Mínimas, para realizar todas las actividades y entregables descritos en el citado documento. | G40: SI | J40: =+IF(G40="SI","SI CUMPLE","NO CUMPLE") -> SI CUMPLE | M40: El proponente aporta FORMATO N° 1 DE CARTA DE PRESENTACION DE LA OFERTA en el cual en el literal D "Manifiesta que he leído entiendo, acepto y cumpliré todos los requerimientos establecidos en el ANEXO 1 - FICHA TÉCNICA, para realizar todas las actividades y entregables descritos en el citado documento"
J41: SI CUMPLE

Sheet 16. SOCOLDES
A1: CONSOLIDADO
A2: OBJETO | C2: Prestar los servicios de formación y capacitación a los funcionarios de la Superintendencia Nacional de Salud para fortalecer sus competencias, de acuerdo con lo identificado en el Plan Institucional de Capacitación para la vigencia 2024.
A3: GRUPO 1 | C3: Capacitaciones que son de carácter normativo:
A4: TEMATICAS | C4: 1. Actualización en Seguridad Social en salud. | L4: 4. Normatividad sobre gestores farmacéuticos. | W4: 7. Diplomado auditoria forense.
C5: 2. Gestión Financiera en el sector público. | L5: 5. Actualización normativa cobros persuasivos y coactivos. | W5: 8. Sistema Obligatorio de Garantía de la Calidad en Salud.
C6: 3. Actualización Normativa en la función Pública. | L6: 6. Derecho fundamental al debido proceso. | W6: 9. Manejo de recursos en el sector salud.
A8: NOMBRE DEL PROPONENTE | G8: SOCIEDAD COLOMBIANA PARA EL DESARROLLO SOSTENIBLE E INTEGRAL SAS (SOCOLDES SEM SAS)
A9: NOMBRE DEL REPRESENTANTE LEGAL | G9: DOLCEY ALBERTO BARRAGAN BARRAGAN
A10: NIT | G10: 901785346-1
A11: MIPYME | G11: SI
A12: PRESUPUESTO OFICIAL | G12: 226.89
A14: 4.3.1. EXPERIENCIA DEL PROPONENTE
A16: E X P E R I E N C I A
A17: NUMERO CONTRATO | D17: CODIGO UNSPC | G17: ENTIDAD CONTRATANTE | Q17: FECHA INICIO | T17: FECHA FIN | W17: OBJETO CONTRACTUAL ("Prestar los servicios de formación y/o capacitación en cualquiera de las tematicas del grupo 1.") | AI17: CAPACITACION RELACIONADA | AL17: APORTA CERTIFICACION | AO17: EJECUTADA EN CONSORCIO O UNION TEMPORAL | AR17: PORCENTAJE DE PARTICIPACION | AU17: VALOR DEL CONTRATO (ser igual o superior a 226,89 SMMLV) | AX17: NUMERO INSCRIPCION RUP | BA17: RUP VIGENTE Y EN FIRME | BD17: FORMATO RELACIONES DE CERTIFICACIONES SI/ NO | BG17: CUMPLE SI/ NO | BJ17: OBSERVACIONES
A18: YVY-14-2024 | D18: 80111500 86101600 86101700 86101800 86111500 86111600 86132000 86141500 86141700 | G18: YOVOY YA SAS | Q18: 45307 | T18: 45454 | W18: “Diseñar y ejecutar el Proyecto de capacitaciones integrales empresariales, de conformidad al cronograma de las PIC en YOVOY YA, brindando asesoría sobre las siguientes temáticas: Pragmatismo de la actualización en SG-SST. • Procedimiento y respuesta de PQRS. • Gestión Económica y Financiera. • Manejo y distribución de los recursos empresariales. • Comunicación asertiva y trabajo en equipo. • Herramientas y metodologías para la inspección y el control interno empresarial. | AI18: SI CUMPLE | AL18: SI | AO18: NO APLICA | AR18: NO APLICA | AU18: 1013.85 | AX18: NO | BA18: NO | BD18: SI | BG18: NO CUMPLE | BJ18: El proponente no aportó Registro Único de Proponentes donde se pueda verificar las condiciones de experiencia, de acuerdo con lo señalado en la ley 1150 de 2007 y el decreto 1082 de 2015. SUBSANACIÓN: El proponente deberá entregar el Registro Único de Proponentes (RUP) con fecha de expedición no mayor a treinta días calendarios anteriores a la fecha de cierre.
AR19: SUMATORIA | BG19: NO CUMPLE
A21: 4.3.2. PERSONAL MÍNIMO REQUERIDO:
A23: P E R S O N A L M I N I M O R E Q U E R I D O .
A24: NOMBRES Y APELLIDOS | G24: HOJA DE VIDA SI /NO | J24: CEDULA CIUDADANIA | M24: TITULO PROFESIONAL | Q24: FECHA GRADO | T24: Copia de la Tarjeta o matricula profesional vigente | Y24: Certificado de vigencia de la tarjeta profesional | AD24: APORTA TITULO PROFESIONAL | AI24: NOMBRE O RAZON SOCIAL DEL CONTRATANTE | AN24: CERTIFICADO CUMPLE (cargo y/o rol específico y/o objeto, funciones y/o obligaciones y/o actividades desempeñadas relacionadas con el perfil, y el tiempo laborado y/o de ejecución | AS24: EXPERIENCIA RELACIONADA COMO COORDINADOR | AV24: CERTIFICA MISMO PROPONENTE | AY24: APORTA CONTRATO | BB24: APORTA FORMATO EQUIPO DE TRABAJO | BD24: FECHA INICIO | BG24: FECHA FIN | BJ24: AÑO | BK24: MES | BL24: DIA | BM24: TOTAL TIEMPO EXPERIENCIA | BO24: CUMPLE SI/ NO | BR24: OBSERVACIONES
A25: ANA CONSUELO REYES FONSECA | G25: SI | J25: NO | M25: ADMINISTRADOR DE EMPRESAS | Q25: 38184 | T25: SI | Y25: NO | AD25: SI | AI25: FUNDACION FAMILIAS PARA EL PROGRESO (FAPPRO) | AN25: SI | AS25: SI | AV25: NO | AY25: NO APLICA | BB25: SI | BD25: 43739 | BG25: 44925 | BJ25: =DATEDIF(BD25,BG25,"Y") -> 3 | BK25: =DATEDIF(BD25,BG25,"YM") -> 2 | BL25: =DATEDIF(BD25,BG25,"MD") -> 29 | BO25: NO CUMPLE | BR25: El proponente no aportó para el coordinador propuesto: Cédula de ciudadanía Certificado de vigencia de la tarjeta profesional SUBSANACIÓN: Deberá aportar para el coordinador: Cédula de ciudadanía Certificado de vigencia de la tarjeta profesional
BO29: NO CUMPLE
A31: 4.3.3. SEDES
A33: S E D E S
A34: SEDE | G34: DOCUMENTO SOPORTE | M34: EXPEDIDO | Q34: FECHA EXPEDICION | U34: ÚBICACIÓN DEL INMUEBLE | Y34: BOGOTA | AB34: CUMPLE | AE34: CUMPLE SI/ NO | AH34: OBSERVACIONES
A35: ARRENDADA | G35: CONTRATO DE ARRIENDO | M35: KEVIR SAS | Q35: 45318 | U35: BOGOTA | Y35: SI | AB35: NO | AE35: =+IF(AB35="SI","SI CUMPLE","NO CUMPLE") -> NO CUMPLE | AH35: El proponente aportó contrato de arrendamiento de la Oficina 605 Edificio Muisca 1, ubicado en la Carrera 13 A N° 38-82, en el cual según las cláusulas contempladas se evidencia que NO CUMPLE con lo establecido en el Numeral IV Sub numeral 10 del ANEXO No. 1 “ESPECIFICACIONES TÉCNICAS MÍNIMAS ”Disponer de un espacio físico óptimo acorde con la cantidad de funcionarios inscritos por curso, capacitación y/o diplomado y que cuente con buena iluminación y ventilación, así como los espacios comunes y de la logística (i. Computador para las proyecciones que se requieran, ii. Conectividad, iii. Video Beam, iv. Tablero acrílico o papelógrafo, v. Silla y escritorio o pupitre para cada participante, que permita la realización de los cursos y/o diplomados, vi. Para capacitaciones que así lo requieran (GRUPO 2 – Capacitación Análisis y Gestión de la Información estadística) el contratista deberá poner a disposición un (1) computador por cada participante para los eventos de capacitación a llevarse a cabo en Bogotá D.C SUBSANACIÓN: Deberá aportar SEDE que cumpla con las condiciones del numeral 4.3.3 del pliego de condiciones.
AE36: =+AE35 -> NO CUMPLE
A38: 4.3.4. PROPUESTA TÉCNICA
A40: P R O P U E S T A T E C N I C A
A41: ANEXO TÉCNICO – FICHA DE ESPECIFICACIONES TÉCNICAS MÍNIMAS. | G41: CUMPLE | J41: CUMPLE SI/ NO | M41: OBSERVACIONES
A42: El proponente con la suscripción de la Carta de Presentación manifiesta que ha leído entiende, acepta y cumplirá todos los requerimientos establecidos en el Anexo No. 1 Especificaciones Técnicas Mínimas, para realizar todas las actividades y entregables descritos en el citado documento. | G42: SI | J42: =+IF(G42="SI","SI CUMPLE","NO CUMPLE") -> SI CUMPLE | M42: El proponente aporta FORMATO N° 1 DE CARTA DE PRESENTACION DE LA OFERTA en el cual en el literal D "Manifiesta que he leído entiendo, acepto y cumpliré todos los requerimientos establecidos en el ANEXO 1 - FICHA TÉCNICA, para realizar todas las actividades y entregables descritos en el citado documento"
J43: =+J42 -> SI CUMPLE

Sheet LISTA 
A1: SI CUMPLE | C1: SI | E1: PROPIA | G1: CERTIFICADO DE TRADICION Y LIBERTAD
A2: NO CUMPLE | C2: NO | E2: ARRENDADA | G2: CONTRATO DE ARRIENDO
C3: NO APLICA | G3: LEASING
G4: SIMILARES ARRIENDO

Sheet ORIGINAL 
A2: OBJETO | C2: Prestar los servicios de formación y capacitación a los funcionarios de la Superintendencia Nacional de Salud para fortalecer sus competencias, de acuerdo con lo identificado en el Plan Institucional de Capacitación para la vigencia 2024.
A3: GRUPO 1 | C3: Capacitaciones que son de carácter normativo:
A5: TEMATICAS | C5: 1. Actualización en Seguridad Social en salud. | L5: 4. Normatividad sobre gestores farmacéuticos. | W5: 7. Diplomado auditoria forense.
C6: 2. Gestión Financiera en el sector público. | L6: 5. Actualización normativa cobros persuasivos y coactivos. | W6: 8. Sistema Obligatorio de Garantía de la Calidad en Salud.
C7: 3. Actualización Normativa en la función Pública. | L7: 6. Derecho fundamental al debido proceso. | W7: 9. Manejo de recursos en el sector salud.
A9: NOMBRE DEL PROPONENTE | G9: DKDFK
A10: NOMBRE DEL REPRESENTANTE LEGAL | G10: DSFDSF
A11: NIT | G11: 885
A12: MIPYME | G12: NO
A13: PRESUPUESTO OFICIAL | G13: 226.89
A15: 4.3.1. EXPERIENCIA DEL PROPONENTE
A17: E X P E R I E N C I A
A18: NUMERO CONTRATO | D18: CODIGO UNSPC | G18: ENTIDAD CONTRATANTE | Q18: FECHA INICIO | T18: FECHA FIN | W18: OBJETO CONTRACTUAL ("Prestar los servicios de formación y/o capacitación en cualquiera de las tematicas del grupo 1.") | AI18: CAPACITACION RELACIONADA | AL18: APORTA CERTIFICACION | AO18: EJECUTADA EN CONSORCIO O UNION TEMPORAL | AR18: PORCENTAJE DE PARTICIPACION | AU18: VALOR DEL CONTRATO (ser igual o superior a 226,89 SMMLV) | AX18: FOLIO INSCRIPCIÓN DEL CONTRATO EN EL RUP | BA18: RUP VIGENTE Y EN FIRME | BD18: FORMATO RELACIONES DE CERTIFICACIONES SI/ NO | BG18: CUMPLE SI/ NO | BJ18: OBSERVACIONES
AU19: 0 | BA19: NO | BD19: NO | BG19: =+IF(AU22>=G13,"SI CUMPLE","NO CUMPLE") -> NO CUMPLE
AU20: 0 | BA20: NO
AU21: 0
AR22: SUMATORIA | AU22: =SUM(AU19:AW21) -> 0
A24: 4.3.2. PERSONAL MÍNIMO REQUERIDO:
A26: P E R S O N A L M I N I M O R E Q U R I D O .
A27: NOMBRES Y APELLIDOS | G27: HOJA DE VIDA SI /NO | J27: CEDULA CIUDADANIA | M27: TITULO PROFESIONAL | Q27: FECHA GRADO | T27: Copia de la Tarjeta o matricula profesional vigente | Y27: Certificado de vigencia de la tarjeta profesional | AD27: APORTA TITULO PROFESIONAL | AI27: NOMBRE O RAZON SOCIAL DEL CONTRATANTE | AN27: CERTIFICADO CUMPLE (cargo y/o rol específico y/o objeto, funciones y/o obligaciones y/o actividades desempeñadas relacionadas con el perfil, y el tiempo laborado y/o de ejecución | AS27: CERTIFICA MISMO PROPONENTE | AV27: APORTA CONTRATO | AY27: APORTA FORMATO EQUIPO DE TRABAJO | BA27: FECHA INICIO | BD27: FECHA FIN | BG27: AÑO | BH27: MES | BI27: DIA | BJ27: TOTAL TIEMPO EXPERIENCIA | BL27: CUMPLE SI/ NO | BO27: OBSERVACIONES
G28: NO | J28: NO | Y28: SI | AD28: SI | BA28: 44927 | BD28: 45366 | BG28: =DATEDIF(BA28,BD28,"Y") -> 1 | BH28: =DATEDIF(BA28,BD28,"YM") -> 2 | BI28: =DATEDIF(BA28,BD28,"MD") -> 14 | BL28: =+IF(BH32>=24,"SI CUMPLE","NO CUMPLE") -> SI CUMPLE
BE32: TOTAL MESES | BH32: 24
A34: 4.3.3. SEDES
A36: S E D E S
A37: SEDE | G37: DOCUMENTO SOPORTE | M37: EXPEDIDO | Q37: FECHA EXPEDICION | U37: ÚBICACIÓN DEL INMUEBLE | Y37: BOGOTA | AB37: CUMPLE | AE37: CUMPLE SI/ NO | AH37: OBSERVACIONES
A38: PROPIA | Y38: SI | AB38: SI | AE38: =+IF(AB38="SI","SI CUMPLE","NO CUMPLE") -> SI CUMPLE
A41: 4.3.4. PROPUESTA TÉCNICA
A43: P R O P U E S T A T E C N I C A
A44: ANEXO TÉCNICO – FICHA DE ESPECIFICACIONES TÉCNICAS MÍNIMAS. | G44: CUMPLE | J44: CUMPLE SI/ NO | M44: OBSERVACIONES
A45: El proponente con la suscripción de la Carta de Presentación manifiesta que ha leído entiende, acepta y cumplirá todos los requerimientos establecidos en el Anexo No. 1 Especificaciones Técnicas Mínimas, para realizar todas las actividades y entregables descritos en el citado documento. | G45: SI | J45: =+IF(G45="SI","SI CUMPLE","NO CUMPLE") -> SI CUMPLE | M45: El proponente aporta FORMATO N° 1 DE CARTA DE PRESENTACION DE LA OFERTA en el cual en el literal D "Manifiesta que he leído entiendo, acepto y cumpliré todos los requerimientos establecidos en el ANEXO 1 - FICHA TÉCNICA, para realizar todas las actividades y entregables descritos en el citado documento"
